Workbook

Sheet Cover
B2: 2027 Future Energy System Outlook (FESO)
B4: Draft Inputs and Assumptions Workbook
B5: Confidential version
B7: Document Version: | C7: v2
B8: Last Updated: | C8: 18/09/2026
B9: Region: | C9: SWIS
B10: Modelling horizon: | C10: 2027-2050

Sheet Summary
B2: ASSUMPTIONS WORKBOOK SUMMARY
B3: This workbook contains all key assumptions and input data for the draft Future Energy System Outlook modelling studies. It is a compilation of data from a number of sources, listed below. All values in this workbook are 1 June 2026 real dollars except were explicitly noted otherwise. All dates refer to the start of the relevant Capacity Year unless otherwise stated. Year 1 = October 2026
B5: Workbook Structure
B7: Section | C7: Sheet | D7: Description | E7: Source
B8: Scenarios | C8: Scenarios | D8: A description of the scenarios including a high level summary of drivers | E8: EPWA
B9: Demand | C9: Demand summary | D9: An overview of demand scenarios and their components | E9: n/a
C10: Economic factors | D10: Economic and population growth forecasts | E10: WA Tomorrow // economic forecast
C11: Operational | D11: Peak, minimum and consumption forecasts | E11: Modelled output
C12: Underlying | D12: Peak, minimum and consumption forecasts | E12: Modelled output
C13: Large loads | D13: Existing and new large loads | E13: Working Group / industry input
C14: Large load decarbonisation | D14: Decarbonisation of existing industrial and commercial large consumers of fuel | E14: EPWA
C15: Rooftop PV | D15: Rooftop PV uptake | E15: Modelled output by Energeia
C16: BTM storage | D16: Behind the meter storage uptake | E16: Modelled output by Energeia
C17: Demand response | D17: Virtual power plants / controllable consumer energy resources and demand side programme (DSP) | E17: DSP: AEMO 2026 WEM ESOO
C18: EVs | D18: Electric Vehicle uptake | E18: Modelled output by Energeia
C19: Efficiency | D19: Energy efficiency forecasts | E19: Energia (confirm Luke)
B20: Technical parameters | C20: Existing and committed | D20: Existing, committed, future generator and storage parameters | E20: Working Group / industry input / TSP 2025
B21: Fuel | C21: Gas availability | D21: Increase in DBGNP capacity as a result of electrification | E21: EPWA
C22: Fuel prices | D22: Fuel prices for various technologies | E22: Rystad/Energy Quest / Appproach
B23: New entrant | C23: New entrant capex | D23: Capital costs for new entrant technologies modelled | E23: CSIRO GenCost 2025-2026 final
C24: New entrant parameters | D24: Parameters for new entrant technologies modelled | E24: AEMO 2026 ISP inputs and assumptions workbook
C25: Regional cost multiplier | D25: Cost of operating in more remote regions | E25: EPWA
C26: Build constraints | D26: Build limits per zone and technology, lead times (available from), capacity factors | E26: EPWA
C27: Connection costs | D27: Cost of connecting new entrant technologies by size bracket | E27: Western Power - tbc
B28: Network | C28: Network topology | D28: A description of the network zones used in the modelling | E28: Western Power - tbc
B29: Financial assumptions | C29: Finance | D29: Discount rate used for modelling, inflation assumption | E29: Inflation
C30: Policy cost inputs | D30: Carbon costs used for sensitivity analysis and Value of customer reliability | E30: VCR

Sheet Scenarios
B1: Back to summary
B2: Summary of scenarios
B3: Summary description of scenarios for the Draft 2027 FESO
B5: Overview of scenarios
B7: Assumption | C7: Constrained | D7: Expected | E7: Rapid change
B9: Scenario
B10: Description | C10: Constrained assumes weaker economic conditions and softer climate ambition, resulting in slower population growth and limited new industry development | D10: Expected reflects current policies and trends with some alignment to the WEM ESOO 2026 for at least 5 years | E10: Rapid Change is driven by faster decarbonisation, strong economic growth and high commodity demand, accelerating economic, population and industrial growth
B12: Category
B13: IEA World Energy Outlook scenario alignment
B14: Economic growth, and demographic changes
B15: Decarbonisation policy and electrification in the SWIS
B16: New industries (data centres, green iron or hydrogen)
B17: Industrial load flexibility
B18: Distributed Energy Resources (DER)
B19: Coordinated DER
B20: Energy efficiency
B21: Natural gas cost and supply*
B22: Supply chain constraints

Sheet Demand parameters
B1: Back to summary
B2: Demand core parameters
B3: Scenario descriptions and parameters for distribution core modelling (households and small business) Source: Energeia
B5: Demand forecast parameters for distribution core modelling
B7: Setting | C7: Constrained | D7: Central | E7: Rapid Change
B9: Description | C9: A lower-growth scenario characterised by weaker economic and population growth, slower electrification and CER adoption, and more constrained infrastructure development. Cost-of-living, technology and supply-chain pressures limit customer investment, while VPP participation and coordinated CER operation develop later and at a lower level than under the Expected and Rapid Change scenarios. DSO-controlled VPP operation does not occur. | D9: The central scenario, representing the expected progression of economic and population growth, electrification, CER adoption and enabling infrastructure under anticipated market and policy conditions. VPP participation develops progressively, with coordinated CER becoming an increasingly viable resource for customers and the distribution system. DSO-controlled VPP operation does not occur. | E9: A higher-growth scenario characterised by stronger economic and population growth, accelerated electrification, more favourable technology economics and faster CER adoption. VPP participation and coordinated CER operation develop earlier and at greater scale, supported by stronger incentives and earlier deployment of enabling infrastructure. DSO-controlled VPP operation does not occur.
B11: Electric Vehicles | C11: Price parity between internal combustion engines and electric vehicles is achieved later due to a cost premium of 20% applied to electric vehicles relative to the central scenario. Charing infrastructure availability reaches 80% by 2042 with no additional policies driving uptake. Model availability continues to rapidly improve including in heavier vehicles with 90% of model types available by 2045. | D11: Price parity in the Central scenario occurs from the start. Charing infrastructure avilability reaches 90% by 2037 with further policy responses to increas uptake implemented from 2045. Model availability continues to rapidly improve including in heavier vehicles with 90% of model types available by 2035. | E11: Electric vehicles are discounted 20% relative to the central scenario improving the economic case to purchase electric vehicles. Charing infrastructure avilability reaches 95% by 2032 with further policy responses to increas uptake implemented from 2045. Model availability continues to rapidly improve including in heavier vehicles with 90% of model types available by 2030.
B13: Solar PV and Storage | C13: Value claimed through the Smallscale Renewable Energy Schem reduces to zero by 2030 and connection limits are raised to 30KVA. Storage subsidies continue for a shorter period of time. Dynamic operating envelopes commence from 2031 with a limit of 5kW. Customer propensity to invest is less and feed-in tariffs decline further. | D13: Value claimed through the Smallscale Renewable Energy Schem reduces to zero by 2030 and connection limits are raised to 30KVA. Storage subsidies continue for a time and then decline. Dynamic operating envelopes commence from 2028 with a limit rising to 10KW by 2030 and 15kW by 2040. Customer propensity to invest follows current trends and feed-in tariffs remain as they are. | E13: Value claimed through the Smallscale Renewable Energy Schem reduces to zero by 2030 and connection limits are raised to 30KVA. Storage subsidies continue for a longer period of time. Dynamic operating envelopes commence from 2026 with an export limit rising to 10KW by 2027 and 15kW by 2035. Customer propensity to invest is greater and feed-in tariffs increase a small amount.
B15: Coordination | C15: Coordination is not modelled in distribution forecasts, reference MISA methodology.
B17: Appliances | C17: Appliance and energy efficient appliance costs follow expected trends. | D17: Appliance and energy efficient appliance costs follow expected trends with policy driving more rapid appliance electrification from 2045. | E17: Appliance and energy efficient appliance costs are less costly than expected and with policy drives more rapid appliance electrification from 2040.
B19: Population | C19: WA Tomorrow Band A | D19: WA Tomorrow Band C | E19: WA Tomorrow Band E

Sheet Economic factors
B1: Back to summary
B2: Economics factors
B3: Economic growth assumptions used in the demand forecasts
B5: Economic growth forecasts (%)
B6: Source: EPWA analysis
B7: Scenario | C7: 2026 | D7: 2027 | E7: 2028 | F7: 2029 | G7: 2030 | H7: 2031 | I7: 2032 | J7: 2033 | K7: 2034 | L7: 2035 | M7: 2036 | N7: 2037 | O7: 2038 | P7: 2039 | Q7: 2040 | R7: 2041 | S7: 2042 | T7: 2043 | U7: 2044 | V7: 2045 | W7: 2046 | X7: 2047 | Y7: 2048 | Z7: 2049 | AA7: 2050
B8: Constrained | C8: 0.0125 | D8: 0.0125 | E8: 0.0125 | F8: 0.0125 | G8: 0.0125 | H8: 0.0125 | I8: 0.0125 | J8: 0.0125 | K8: 0.0125 | L8: 0.0125 | M8: 0.0125 | N8: 0.015 | O8: 0.015 | P8: 0.015 | Q8: 0.015 | R8: 0.015 | S8: 0.015 | T8: 0.015 | U8: 0.015 | V8: 0.015 | W8: 0.015 | X8: 0.015 | Y8: 0.015 | Z8: 0.015 | AA8: 0.015
B9: Expected | C9: 0.02 | D9: 0.02 | E9: 0.02 | F9: 0.02 | G9: 0.02 | H9: 0.02 | I9: 0.02 | J9: 0.02 | K9: 0.02 | L9: 0.02 | M9: 0.02 | N9: 0.02 | O9: 0.02 | P9: 0.02 | Q9: 0.02 | R9: 0.02 | S9: 0.02 | T9: 0.02 | U9: 0.02 | V9: 0.02 | W9: 0.02 | X9: 0.02 | Y9: 0.02 | Z9: 0.02 | AA9: 0.02
B10: Rapid change | C10: 0.03 | D10: 0.03 | E10: 0.03 | F10: 0.03 | G10: 0.03 | H10: 0.03 | I10: 0.03 | J10: 0.03 | K10: 0.03 | L10: 0.03 | M10: 0.03 | N10: 0.03 | O10: 0.03 | P10: 0.03 | Q10: 0.03 | R10: 0.03 | S10: 0.03 | T10: 0.03 | U10: 0.03 | V10: 0.03 | W10: 0.03 | X10: 0.03 | Y10: 0.03 | Z10: 0.03 | AA10: 0.03
B13: Population growth forecasts (%)
B14: Source: WA Tomorrow
B15: Scenario | C15: 2026 | D15: 2027 | E15: 2028 | F15: 2029 | G15: 2030 | H15: 2031 | I15: 2032 | J15: 2033 | K15: 2034 | L15: 2035 | M15: 2036 | N15: 2037 | O15: 2038 | P15: 2039 | Q15: 2040 | R15: 2041 | S15: 2042 | T15: 2043 | U15: 2044 | V15: 2045 | W15: 2046 | X15: 2047 | Y15: 2048 | Z15: 2049 | AA15: 2050
B16: BAND A - Constrained | C16: 1.005313 | D16: 1.0075541 | E16: 1.0072459 | F16: 1.0069748 | G16: 1.0066394 | H16: 1.0064116 | I16: 1.0054585 | J16: 1.005172 | K16: 1.0049297 | L16: 1.0046562 | M16: 1.0044193 | N16: 1.002581 | O16: 1.0048739 | P16: 1.004849 | Q16: 1.0048266 | R16: 1.0048027 | S16: 1.0047779 | T16: 1.0047577 | U16: 1.0047348 | V16: 1.0047122 | W16: 1.0046904 | X16: 1.0046688 | Y16: 1.0046459 | Z16: 1.0046238 | AA16: 1.0046028
B17: BAND C - Expected | C17: 1.0168283 | D17: 1.0168273 | E17: 1.016607 | F17: 1.0163929 | G17: 1.0161941 | H17: 1.0160129 | I17: 1.0158075 | J17: 1.0156301 | K17: 1.0154849 | L17: 1.0153354 | M17: 1.0151778 | N17: 1.015074 | O17: 1.0145275 | P17: 1.0143187 | Q17: 1.0141182 | R17: 1.0139211 | S17: 1.0137289 | T17: 1.0135435 | U17: 1.0133605 | V17: 1.0131871 | W17: 1.0130162 | X17: 1.0128465 | Y17: 1.0126833 | Z17: 1.0125278 | AA17: 1.0123695
B18: BAND E - Rapid | C18: 1.0273945 | D18: 1.0251315 | E18: 1.0248573 | F18: 1.0245672 | G18: 1.0243123 | H18: 1.0240503 | I18: 1.0243255 | J18: 1.024067 | K18: 1.0238393 | L18: 1.02364 | M18: 1.0234052 | N18: 1.0215441 | O18: 1.0212909 | P18: 1.0208466 | Q18: 1.0204207 | R18: 1.0200143 | S18: 1.0196196 | T18: 1.0192429 | U18: 1.0188773 | V18: 1.0185288 | W18: 1.0181909 | X18: 1.0178693 | Y18: 1.0175528 | Z18: 1.0172514 | AA18: 1.0169569
B20: Connection growth forecasts (number)
B21: Source: Energeia
B22: SCENARIO_NAME | C22: 2026 | D22: 2027 | E22: 2028 | F22: 2029 | G22: 2030 | H22: 2031 | I22: 2032 | J22: 2033 | K22: 2034 | L22: 2035 | M22: 2036 | N22: 2037 | O22: 2038 | P22: 2039 | Q22: 2040 | R22: 2041 | S22: 2042 | T22: 2043 | U22: 2044 | V22: 2045 | W22: 2046 | X22: 2047 | Y22: 2048 | Z22: 2049 | AA22: 2050
B23: FESO 2027.CONSTRAINED.4.NO_VPP_MLv2 | C23: 1231435 | D23: 1240428 | E23: 1248401 | F23: 1256351 | G23: 1265222 | H23: 1302208 | I23: 1338575 | J23: 1375228 | K23: 1411672 | L23: 1447337 | M23: 1456493 | N23: 1467211 | O23: 1475847 | P23: 1486587 | Q23: 1497900 | R23: 1507336 | S23: 1517389 | T23: 1528297 | U23: 1539266 | V23: 1550712 | W23: 1561101 | X23: 1571619 | Y23: 1583331 | Z23: 1593778 | AA23: 1603430
B24: FESO 2027.EXPECTED.4.NO_VPP_MLv2 | C24: 1241867 | D24: 1261700 | E24: 1283220 | F24: 1304460 | G24: 1325497 | H24: 1382269 | I24: 1445926 | J24: 1509041 | K24: 1572588 | L24: 1638944 | M24: 1674728 | N24: 1696782 | O24: 1723365 | P24: 1753997 | Q24: 1780624 | R24: 1807810 | S24: 1834457 | T24: 1862512 | U24: 1890927 | V24: 1919939 | W24: 1950201 | X24: 1979545 | Y24: 2008347 | Z24: 2035424 | AA24: 2061219
B25: FESO 2027.RAPID.4.NO_VPP_MLv2 | C25: 1253841 | D25: 1282688 | E25: 1314850 | F25: 1347096 | G25: 1380493 | H25: 1439438 | I25: 1505263 | J25: 1569063 | K25: 1635456 | L25: 1702107 | M25: 1744697 | N25: 1781220 | O25: 1817402 | P25: 1858461 | Q25: 1895259 | R25: 1933030 | S25: 1970619 | T25: 2010485 | U25: 2048517 | V25: 2086611 | W25: 2121896 | X25: 2155670 | Y25: 2196491 | Z25: 2233572 | AA25: 2270817

Sheet Operational
B1: Back to summary
B2: Operational demand assumptions
B3: Yearly peak and minimum operational demand, total consumption per zone and scenario
B5: Peak operational demand (MW)
B6: Source: Energeia
B7: SCENARIO_NAME | C7: NODE | D7: 2026 | E7: 2027 | F7: 2028 | G7: 2029 | H7: 2030 | I7: 2031 | J7: 2032 | K7: 2033 | L7: 2034 | M7: 2035 | N7: 2036 | O7: 2037 | P7: 2038 | Q7: 2039 | R7: 2040 | S7: 2041 | T7: 2042 | U7: 2043 | V7: 2044 | W7: 2045 | X7: 2046 | Y7: 2047 | Z7: 2048 | AA7: 2049 | AB7: 2050
B8: FESO 2027.CONSTRAINED.4.NO_VPP_MLv2 | C8: CD | D8: 196.24 | E8: 198.73 | F8: 202.38 | G8: 204.28 | H8: 205.82 | I8: 221.71 | J8: 228.18 | K8: 240.82 | L8: 252.25 | M8: 264.38 | N8: 267.55 | O8: 267.32 | P8: 270.43 | Q8: 273.5 | R8: 279.94 | S8: 275.69 | T8: 273.98 | U8: 274.28 | V8: 256.27 | W8: 250.26 | X8: 258.44 | Y8: 263.68 | Z8: 259.02 | AA8: 265.02 | AB8: 265.06
B9: FESO 2027.CONSTRAINED.4.NO_VPP_MLv2 | C9: CM | D9: 44.27 | E9: 44.84 | F9: 45.46 | G9: 45.9 | H9: 46.87 | I9: 47.95 | J9: 48.92 | K9: 50.24 | L9: 51.59 | M9: 52.23 | N9: 52.89 | O9: 52.79 | P9: 52.95 | Q9: 53.47 | R9: 54.01 | S9: 54.78 | T9: 55.63 | U9: 56.52 | V9: 58 | W9: 57.74 | X9: 59.61 | Y9: 61.86 | Z9: 63.56 | AA9: 65.4 | AB9: 67.27
B10: FESO 2027.CONSTRAINED.4.NO_VPP_MLv2 | C10: EG | D10: 184.39 | E10: 186.75 | F10: 187.24 | G10: 190.04 | H10: 191.93 | I10: 196.15 | J10: 200.89 | K10: 204.58 | L10: 208.26 | M10: 208.52 | N10: 211.72 | O10: 210.81 | P10: 215.18 | Q10: 215.75 | R10: 218.75 | S10: 223.25 | T10: 226.02 | U10: 229.94 | V10: 234.79 | W10: 228.63 | X10: 236.01 | Y10: 241.96 | Z10: 251.59 | AA10: 261.78 | AB10: 272.13
B11: FESO 2027.CONSTRAINED.4.NO_VPP_MLv2 | C11: GL | D11: 228.72 | E11: 265.83 | F11: 268.54 | G11: 270.03 | H11: 267.88 | I11: 272.19 | J11: 275.34 | K11: 281.96 | L11: 284.39 | M11: 287.58 | N11: 288.4 | O11: 338.98 | P11: 340.48 | Q11: 341.58 | R11: 344.29 | S11: 347.01 | T11: 347.09 | U11: 346.62 | V11: 337.71 | W11: 335.12 | X11: 343.95 | Y11: 348.52 | Z11: 348.87 | AA11: 355.68 | AB11: 357.91
B12: FESO 2027.CONSTRAINED.4.NO_VPP_MLv2 | C12: GS | D12: 63.34 | E12: 63.41 | F12: 64.57 | G12: 65.39 | H12: 67.06 | I12: 70.38 | J12: 74.23 | K12: 80.37 | L12: 84.75 | M12: 88.37 | N12: 91.08 | O12: 90.85 | P12: 92.43 | Q12: 92.53 | R12: 103.45 | S12: 114.99 | T12: 126.57 | U12: 136.57 | V12: 147.79 | W12: 144.3 | X12: 147.29 | Y12: 149.06 | Z12: 149.62 | AA12: 151.91 | AB12: 152.75
B13: FESO 2027.CONSTRAINED.4.NO_VPP_MLv2 | C13: KD | D13: 18.58 | E13: 18.87 | F13: 18.99 | G13: 19.16 | H13: 18.74 | I13: 19.25 | J13: 19.77 | K13: 20.34 | L13: 21.02 | M13: 21.06 | N13: 21.22 | O13: 20.72 | P13: 20.61 | Q13: 20.91 | R13: 21.34 | S13: 21.88 | T13: 22.32 | U13: 22.87 | V13: 23.53 | W13: 22.61 | X13: 23.31 | Y13: 23.96 | Z13: 24.78 | AA13: 26.04 | AB13: 27.24
B14: FESO 2027.CONSTRAINED.4.NO_VPP_MLv2 | C14: KM | D14: 397.5 | E14: 399.34 | F14: 405.33 | G14: 409.8 | H14: 419.56 | I14: 431.1 | J14: 420.36 | K14: 435.33 | L14: 449.58 | M14: 458.86 | N14: 469.44 | O14: 473.38 | P14: 485.61 | Q14: 494.18 | R14: 498.73 | S14: 511.09 | T14: 513.86 | U14: 522.07 | V14: 527.59 | W14: 538.01 | X14: 556.28 | Y14: 569.4 | Z14: 580.58 | AA14: 596.16 | AB14: 609.68
B15: FESO 2027.CONSTRAINED.4.NO_VPP_MLv2 | C15: KW | D15: 127.26 | E15: 129.39 | F15: 158.16 | G15: 160.6 | H15: 162.61 | I15: 166.3 | J15: 170.29 | K15: 176.14 | L15: 181.47 | M15: 328.97 | N15: 320.22 | O15: 316.86 | P15: 316.65 | Q15: 321.71 | R15: 323.22 | S15: 326.33 | T15: 336.03 | U15: 341.1 | V15: 333.12 | W15: 342.14 | X15: 357.68 | Y15: 370.25 | Z15: 382.94 | AA15: 387.01 | AB15: 392.55
B16: FESO 2027.CONSTRAINED.4.NO_VPP_MLv2 | C16: MC | D16: 503.99 | E16: 503.13 | F16: 511.55 | G16: 511.9 | H16: 519.62 | I16: 530.13 | J16: 546.55 | K16: 564.64 | L16: 578.92 | M16: 595.67 | N16: 601.1 | O16: 606.2 | P16: 609.49 | Q16: 606.64 | R16: 605.24 | S16: 600.92 | T16: 598.18 | U16: 602.51 | V16: 599.02 | W16: 589.45 | X16: 591.05 | Y16: 597.87 | Z16: 599.32 | AA16: 604.1 | AB16: 602.71
B17: FESO 2027.CONSTRAINED.4.NO_VPP_MLv2 | C17: MD | D17: 26.21 | E17: 26.54 | F17: 26.91 | G17: 27.17 | H17: 26.95 | I17: 27.7 | J17: 28.63 | K17: 29.87 | L17: 31.17 | M17: 32.16 | N17: 32.44 | O17: 31.4 | P17: 31.21 | Q17: 31.53 | R17: 32.21 | S17: 32.83 | T17: 33.35 | U17: 33.87 | V17: 34.24 | W17: 31.81 | X17: 32.4 | Y17: 33.57 | Z17: 34.66 | AA17: 35.68 | AB17: 37.19
B18: FESO 2027.CONSTRAINED.4.NO_VPP_MLv2 | C18: MN | D18: 777.15 | E18: 776.83 | F18: 786.76 | G18: 794.25 | H18: 802.62 | I18: 825.36 | J18: 847.2 | K18: 874.71 | L18: 899.38 | M18: 915.56 | N18: 926.94 | O18: 938.1 | P18: 939.91 | Q18: 928.78 | R18: 934.94 | S18: 902.97 | T18: 876.66 | U18: 870.02 | V18: 869.22 | W18: 854.35 | X18: 863.5 | Y18: 870.53 | Z18: 853.11 | AA18: 860.95 | AB18: 849.92
... B79: FESO 2027.RAPID.4.NO_VPP_MLv2 | C79: WL | D79: 149.56 | E79: 150.5 | F79: 152.22 | G79: 153.03 | H79: 154.12 | I79: 156.67 | J79: 169.18 | K79: 182.53 | L79: 197.45 | M79: 213.86 | N79: 221.29 | O79: 230.91 | P79: 240.34 | Q79: 248.04 | R79: 255.56 | S79: 262.13 | T79: 269.38 | U79: 277.69 | V79: 286.3 | W79: 292.67 | X79: 302.22 | Y79: 307.06 | Z79: 314.13 | AA79: 314.57 | AB79: 318.14
B81: Minimum operational demand (MW)
B82: Source: Energeia
B83: SCENARIO_NAME | C83: NODE | D83: 2026 | E83: 2027 | F83: 2028 | G83: 2029 | H83: 2030 | I83: 2031 | J83: 2032 | K83: 2033 | L83: 2034 | M83: 2035 | N83: 2036 | O83: 2037 | P83: 2038 | Q83: 2039 | R83: 2040 | S83: 2041 | T83: 2042 | U83: 2043 | V83: 2044 | W83: 2045 | X83: 2046 | Y83: 2047 | Z83: 2048 | AA83: 2049 | AB83: 2050
B84: FESO 2027.CONSTRAINED.4.NO_VPP_MLv2 | C84: CD | D84: -74.79 | E84: -76.84 | F84: -76.98 | G84: -77.72 | H84: -84.45 | I84: -86.93 | J84: -100.23 | K84: -103.3 | L84: -111.24 | M84: -113.54 | N84: -131.72 | O84: -169.89 | P84: -182.83 | Q84: -226.16 | R84: -242.75 | S84: -260.04 | T84: -284.37 | U84: -295.35 | V84: -350.48 | W84: -387.11 | X84: -396.64 | Y84: -405.16 | Z84: -417.56 | AA84: -433.32 | AB84: -447.74
B85: FESO 2027.CONSTRAINED.4.NO_VPP_MLv2 | C85: CM | D85: 11 | E85: 9.49 | F85: 9.56 | G85: 9.56 | H85: 8.68 | I85: 8.4 | J85: 8.15 | K85: 7.7 | L85: 7.63 | M85: 5.21 | N85: 4.27 | O85: 0.02 | P85: -0.63 | Q85: -3.72 | R85: -6.09 | S85: -8.46 | T85: -10.66 | U85: -12.9 | V85: -15.55 | W85: -22.1 | X85: -23.17 | Y85: -23.8 | Z85: -26.1 | AA85: -27.7 | AB85: -29.73
B86: FESO 2027.CONSTRAINED.4.NO_VPP_MLv2 | C86: EG | D86: 6.89 | E86: 7.41 | F86: 7.73 | G86: 8.2 | H86: 3.94 | I86: 5.05 | J86: 6.26 | K86: 6.51 | L86: 7.4 | M86: -1.22 | N86: -2.97 | O86: -15.37 | P86: -14.81 | Q86: -18.11 | R86: -21 | S86: -24.51 | T86: -26.01 | U86: -31.6 | V86: -35.42 | W86: -54.41 | X86: -53.04 | Y86: -55.01 | Z86: -60.36 | AA86: -63.6 | AB86: -66.68
B87: FESO 2027.CONSTRAINED.4.NO_VPP_MLv2 | C87: GL | D87: 0.73 | E87: 29.89 | F87: 29.41 | G87: 27.69 | H87: 22.66 | I87: 20.41 | J87: 14.18 | K87: 11.21 | L87: 6.64 | M87: 2.98 | N87: -10.9 | O87: 26.91 | P87: 20.26 | Q87: -13.24 | R87: -22.7 | S87: -33.27 | T87: -50.96 | U87: -55.59 | V87: -79.15 | W87: -102.82 | X87: -105.69 | Y87: -109.45 | Z87: -122.27 | AA87: -128.97 | AB87: -134.67
B88: FESO 2027.CONSTRAINED.4.NO_VPP_MLv2 | C88: GS | D88: 11.54 | E88: 10.5 | F88: 10.83 | G88: 10.98 | H88: 11.38 | I88: 11.05 | J88: 9.13 | K88: 8.42 | L88: 8.74 | M88: 7.3 | N88: 3.78 | O88: 1.5 | P88: -0.93 | Q88: -12.89 | R88: -5.84 | S88: -0.09 | T88: 9.02 | U88: 13.25 | V88: 12.12 | W88: 3.37 | X88: -9.02 | Y88: -11.1 | Z88: -11.27 | AA88: -15.77 | AB88: -19.4
B89: FESO 2027.CONSTRAINED.4.NO_VPP_MLv2 | C89: KD | D89: 1.39 | E89: 1.46 | F89: 1.53 | G89: 1.58 | H89: 0.76 | I89: 0.79 | J89: 0.83 | K89: 0.85 | L89: 0.77 | M89: -1.16 | N89: -1.51 | O89: -4.73 | P89: -5.39 | Q89: -6.21 | R89: -6.97 | S89: -8.35 | T89: -9.2 | U89: -10.1 | V89: -11.89 | W89: -17.75 | X89: -17.85 | Y89: -18.99 | Z89: -20.34 | AA89: -21.52 | AB89: -22.51
B90: FESO 2027.CONSTRAINED.4.NO_VPP_MLv2 | C90: KM | D90: 108.62 | E90: 108.17 | F90: 110.66 | G90: 111.22 | H90: 113.3 | I90: 112.3 | J90: 97.96 | K90: 97.34 | L90: 98.4 | M90: 96.71 | N90: 92.19 | O90: 73.06 | P90: 68.16 | Q90: 14.26 | R90: -1.86 | S90: -9.84 | T90: -12.09 | U90: -43.32 | V90: -77 | W90: -105.15 | X90: -139.58 | Y90: -141.78 | Z90: -125.59 | AA90: -135.54 | AB90: -142.99
B91: FESO 2027.CONSTRAINED.4.NO_VPP_MLv2 | C91: KW | D91: -3.36 | E91: -3.12 | F91: 12.51 | G91: 12.44 | H91: 13.02 | I91: 12.23 | J91: 5.86 | K91: 5.48 | L91: 0.69 | M91: 62.51 | N91: 53.65 | O91: 42.86 | P91: 36.51 | Q91: 34.46 | R91: 29.71 | S91: 3.56 | T91: 4.45 | U91: 1.96 | V91: -8.62 | W91: -28.03 | X91: -27.36 | Y91: -25.48 | Z91: -22.09 | AA91: -19.13 | AB91: -23.69
B92: FESO 2027.CONSTRAINED.4.NO_VPP_MLv2 | C92: MC | D92: 60.66 | E92: 49.02 | F92: 52.67 | G92: 50.25 | H92: 48.53 | I92: 41.88 | J92: 45.19 | K92: 40.4 | L92: 18.21 | M92: 4.84 | N92: -11.18 | O92: -20.24 | P92: -36.72 | Q92: -67.18 | R92: -88 | S92: -122.54 | T92: -170.16 | U92: -187.83 | V92: -239.9 | W92: -298.31 | X92: -316.34 | Y92: -314.04 | Z92: -335.09 | AA92: -360.31 | AB92: -394.27
B93: FESO 2027.CONSTRAINED.4.NO_VPP_MLv2 | C93: MD | D93: 3.01 | E93: 3.09 | F93: 3.18 | G93: 3.26 | H93: 3.42 | I93: 3.49 | J93: 3.53 | K93: 3.11 | L93: 3.04 | M93: 0.91 | N93: 0.14 | O93: -5.4 | P93: -6.59 | Q93: -7.53 | R93: -8.58 | S93: -10.29 | T93: -11.08 | U93: -12.13 | V93: -14.1 | W93: -22.94 | X93: -22.84 | Y93: -24.47 | Z93: -26.22 | AA93: -27.83 | AB93: -28.84
B94: FESO 2027.CONSTRAINED.4.NO_VPP_MLv2 | C94: MN | D94: -134.13 | E94: -159.92 | F94: -155.89 | G94: -154.74 | H94: -159.25 | I94: -167.97 | J94: -171.86 | K94: -183.46 | L94: -215.89 | M94: -242.83 | N94: -278.36 | O94: -317.26 | P94: -365.22 | Q94: -471.43 | R94: -507.06 | S94: -613.49 | T94: -711.7 | U94: -769.14 | V94: -921.11 | W94: -1048.93 | X94: -1106.75 | Y94: -1110.51 | Z94: -1197.43 | AA94: -1256.73 | AB94: -1312.72
... B155: FESO 2027.RAPID.4.NO_VPP_MLv2 | C155: WL | D155: 7.84 | E155: 7.92 | F155: 7.9 | G155: 7.92 | H155: 7.97 | I155: 7.75 | J155: 8.05 | K155: 8.58 | L155: 9.25 | M155: 10.03 | N155: 10.31 | O155: 9.97 | P155: 9.9 | Q155: 9.33 | R155: 9.34 | S155: 9.21 | T155: 9.06 | U155: 8.49 | V155: 8.57 | W155: 7.46 | X155: 7.59 | Y155: 6.83 | Z155: 6.31 | AA155: 6.27 | AB155: 5.93
B157: Operational consumption (MWh)
B158: Source: Energeia
B159: SCENARIO_NAME | C159: NODE | D159: 2026 | E159: 2027 | F159: 2028 | G159: 2029 | H159: 2030 | I159: 2031 | J159: 2032 | K159: 2033 | L159: 2034 | M159: 2035 | N159: 2036 | O159: 2037 | P159: 2038 | Q159: 2039 | R159: 2040 | S159: 2041 | T159: 2042 | U159: 2043 | V159: 2044 | W159: 2045 | X159: 2046 | Y159: 2047 | Z159: 2048 | AA159: 2049 | AB159: 2050
B160: FESO 2027.CONSTRAINED.4.NO_VPP_MLv2 | C160: CD | D160: 392123.65 | E160: 395880.38 | F160: 408953.08 | G160: 411854.36 | H160: 399707.54 | I160: 428936.19 | J160: 423019.66 | K160: 445122.67 | L160: 450216.5 | M160: 477039.21 | N160: 442662.89 | O160: 347077.49 | P160: 325835.14 | Q160: 236688.55 | R160: 215167.75 | S160: 181492.89 | T160: 127636.24 | U160: 103644.99 | V160: -75375.835 | W160: -164594.13 | X160: -162711.31 | Y160: -169400.36 | Z160: -197741.76 | AA160: -212164.98 | AB160: -239568.92
B161: FESO 2027.CONSTRAINED.4.NO_VPP_MLv2 | C161: CM | D161: 259986.85 | E161: 257332.02 | F161: 260325.32 | G161: 261644.82 | H161: 260538.57 | I161: 264717.74 | J161: 270116.69 | K161: 273661.2 | L161: 280280.22 | M161: 278993.03 | N161: 279854.07 | O161: 269539.22 | P161: 268399.51 | Q161: 262736.02 | R161: 260681.59 | S161: 259104.48 | T161: 258463.67 | U161: 257665.6 | V161: 258824.39 | W161: 241238.37 | X161: 246215.12 | Y161: 254482.99 | Z161: 257900.9 | AA161: 263597.8 | AB161: 267841.07
B162: FESO 2027.CONSTRAINED.4.NO_VPP_MLv2 | C162: EG | D162: 1161093.9 | E162: 1172992.6 | F162: 1186047.8 | G162: 1193959.1 | H162: 1186386.3 | I162: 1206737.5 | J162: 1232491.3 | K162: 1247340.4 | L162: 1268955.5 | M162: 1262249.6 | N162: 1275679.7 | O162: 1248601.9 | P162: 1249103.5 | Q162: 1259898.1 | R162: 1277773 | S162: 1294986.6 | T162: 1319374 | U162: 1334788.6 | V162: 1360821.7 | W162: 1293503.6 | X162: 1343117.2 | Y162: 1388180.1 | Z162: 1427191.5 | AA162: 1471631.4 | AB162: 1524648.8
B163: FESO 2027.CONSTRAINED.4.NO_VPP_MLv2 | C163: GL | D163: 827113.59 | E163: 1202710.3 | F163: 1215079.6 | G163: 1214083.5 | H163: 1202261.3 | I163: 1215402.2 | J163: 1228116.7 | K163: 1240436.2 | L163: 1245539.5 | M163: 1259392.8 | N163: 1251961 | O163: 1698338 | P163: 1696104.1 | Q163: 1637000.7 | R163: 1632653.4 | S163: 1616628.4 | T163: 1583555.9 | U163: 1578638.9 | V163: 1512972.8 | W163: 1460182.6 | X163: 1479341.3 | Y163: 1490174.8 | Z163: 1476192.1 | AA163: 1478745.1 | AB163: 1472848.9
B164: FESO 2027.CONSTRAINED.4.NO_VPP_MLv2 | C164: GS | D164: 276263.59 | E164: 274877.48 | F164: 280958.56 | G164: 284424.18 | H164: 290245.36 | I164: 303011.77 | J164: 310427.85 | K164: 328614.08 | L164: 348779.66 | M164: 363852.2 | N164: 361963.9 | O164: 359460.44 | P164: 361194.09 | Q164: 338424.41 | R164: 419646.31 | S164: 502346.05 | T164: 595885.92 | U164: 677592.38 | V164: 747720.58 | W164: 719395.58 | X164: 689800.36 | Y164: 690932.68 | Z164: 690793.68 | AA164: 689465.64 | AB164: 687079.44
B165: FESO 2027.CONSTRAINED.4.NO_VPP_MLv2 | C165: KD | D165: 102348.29 | E165: 103429.34 | F165: 104457.01 | G165: 105091.01 | H165: 103645.35 | I165: 105538.8 | J165: 107841.51 | K165: 110321.19 | L165: 112730.74 | M165: 110884.08 | N165: 111345.22 | O165: 104413.41 | P165: 102885.87 | Q165: 102746.12 | R165: 103126.73 | S165: 102808.64 | T165: 103568.66 | U165: 104377.54 | V165: 104210.89 | W165: 88745.575 | X165: 92809.805 | Y165: 96516.48 | Z165: 99260.62 | AA165: 102596.96 | AB165: 106316.95
B166: FESO 2027.CONSTRAINED.4.NO_VPP_MLv2 | C166: KM | D166: 2183147.7 | E166: 2197761.6 | F166: 2232178.9 | G166: 2252539.4 | H166: 2280345 | I166: 2325391.8 | J166: 2314713.2 | K166: 2367658.7 | L166: 2426975.9 | M166: 2476030 | N166: 2513725.3 | O166: 2496352.2 | P166: 2535325.2 | Q166: 2431656.9 | R166: 2397213.8 | S166: 2425907.9 | T166: 2481461.4 | U166: 2449130.7 | V166: 2418624.5 | W166: 2354333.8 | X166: 2351983.5 | Y166: 2415364.6 | Z166: 2490324.6 | AA166: 2561486.5 | AB166: 2637877.7
B167: FESO 2027.CONSTRAINED.4.NO_VPP_MLv2 | C167: KW | D167: 547802.11 | E167: 556969.77 | F167: 736241.8 | G167: 742671.15 | H167: 745208.2 | I167: 758581.41 | J167: 759845.72 | K167: 776897.3 | L167: 786723.23 | M167: 1569231.3 | N167: 1555785.2 | O167: 1544802.5 | P167: 1546399.8 | Q167: 1591723.5 | R167: 1624018.2 | S167: 1597739.5 | T167: 1650053.1 | U167: 1688447.2 | V167: 1690876.2 | W167: 1701331 | X167: 1789608.4 | Y167: 1874148.8 | Z167: 1971713.4 | AA167: 2018887.6 | AB167: 2029325.6
B168: FESO 2027.CONSTRAINED.4.NO_VPP_MLv2 | C168: MC | D168: 1819705.1 | E168: 1819036.5 | F168: 1861640 | G168: 1869339.7 | H168: 1896455.9 | I168: 1941460.9 | J168: 2018158 | K168: 2058563.7 | L168: 2076705 | M168: 2110041.9 | N168: 2106162.3 | O168: 2105603.4 | P168: 2092738.1 | Q168: 2002112 | R168: 1971182.1 | S168: 1888030 | T168: 1785808.9 | U168: 1781956.3 | V168: 1713155.5 | W168: 1609505.7 | X168: 1609457.5 | Y168: 1623970.1 | Z168: 1593627.5 | AA168: 1577676.5 | AB168: 1508748.1
B169: FESO 2027.CONSTRAINED.4.NO_VPP_MLv2 | C169: MD | D169: 129936.35 | E169: 131859.02 | F169: 133892.27 | G169: 134775.89 | H169: 131770.99 | I169: 135475.23 | J169: 140071.89 | K169: 143031.39 | L169: 147581.99 | M169: 147371.87 | N169: 147786.08 | O169: 135183.87 | P169: 132369.86 | Q169: 132612.11 | R169: 133659.49 | S169: 132564.64 | T169: 133230.49 | U169: 133846.8 | V169: 133336.39 | W169: 107730.05 | X169: 111354.26 | Y169: 114278.96 | Z169: 116713.13 | AA169: 117485.71 | AB169: 121251.32
B170: FESO 2027.CONSTRAINED.4.NO_VPP_MLv2 | C170: MN | D170: 1961868.4 | E170: 1913986.7 | F170: 1959567.8 | G170: 1986352.7 | H170: 2011329.8 | I170: 2069808.7 | J170: 2131393.7 | K170: 2190990.3 | L170: 2225964.5 | M170: 2237332.6 | N170: 2191313.4 | O170: 2134750.6 | P170: 2032874 | Q170: 1716430.3 | R170: 1668448.2 | S170: 1372121.8 | T170: 1117908.8 | U170: 1002390.8 | V170: 677375.3 | W170: 427950.42 | X170: 359716.8 | Y170: 338087.16 | Z170: 136571.06 | AA170: 67977.8 | AB170: -52487.01
... B231: FESO 2027.RAPID.4.NO_VPP_MLv2 | C231: WL | D231: 1002629.9 | E231: 1009077 | F231: 1017732.3 | G231: 1021464.1 | H231: 1027978.6 | I231: 1037329.5 | J231: 1119785.3 | K231: 1200288.4 | L231: 1304389.9 | M231: 1409515.1 | N231: 1462569.7 | O231: 1508348.7 | P231: 1558255.2 | Q231: 1607490.1 | R231: 1660629.4 | S231: 1701509 | T231: 1746636.4 | U231: 1791230.8 | V231: 1841398.4 | W231: 1880447.2 | X231: 1928115.5 | Y231: 1960049.2 | Z231: 1997902.4 | AA231: 2009338 | AB231: 2025224.1

Sheet Underlying
B1: Back to summary
B2: Underlying demand assumptions
B3: Yearly peak and minimum underlying demand, total consumption per zone and scenario
B5: Peak underlying demand (MW)
B6: Source: Energeia
B7: SCENARIO_NAME | C7: NODE | D7: 2026 | E7: 2027 | F7: 2028 | G7: 2029 | H7: 2030 | I7: 2031 | J7: 2032 | K7: 2033 | L7: 2034 | M7: 2035 | N7: 2036 | O7: 2037 | P7: 2038 | Q7: 2039 | R7: 2040 | S7: 2041 | T7: 2042 | U7: 2043 | V7: 2044 | W7: 2045 | X7: 2046 | Y7: 2047 | Z7: 2048 | AA7: 2049 | AB7: 2050
B8: FESO 2027.CONSTRAINED.4.NO_VPP_MLv2 | C8: CD | D8: 211.15 | E8: 215.01 | F8: 221.65 | G8: 223.59 | H8: 229.06 | I8: 253.42 | J8: 258.13 | K8: 277.51 | L8: 299.24 | M8: 327.73 | N8: 338.33 | O8: 349.13 | P8: 354.25 | Q8: 359.42 | R8: 371.61 | S8: 373.42 | T8: 384.57 | U8: 388.26 | V8: 393.81 | W8: 395.75 | X8: 403.23 | Y8: 404.41 | Z8: 394.9 | AA8: 403.32 | AB8: 413.27
B9: FESO 2027.CONSTRAINED.4.NO_VPP_MLv2 | C9: CM | D9: 53.57 | E9: 54.01 | F9: 54.5 | G9: 55.27 | H9: 55.93 | I9: 57.88 | J9: 59.62 | K9: 61.93 | L9: 64.37 | M9: 66.62 | N9: 67.68 | O9: 68.82 | P9: 69.74 | Q9: 70.97 | R9: 72.28 | S9: 73.91 | T9: 75.14 | U9: 76.8 | V9: 78.61 | W9: 80.66 | X9: 82.72 | Y9: 85.4 | Z9: 87.62 | AA9: 89.53 | AB9: 91.66
B10: FESO 2027.CONSTRAINED.4.NO_VPP_MLv2 | C10: EG | D10: 190.94 | E10: 193.06 | F10: 195.95 | G10: 196.99 | H10: 199.32 | I10: 204.87 | J10: 209.51 | K10: 216.32 | L10: 222.32 | M10: 227.86 | N10: 232.92 | O10: 236.43 | P10: 240.22 | Q10: 242.8 | R10: 245.11 | S10: 249.93 | T10: 252.54 | U10: 258.14 | V10: 264.57 | W10: 268.84 | X10: 277.84 | Y10: 286.84 | Z10: 296.06 | AA10: 306.24 | AB10: 315.47
B11: FESO 2027.CONSTRAINED.4.NO_VPP_MLv2 | C11: GL | D11: 265.46 | E11: 317.05 | F11: 321.64 | G11: 323.68 | H11: 325.45 | I11: 332.63 | J11: 334.12 | K11: 343.75 | L11: 352.54 | M11: 362.48 | N11: 370.67 | O11: 435.65 | P11: 441.63 | Q11: 446.29 | R11: 451.18 | S11: 454.52 | T11: 459.71 | U11: 464.47 | V11: 471.94 | W11: 475.28 | X11: 480.82 | Y11: 485.7 | Z11: 481.06 | AA11: 487.66 | AB11: 495.63
B12: FESO 2027.CONSTRAINED.4.NO_VPP_MLv2 | C12: GS | D12: 74.39 | E12: 75.04 | F12: 76.19 | G12: 77.13 | H12: 78.36 | I12: 81.95 | J12: 86.58 | K12: 91.98 | L12: 96.84 | M12: 101.81 | N12: 104.03 | O12: 104.61 | P12: 106.88 | Q12: 109.23 | R12: 123.57 | S12: 138.82 | T12: 153.51 | U12: 167.75 | V12: 181.88 | W12: 182.35 | X12: 185.23 | Y12: 188.1 | Z12: 190.09 | AA12: 193.1 | AB12: 196.25
B13: FESO 2027.CONSTRAINED.4.NO_VPP_MLv2 | C13: KD | D13: 22.64 | E13: 22.82 | F13: 23.03 | G13: 23.27 | H13: 23.6 | I13: 24.2 | J13: 24.95 | K13: 25.82 | L13: 26.79 | M13: 27.75 | N13: 28.2 | O13: 28.6 | P13: 28.99 | Q13: 29.49 | R13: 29.89 | S13: 30.51 | T13: 31.16 | U13: 31.85 | V13: 33 | W13: 34.04 | X13: 35.24 | Y13: 36.61 | Z13: 38.07 | AA13: 39.31 | AB13: 40.54
B14: FESO 2027.CONSTRAINED.4.NO_VPP_MLv2 | C14: KM | D14: 462.56 | E14: 468.13 | F14: 476.45 | G14: 483.09 | H14: 491.21 | I14: 510.49 | J14: 533.35 | K14: 555.92 | L14: 575.31 | M14: 598.02 | N14: 612.54 | O14: 624.98 | P14: 641.23 | Q14: 654.16 | R14: 663.69 | S14: 679.33 | T14: 688.96 | U14: 702 | V14: 712.8 | W14: 724.08 | X14: 746.22 | Y14: 767.66 | Z14: 783.8 | AA14: 807.37 | AB14: 827.12
B15: FESO 2027.CONSTRAINED.4.NO_VPP_MLv2 | C15: KW | D15: 156.99 | E15: 160.06 | F15: 198.05 | G15: 200.52 | H15: 203.53 | I15: 210.18 | J15: 217.11 | K15: 225 | L15: 232.56 | M15: 394.96 | N15: 399.13 | O15: 407.56 | P15: 412.91 | Q15: 422.15 | R15: 432.92 | S15: 444.03 | T15: 450.42 | U15: 458.53 | V15: 469.26 | W15: 484.85 | X15: 498.75 | Y15: 511.97 | Z15: 526.42 | AA15: 537.48 | AB15: 540.43
B16: FESO 2027.CONSTRAINED.4.NO_VPP_MLv2 | C16: MC | D16: 577.41 | E16: 585.52 | F16: 595.62 | G16: 604.95 | H16: 615.32 | I16: 636.12 | J16: 659.39 | K16: 686.19 | L16: 712.63 | M16: 739.95 | N16: 753.71 | O16: 765.29 | P16: 779 | Q16: 790.16 | R16: 804.81 | S16: 810.87 | T16: 821.25 | U16: 832.82 | V16: 847.07 | W16: 858.62 | X16: 871 | Y16: 884.71 | Z16: 896.16 | AA16: 913.15 | AB16: 918.29
B17: FESO 2027.CONSTRAINED.4.NO_VPP_MLv2 | C17: MD | D17: 31.4 | E17: 31.78 | F17: 32.2 | G17: 32.56 | H17: 33.02 | I17: 34.08 | J17: 35.3 | K17: 36.86 | L17: 38.52 | M17: 40.25 | N17: 41.06 | O17: 41.73 | P17: 42.35 | Q17: 42.98 | R17: 43.55 | S17: 44.39 | T17: 45.02 | U17: 45.76 | V17: 47 | W17: 48.43 | X17: 49.6 | Y17: 51.22 | Z17: 52.79 | AA17: 54.19 | AB17: 55.5
B18: FESO 2027.CONSTRAINED.4.NO_VPP_MLv2 | C18: MN | D18: 867.09 | E18: 876.94 | F18: 891.12 | G18: 902.99 | H18: 919.51 | I18: 955.41 | J18: 985.03 | K18: 1039.34 | L18: 1088.55 | M18: 1132.21 | N18: 1157.53 | O18: 1179.63 | P18: 1196.23 | Q18: 1211.16 | R18: 1230.33 | S18: 1232.97 | T18: 1244.21 | U18: 1257.74 | V18: 1279.57 | W18: 1290.24 | X18: 1304.79 | Y18: 1324.61 | Z18: 1322.38 | AA18: 1345.15 | AB18: 1344.9
... B79: FESO 2027.RAPID.4.NO_VPP_MLv2 | C79: WL | D79: 149.57 | E79: 150.92 | F79: 152.47 | G79: 154.16 | H79: 154.38 | I79: 156.95 | J79: 169.44 | K79: 182.83 | L79: 197.68 | M79: 214.15 | N79: 221.61 | O79: 231.22 | P79: 240.76 | Q79: 248.21 | R79: 256.1 | S79: 262.77 | T79: 269.94 | U79: 278.21 | V79: 286.61 | W79: 293.05 | X79: 302.63 | Y79: 307.52 | Z79: 314.6 | AA79: 316.5 | AB79: 318.57
B81: Minimum underlying demand (MW)
B82: Source: Energeia
B83: SCENARIO_NAME | C83: NODE | D83: 2026 | E83: 2027 | F83: 2028 | G83: 2029 | H83: 2030 | I83: 2031 | J83: 2032 | K83: 2033 | L83: 2034 | M83: 2035 | N83: 2036 | O83: 2037 | P83: 2038 | Q83: 2039 | R83: 2040 | S83: 2041 | T83: 2042 | U83: 2043 | V83: 2044 | W83: 2045 | X83: 2046 | Y83: 2047 | Z83: 2048 | AA83: 2049 | AB83: 2050
B84: FESO 2027.CONSTRAINED.4.NO_VPP_MLv2 | C84: CD | D84: 10.37 | E84: 13.98 | F84: 17.39 | G84: 19.38 | H84: 22.25 | I84: 34.08 | J84: 33.29 | K84: 42.17 | L84: 45.36 | M84: 47.73 | N84: 37.9 | O84: 49.53 | P84: 50.07 | Q84: 50.71 | R84: 40.09 | S84: 52.27 | T84: 53.07 | U84: 53.72 | V84: 40.83 | W84: 55.3 | X84: 56.27 | Y84: 56.88 | Z84: 42.38 | AA84: 57.83 | AB84: 57.46
B85: FESO 2027.CONSTRAINED.4.NO_VPP_MLv2 | C85: CM | D85: 15.12 | E85: 15.22 | F85: 15.32 | G85: 15.44 | H85: 15.61 | I85: 16.08 | J85: 16.58 | K85: 17.2 | L85: 17.81 | M85: 18.36 | N85: 18.72 | O85: 18.94 | P85: 19.21 | Q85: 19.58 | R85: 19.89 | S85: 20.38 | T85: 20.77 | U85: 21.21 | V85: 21.63 | W85: 22.08 | X85: 22.69 | Y85: 23.25 | Z85: 23.88 | AA85: 24.49 | AB85: 25.11
B86: FESO 2027.CONSTRAINED.4.NO_VPP_MLv2 | C86: EG | D86: 17.38 | E86: 17.97 | F86: 18.52 | G86: 19.12 | H86: 19.99 | I86: 21.93 | J86: 24.15 | K86: 27.28 | L86: 29.8 | M86: 32.01 | N86: 32.69 | O86: 33.35 | P86: 33.72 | Q86: 34.17 | R86: 34.76 | S86: 35.28 | T86: 35.51 | U86: 35.9 | V86: 36.64 | W86: 37.28 | X86: 38.06 | Y86: 38.95 | Z86: 39.98 | AA86: 40.8 | AB86: 41.49
B87: FESO 2027.CONSTRAINED.4.NO_VPP_MLv2 | C87: GL | D87: 62.96 | E87: 94.7 | F87: 95.54 | G87: 96.51 | H87: 97.6 | I87: 99.74 | J87: 101.55 | K87: 103.65 | L87: 105.8 | M87: 108.13 | N87: 110.7 | O87: 169.15 | P87: 171.33 | Q87: 172.84 | R87: 174.51 | S87: 175.4 | T87: 177.11 | U87: 178.56 | V87: 179.93 | W87: 181.27 | X87: 183.97 | Y87: 185.12 | Z87: 185.76 | AA87: 188.03 | AB87: 189.69
B88: FESO 2027.CONSTRAINED.4.NO_VPP_MLv2 | C88: GS | D88: 19.67 | E88: 19.97 | F88: 15.76 | G88: 20.58 | H88: 20.96 | I88: 22.09 | J88: 18.15 | K88: 25.02 | L88: 26.36 | M88: 27.8 | N88: 21.83 | O88: 28.6 | P88: 28.93 | Q88: 29.39 | R88: 33.79 | S88: 49.67 | T88: 59.78 | U88: 70 | V88: 78.66 | W88: 79.94 | X88: 80.33 | Y88: 80.92 | Z88: 79.95 | AA88: 81.95 | AB88: 82.38
B89: FESO 2027.CONSTRAINED.4.NO_VPP_MLv2 | C89: KD | D89: 2.76 | E89: 2.81 | F89: 2.86 | G89: 2.91 | H89: 2.97 | I89: 3.13 | J89: 3.31 | K89: 3.56 | L89: 3.8 | M89: 4.06 | N89: 4.16 | O89: 4.26 | P89: 4.31 | Q89: 4.38 | R89: 4.47 | S89: 4.55 | T89: 4.6 | U89: 4.69 | V89: 4.87 | W89: 5 | X89: 5.13 | Y89: 5.32 | Z89: 5.49 | AA89: 5.63 | AB89: 5.77
B90: FESO 2027.CONSTRAINED.4.NO_VPP_MLv2 | C90: KM | D90: 156.88 | E90: 158.13 | F90: 159.77 | G90: 161.84 | H90: 163.1 | I90: 167.47 | J90: 172.97 | K90: 178.31 | L90: 183.71 | M90: 189.04 | N90: 193.93 | O90: 197.85 | P90: 202.81 | Q90: 206.56 | R90: 210.3 | S90: 215.52 | T90: 219.48 | U90: 224.2 | V90: 228.16 | W90: 232.15 | X90: 240.26 | Y90: 246.21 | Z90: 251.53 | AA90: 257.58 | AB90: 264.85
B91: FESO 2027.CONSTRAINED.4.NO_VPP_MLv2 | C91: KW | D91: 32.19 | E91: 32.73 | F91: 51.41 | G91: 51.98 | H91: 52.68 | I91: 53.97 | J91: 55.77 | K91: 56.91 | L91: 58.56 | M91: 127.92 | N91: 129.34 | O91: 131.49 | P91: 132.61 | Q91: 139.62 | R91: 144.71 | S91: 151.01 | T91: 157.34 | U91: 162.92 | V91: 167.98 | W91: 177.08 | X91: 186.39 | Y91: 195.05 | Z91: 201.61 | AA91: 205.61 | AB91: 208.11
B92: FESO 2027.CONSTRAINED.4.NO_VPP_MLv2 | C92: MC | D92: 126.78 | E92: 130.49 | F92: 121.25 | G92: 136.24 | H92: 139.01 | I92: 145.03 | J92: 135.22 | K92: 157.35 | L92: 163.77 | M92: 170.09 | N92: 153.72 | O92: 176.23 | P92: 179.63 | Q92: 182.24 | R92: 165.18 | S92: 188.92 | T92: 191.66 | U92: 195.26 | V92: 180 | W92: 201.64 | X92: 205.21 | Y92: 209.14 | Z92: 193.79 | AA92: 217.22 | AB92: 220.63
B93: FESO 2027.CONSTRAINED.4.NO_VPP_MLv2 | C93: MD | D93: 5.81 | E93: 5.89 | F93: 5.96 | G93: 6.04 | H93: 6.13 | I93: 6.39 | J93: 6.69 | K93: 7.08 | L93: 7.46 | M93: 7.85 | N93: 8.01 | O93: 8.16 | P93: 8.27 | Q93: 8.4 | R93: 8.55 | S93: 8.71 | T93: 8.8 | U93: 8.94 | V93: 9.12 | W93: 9.36 | X93: 9.52 | Y93: 9.79 | Z93: 10.04 | AA93: 10.26 | AB93: 10.47
B94: FESO 2027.CONSTRAINED.4.NO_VPP_MLv2 | C94: MN | D94: 117.54 | E94: 125.17 | F94: 132.38 | G94: 150.52 | H94: 160.21 | I94: 165.83 | J94: 145.82 | K94: 180.72 | L94: 190.41 | M94: 196.65 | N94: 172.97 | O94: 203.86 | P94: 206.87 | Q94: 209.68 | R94: 184.28 | S94: 213.93 | T94: 216.85 | U94: 219.25 | V94: 193.01 | W94: 227.95 | X94: 231.1 | Y94: 234.63 | Z94: 205.53 | AA94: 241.27 | AB94: 242.65
... B155: FESO 2027.RAPID.4.NO_VPP_MLv2 | C155: WL | D155: 8.4 | E155: 8.45 | F155: 8.53 | G155: 8.58 | H155: 8.7 | I155: 8.87 | J155: 9.47 | K155: 10.15 | L155: 10.95 | M155: 11.9 | N155: 12.3 | O155: 12.75 | P155: 13.17 | Q155: 13.56 | R155: 13.88 | S155: 14.2 | T155: 14.52 | U155: 14.84 | V155: 15.3 | W155: 15.78 | X155: 16.27 | Y155: 16.67 | Z155: 16.82 | AA155: 17.05 | AB155: 17.19
B157: Underlying energy consumption (MWh)
B158: Source: Energeia
B159: SCENARIO_NAME | C159: NODE | D159: 2026 | E159: 2027 | F159: 2028 | G159: 2029 | H159: 2030 | I159: 2031 | J159: 2032 | K159: 2033 | L159: 2034 | M159: 2035 | N159: 2036 | O159: 2037 | P159: 2038 | Q159: 2039 | R159: 2040 | S159: 2041 | T159: 2042 | U159: 2043 | V159: 2044 | W159: 2045 | X159: 2046 | Y159: 2047 | Z159: 2048 | AA159: 2049 | AB159: 2050
B160: FESO 2027.CONSTRAINED.4.NO_VPP_MLv2 | C160: CD | D160: 653773.67 | E160: 668302.25 | F160: 688243.02 | G160: 696787.7 | H160: 712205.83 | I160: 770151.71 | J160: 788164.44 | K160: 829429.12 | L160: 883042.26 | M160: 935163.68 | N160: 963175.17 | O160: 984521.14 | P160: 998092.47 | Q160: 1013148.2 | R160: 1042126.7 | S160: 1048985.9 | T160: 1072856.8 | U160: 1085960.8 | V160: 1110352.1 | W160: 1119982.5 | X160: 1139859 | Y160: 1148902 | Z160: 1145522.4 | AA160: 1165256.9 | AB160: 1185701.9
B161: FESO 2027.CONSTRAINED.4.NO_VPP_MLv2 | C161: CM | D161: 287968.79 | E161: 290547.58 | F161: 293983.05 | G161: 295743.66 | H161: 298691.8 | I161: 306168.27 | J161: 315064.96 | K161: 324065.52 | L161: 333965.4 | M161: 343990.09 | N161: 350497.05 | O161: 354056.81 | P161: 358713.92 | Q161: 363766.9 | R161: 370219.78 | S161: 377487.76 | T161: 385053.12 | U161: 392944.41 | V161: 403136.46 | W161: 411279.24 | X161: 423314.46 | Y161: 437070.59 | Z161: 451386.88 | AA161: 461618.49 | AB161: 473668.36
B162: FESO 2027.CONSTRAINED.4.NO_VPP_MLv2 | C162: EG | D162: 1218317 | E162: 1229386.8 | F162: 1242382.4 | G162: 1249700.7 | H162: 1262142.1 | I162: 1284963.6 | J162: 1313773.3 | K162: 1343006.6 | L162: 1370437.2 | M162: 1399873.1 | N162: 1426923.9 | O162: 1445806.6 | P162: 1465950.6 | Q162: 1487321.2 | R162: 1514057.1 | S162: 1540368.5 | T162: 1569266.3 | U162: 1600192.5 | V162: 1640953 | W162: 1672365.7 | X162: 1731603 | Y162: 1795243.7 | Z162: 1862631.4 | AA162: 1918776.1 | AB162: 1978994.5
B163: FESO 2027.CONSTRAINED.4.NO_VPP_MLv2 | C163: GL | D163: 1041303.6 | E163: 1431650.5 | F163: 1450494.8 | G163: 1454461.2 | H163: 1463647.3 | I163: 1488340.2 | J163: 1513190.4 | K163: 1538505.6 | L163: 1570102 | M163: 1600021.5 | N163: 1642691.4 | O163: 2170268.2 | P163: 2190369.5 | Q163: 2213641.2 | R163: 2242719 | S163: 2255534.3 | T163: 2279380.6 | U163: 2299316.1 | V163: 2330374 | W163: 2345664.9 | X163: 2374181.6 | Y163: 2394096.3 | Z163: 2414190 | AA163: 2438781.5 | AB163: 2459694.8
B164: FESO 2027.CONSTRAINED.4.NO_VPP_MLv2 | C164: GS | D164: 343519.77 | E164: 348038.02 | F164: 354497.53 | G164: 358635.03 | H164: 365247.84 | I164: 386231.24 | J164: 412884.19 | K164: 441081.87 | L164: 467303.59 | M164: 495005.14 | N164: 505966.16 | O164: 510339.89 | P164: 517901.24 | Q164: 526858.94 | R164: 625951.48 | S164: 724845.73 | T164: 821866.98 | U164: 920127.11 | V164: 1019699 | W164: 1020927.5 | X164: 1031160.8 | Y164: 1040263 | Z164: 1049188.4 | AA164: 1057611.8 | AB164: 1063920.9
B165: FESO 2027.CONSTRAINED.4.NO_VPP_MLv2 | C165: KD | D165: 117123.51 | E165: 118111.82 | F165: 119137.66 | G165: 119856.34 | H165: 120993.46 | I165: 123437.4 | J165: 126395.32 | K165: 130011.2 | L165: 133650.92 | M165: 137558.49 | N165: 139918.8 | O165: 141863.7 | P165: 143592.92 | Q165: 145490.57 | R165: 147850.63 | S165: 150891.1 | T165: 153818.2 | U165: 157296.59 | V165: 162643.27 | W165: 166899.45 | X165: 173013.43 | Y165: 180134.36 | Z165: 187368.58 | AA165: 193513.43 | AB165: 200057.99
B166: FESO 2027.CONSTRAINED.4.NO_VPP_MLv2 | C166: KM | D166: 2502033.7 | E166: 2531892.6 | F166: 2571068.6 | G166: 2594835.5 | H166: 2625157.3 | I166: 2698282.3 | J166: 2785054.7 | K166: 2867461.4 | L166: 2946069.1 | M166: 3029525.9 | N166: 3102600.9 | O166: 3150112.4 | P166: 3214308.8 | Q166: 3279930.6 | R166: 3342941.7 | S166: 3413983.7 | T166: 3485339.1 | U166: 3560011.3 | V166: 3641812.5 | W166: 3699250.5 | X166: 3827468.5 | Y166: 3941105 | Z166: 4043840.3 | AA166: 4152840.4 | AB166: 4257678.8
B167: FESO 2027.CONSTRAINED.4.NO_VPP_MLv2 | C167: KW | D167: 677374.72 | E167: 689169.26 | F167: 873835.62 | G167: 882378.33 | H167: 894502.19 | I167: 918946.94 | J167: 948118.76 | K167: 971986.85 | L167: 999651.46 | M167: 1794006.5 | N167: 1822379.4 | O167: 1850627.5 | P167: 1873496.4 | Q167: 1935980.8 | R167: 2004071.9 | S167: 2062162.2 | T167: 2122816.5 | U167: 2182738.1 | V167: 2251994.4 | W167: 2343388.7 | X167: 2449133.7 | Y167: 2554340 | Z167: 2664074.6 | AA167: 2728947.8 | AB167: 2755453.2
B168: FESO 2027.CONSTRAINED.4.NO_VPP_MLv2 | C168: MC | D168: 2048546.6 | E168: 2086879.5 | F168: 2130932.9 | G168: 2170173 | H168: 2210934 | I168: 2298280.6 | J168: 2390439.2 | K168: 2485336.8 | L168: 2587733.7 | M168: 2687942.4 | N168: 2749133.3 | O168: 2786755.5 | P168: 2840784.1 | Q168: 2890274.5 | R168: 2955393.7 | S168: 2978770.9 | T168: 3027770.8 | U168: 3084947 | V168: 3152029 | W168: 3200052.9 | X168: 3255190.6 | Y168: 3303087.7 | Z168: 3373216.7 | AA168: 3432056.3 | AB168: 3473427.4
B169: FESO 2027.CONSTRAINED.4.NO_VPP_MLv2 | C169: MD | D169: 152575.4 | E169: 154322.76 | F169: 156299.24 | G169: 157386.04 | H169: 159348.52 | I169: 163979.95 | J169: 169635.45 | K169: 176276.04 | L169: 182669.67 | M169: 189368.46 | N169: 193346.98 | O169: 196099.98 | P169: 198766.48 | Q169: 201712.7 | R169: 205545.98 | S169: 209070.5 | T169: 212215.18 | U169: 216225.92 | V169: 222047.4 | W169: 227353.86 | X169: 233478.67 | Y169: 242060.49 | Z169: 250583.83 | AA169: 256986.14 | AB169: 264075.35
B170: FESO 2027.CONSTRAINED.4.NO_VPP_MLv2 | C170: MN | D170: 2733627.2 | E170: 2763003.9 | F170: 2815719.3 | G170: 2853590.3 | H170: 2909631.1 | I170: 3028806.7 | J170: 3133135.1 | K170: 3307015.8 | L170: 3477757.6 | M170: 3609490.8 | N170: 3695316.7 | O170: 3753526.8 | P170: 3815399.3 | Q170: 3871576.4 | R170: 3954221.4 | S170: 3970209.7 | T170: 4016981.1 | U170: 4054167.2 | V170: 4139233.2 | W170: 4200936.6 | X170: 4266488.5 | Y170: 4298282.2 | Z170: 4359676.7 | AA170: 4430046.6 | AB170: 4448557.5
... B231: FESO 2027.RAPID.4.NO_VPP_MLv2 | C231: WL | D231: 1006712.3 | E231: 1013304.5 | F231: 1022247.4 | G231: 1026376 | H231: 1033226.2 | I231: 1043764.7 | J231: 1127554.6 | K231: 1208530.7 | L231: 1312959.9 | M231: 1418549.9 | N231: 1472297.2 | O231: 1521931 | P231: 1573186.5 | Q231: 1625027.4 | R231: 1679172.4 | S231: 1721126.2 | T231: 1767475.6 | U231: 1814983.9 | V231: 1866683.9 | W231: 1909653.3 | X231: 1958225 | Y231: 1992980.9 | Z231: 2032904.4 | AA231: 2045010.8 | AB231: 2062030

Sheet Large loads
B1: Back to summary
B2: Large loads
B3: Existing and new major loads.
B5: Existing large loads Peak (MW)
B6: Source:
B7: SCENARIO_NAME | C7: NODE | D7: 2026 | E7: 2027 | F7: 2028 | G7: 2029 | H7: 2030 | I7: 2031 | J7: 2032 | K7: 2033 | L7: 2034 | M7: 2035 | N7: 2036 | O7: 2037 | P7: 2038 | Q7: 2039 | R7: 2040 | S7: 2041 | T7: 2042 | U7: 2043 | V7: 2044 | W7: 2045 | X7: 2046 | Y7: 2047 | Z7: 2048 | AA7: 2049 | AB7: 2050
B8: FESO 2027.CONSTRAINED.4.NO_VPP_MLv2 | C8: CD | D8: 10 | E8: 10.17 | F8: 10.28 | G8: 10.44 | H8: 10.65 | I8: 10.73 | J8: 10.9 | K8: 11.05 | L8: 11.14 | M8: 11.22 | N8: 11.44 | O8: 11.71 | P8: 11.9 | Q8: 12.18 | R8: 12.37 | S8: 12.63 | T8: 12.96 | U8: 13.12 | V8: 13.25 | W8: 13.58 | X8: 13.93 | Y8: 14.15 | Z8: 14.47 | AA8: 14.79 | AB8: 15.29
B9: FESO 2027.CONSTRAINED.4.NO_VPP_MLv2 | C9: CM | D9: 27.08 | E9: 27.14 | F9: 27.33 | G9: 27.52 | H9: 27.55 | I9: 27.86 | J9: 28.11 | K9: 28.23 | L9: 28.08 | M9: 27.93 | N9: 28.2 | O9: 28.56 | P9: 28.9 | Q9: 29.05 | R9: 29.46 | S9: 30.37 | T9: 30.94 | U9: 31.82 | V9: 32.64 | W9: 33.16 | X9: 34.6 | Y9: 36.05 | Z9: 37.77 | AA9: 39.35 | AB9: 41.18
B10: FESO 2027.CONSTRAINED.4.NO_VPP_MLv2 | C10: EG | D10: 153.84 | E10: 156.28 | F10: 157.96 | G10: 157.89 | H10: 158.58 | I10: 161.31 | J10: 163.19 | K10: 165.31 | L10: 167.68 | M10: 169.38 | N10: 172.96 | O10: 175.3 | P10: 178.48 | Q10: 180.33 | R10: 184.49 | S10: 188.35 | T10: 191.79 | U10: 196.74 | V10: 202.18 | W10: 204.79 | X10: 211.25 | Y10: 218.45 | Z10: 227.97 | AA10: 236.62 | AB10: 245.51
B11: FESO 2027.CONSTRAINED.4.NO_VPP_MLv2 | C11: GL | D11: 64.54 | E11: 65.38 | F11: 65.68 | G11: 66.68 | H11: 67.81 | I11: 68.97 | J11: 70.14 | K11: 70.5 | L11: 71.65 | M11: 72.73 | N11: 74.25 | O11: 76.39 | P11: 78.26 | Q11: 79.86 | R11: 82.51 | S11: 84.18 | T11: 86.23 | U11: 88.21 | V11: 91.15 | W11: 94.3 | X11: 96.74 | Y11: 100.58 | Z11: 104.16 | AA11: 107.65 | AB11: 110.29
B12: FESO 2027.CONSTRAINED.4.NO_VPP_MLv2 | C12: GS | D12: 8.84 | E12: 8.97 | F12: 8.99 | G12: 9.08 | H12: 9.15 | I12: 9.25 | J12: 9.37 | K12: 9.39 | L12: 9.51 | M12: 9.55 | N12: 9.66 | O12: 9.81 | P12: 9.97 | Q12: 10 | R12: 10.02 | S12: 10.16 | T12: 10.28 | U12: 10.4 | V12: 10.56 | W12: 10.7 | X12: 10.84 | Y12: 11.05 | Z12: 11.14 | AA12: 11.32 | AB12: 11.49
B13: FESO 2027.CONSTRAINED.4.NO_VPP_MLv2 | C13: KD | D13: 11.44 | E13: 11.5 | F13: 11.56 | G13: 11.68 | H13: 11.74 | I13: 11.81 | J13: 11.79 | K13: 11.81 | L13: 11.85 | M13: 11.89 | N13: 12.08 | O13: 12.15 | P13: 12.27 | Q13: 12.43 | R13: 12.65 | S13: 12.92 | T13: 13.38 | U13: 13.64 | V13: 14.11 | W13: 14.49 | X13: 15.21 | Y13: 16.02 | Z13: 16.79 | AA13: 17.5 | AB13: 18.15
B14: FESO 2027.CONSTRAINED.4.NO_VPP_MLv2 | C14: KM | D14: 221.44 | E14: 224.38 | F14: 225.38 | G14: 225.51 | H14: 228.18 | I14: 231.22 | J14: 232.83 | K14: 233.12 | L14: 235.84 | M14: 239.24 | N14: 244.46 | O14: 249.65 | P14: 255.4 | Q14: 261.08 | R14: 268.02 | S14: 274.48 | T14: 279.81 | U14: 288.73 | V14: 295.12 | W14: 305.51 | X14: 318.95 | Y14: 330.74 | Z14: 340.19 | AA14: 351.17 | AB14: 361.75
B15: FESO 2027.CONSTRAINED.4.NO_VPP_MLv2 | C15: KW | D15: 53.03 | E15: 53.73 | F15: 54.48 | G15: 54.75 | H15: 55.2 | I15: 56 | J15: 56.32 | K15: 57.4 | L15: 58.37 | M15: 59.56 | N15: 60.8 | O15: 62.39 | P15: 64.05 | Q15: 65.92 | R15: 68.28 | S15: 70.68 | T15: 73.01 | U15: 74.69 | V15: 77.41 | W15: 79.97 | X15: 83.01 | Y15: 85.85 | Z15: 89.31 | AA15: 92.51 | AB15: 94.64
B16: FESO 2027.CONSTRAINED.4.NO_VPP_MLv2 | C16: MC | D16: 132.2 | E16: 134.16 | F16: 136.77 | G16: 138.86 | H16: 141.47 | I16: 144.27 | J16: 146.68 | K16: 149.89 | L16: 151.73 | M16: 154.22 | N16: 157.31 | O16: 160.92 | P16: 164.06 | Q16: 166.78 | R16: 170.32 | S16: 174.07 | T16: 179.1 | U16: 181.91 | V16: 185.21 | W16: 190.03 | X16: 193.76 | Y16: 198.57 | Z16: 204.7 | AA16: 210.47 | AB16: 214.48
B17: FESO 2027.CONSTRAINED.4.NO_VPP_MLv2 | C17: MD | D17: 11.96 | E17: 11.97 | F17: 12.08 | G17: 12.2 | H17: 12.3 | I17: 12.48 | J17: 12.57 | K17: 12.73 | L17: 12.78 | M17: 12.98 | N17: 13.15 | O17: 13.4 | P17: 13.42 | Q17: 13.62 | R17: 13.68 | S17: 14.09 | T17: 14.44 | U17: 14.74 | V17: 15 | W17: 15.45 | X17: 16.14 | Y17: 16.88 | Z17: 17.63 | AA17: 18.26 | AB17: 18.89
B18: FESO 2027.CONSTRAINED.4.NO_VPP_MLv2 | C18: MN | D18: 68.4 | E18: 69.4 | F18: 70.5 | G18: 71.66 | H18: 72.24 | I18: 73.2 | J18: 74.37 | K18: 75.36 | L18: 76.32 | M18: 77.53 | N18: 79.9 | O18: 81.87 | P18: 84.12 | Q18: 85.57 | R18: 86.99 | S18: 89.29 | T18: 91.7 | U18: 93.94 | V18: 96.34 | W18: 98.67 | X18: 100.99 | Y18: 103.72 | Z18: 107.16 | AA18: 109.64 | AB18: 113.24
... B79: FESO 2027.RAPID.4.NO_VPP_MLv2 | C79: WL | D79: 148.82 | E79: 149.58 | F79: 151.27 | G79: 152.27 | H79: 153.1 | I79: 155.6 | J79: 168 | K79: 181.2 | L79: 196.16 | M79: 212.32 | N79: 219.72 | O79: 229.1 | P79: 238.61 | Q79: 246.91 | R79: 253.85 | S79: 260.47 | T79: 268.28 | U79: 276.57 | V79: 285.18 | W79: 291.59 | X79: 301.14 | Y79: 306 | Z79: 313.06 | AA79: 313.4 | AB79: 316.96
B81: Existing large loads (MWh)
B82: Source:
B83: SCENARIO_NAME | C83: NODE | D83: 2026 | E83: 2027 | F83: 2028 | G83: 2029 | H83: 2030 | I83: 2031 | J83: 2032 | K83: 2033 | L83: 2034 | M83: 2035 | N83: 2036 | O83: 2037 | P83: 2038 | Q83: 2039 | R83: 2040 | S83: 2041 | T83: 2042 | U83: 2043 | V83: 2044 | W83: 2045 | X83: 2046 | Y83: 2047 | Z83: 2048 | AA83: 2049 | AB83: 2050
B84: FESO 2027.CONSTRAINED.4.NO_VPP_MLv2 | C84: CD | D84: 45637.07 | E84: 46273.49 | F84: 47039.61 | G84: 47561.73 | H84: 48221.355 | I84: 48958.765 | J84: 49821.43 | K84: 50403.22 | L84: 51128.8 | M84: 51854.375 | N84: 52924.875 | O84: 53652.84 | P84: 54622.54 | Q84: 55620.315 | R84: 56795.76 | S84: 57680.86 | T84: 58746.23 | U84: 59859.6 | V84: 61160.58 | W84: 62138.765 | X84: 63777.79 | Y84: 65436.745 | Z84: 67314.945 | AA84: 68831.46 | AB84: 70563.62
B85: FESO 2027.CONSTRAINED.4.NO_VPP_MLv2 | C85: CM | D85: 150562.52 | E85: 151052.33 | F85: 151937.74 | G85: 152009.3 | H85: 152506.73 | I85: 152991.25 | J85: 153899.81 | K85: 153970.63 | L85: 154466.18 | M85: 154954.57 | N85: 156826.41 | O85: 157874.77 | P85: 159358.05 | Q85: 160839.38 | R85: 162791.89 | S85: 166798.32 | T85: 171286.89 | U85: 175806.77 | V85: 180858.48 | W85: 184948.38 | X85: 193128.04 | Y85: 201358.14 | Z85: 210235.05 | AA85: 218017.1 | AB85: 226423.14
B86: FESO 2027.CONSTRAINED.4.NO_VPP_MLv2 | C86: EG | D86: 975697.92 | E86: 981988.11 | F86: 990783.2 | G86: 994810.65 | H86: 1001506.7 | I86: 1009651.2 | J86: 1020441.9 | K86: 1025933.6 | L86: 1034131.7 | M86: 1042344.6 | N86: 1059307.4 | O86: 1070750.4 | P86: 1085404 | Q86: 1100460.2 | R86: 1118524.4 | S86: 1142326.2 | T86: 1169325.9 | U86: 1196601.2 | V86: 1227269.5 | W86: 1251902.3 | X86: 1301683.6 | Y86: 1351827.9 | Z86: 1406197.8 | AA86: 1453688.2 | AB86: 1505235.5
B87: FESO 2027.CONSTRAINED.4.NO_VPP_MLv2 | C87: GL | D87: 344382.94 | E87: 347995.89 | F87: 352648.62 | G87: 355307.23 | H87: 359077.02 | I87: 363379.72 | J87: 368752.82 | K87: 371880.83 | L87: 376150.85 | M87: 380418.41 | N87: 392385.36 | O87: 401872.4 | P87: 413011.71 | Q87: 424392.15 | R87: 437269.49 | S87: 447972.68 | T87: 460172.25 | U87: 472616.28 | V87: 486667.11 | W87: 497962.2 | X87: 514128.14 | Y87: 530459.8 | Z87: 548688.67 | AA87: 563772.58 | AB87: 580703.3
B88: FESO 2027.CONSTRAINED.4.NO_VPP_MLv2 | C88: GS | D88: 39657.365 | E88: 39957.69 | F88: 40396.065 | G88: 40555.995 | H88: 40862.57 | I88: 41175.835 | J88: 41629.14 | K88: 41793.39 | L88: 42104.37 | M88: 42416.225 | N88: 42957.465 | O88: 43187.93 | P88: 43603.12 | Q88: 44023.945 | R88: 44666.73 | S88: 45026.955 | T88: 45550.19 | U88: 46089.795 | V88: 46796.315 | W88: 47180.115 | X88: 47802.99 | Y88: 48431.195 | Z88: 49240.81 | AA88: 49720.545 | AB88: 50376.965
B89: FESO 2027.CONSTRAINED.4.NO_VPP_MLv2 | C89: KD | D89: 72823.845 | E89: 73053.24 | F89: 73346.515 | G89: 73499.53 | H89: 73735.51 | I89: 73964.105 | J89: 74272.145 | K89: 74430.39 | L89: 74664.11 | M89: 74894.055 | N89: 75644.505 | O89: 76256.135 | P89: 76947.56 | Q89: 77638.21 | R89: 78405.42 | S89: 80567.92 | T89: 82831.9 | U89: 85111.315 | V89: 87491.25 | W89: 89712.525 | X89: 93929.76 | Y89: 98171.16 | Z89: 102550.71 | AA89: 106756.21 | AB89: 111083.12
B90: FESO 2027.CONSTRAINED.4.NO_VPP_MLv2 | C90: KM | D90: 1480604.8 | E90: 1490048.1 | F90: 1503060 | G90: 1509071.2 | H90: 1518970.3 | I90: 1530345.9 | J90: 1545522.9 | K90: 1553095.2 | L90: 1564553.8 | M90: 1576001.4 | N90: 1609902.5 | O90: 1635972.9 | P90: 1666778.8 | Q90: 1698142.4 | R90: 1734211.4 | S90: 1778124.7 | T90: 1826901.2 | U90: 1876175.6 | V90: 1930725.8 | W90: 1976139 | X90: 2054437.9 | Y90: 2133326.9 | Z90: 2218706.5 | AA90: 2293585.8 | AB90: 2374683.1
B91: FESO 2027.CONSTRAINED.4.NO_VPP_MLv2 | C91: KW | D91: 344704.78 | E91: 348335.07 | F91: 352990.84 | G91: 355739.99 | H91: 359582.76 | I91: 364200.05 | J91: 369876.09 | K91: 373339.67 | L91: 377944.65 | M91: 382553.94 | N91: 394107.81 | O91: 403226.3 | P91: 413949.41 | Q91: 424949.54 | R91: 437386.07 | S91: 447715.71 | T91: 459520.51 | U91: 471500.8 | V91: 485069.43 | W91: 495930.49 | X91: 512886.25 | Y91: 530009.3 | Z91: 549021.55 | AA91: 564950.81 | AB91: 582705.66
B92: FESO 2027.CONSTRAINED.4.NO_VPP_MLv2 | C92: MC | D92: 592650.73 | E92: 603012.12 | F92: 615277.68 | G92: 623791 | H92: 634318.65 | I92: 645112.04 | J92: 657662.36 | K92: 666087.98 | L92: 676627.21 | M92: 687163.46 | N92: 703490 | O92: 714559.31 | P92: 729536.81 | Q92: 744810.56 | R92: 762794.19 | S92: 776065.52 | T92: 792077.32 | U92: 808973.09 | V92: 828767.25 | W92: 843668.74 | X92: 863537.62 | Y92: 883710.46 | Z92: 907176.47 | AA92: 925191.6 | AB92: 946431.35
B93: FESO 2027.CONSTRAINED.4.NO_VPP_MLv2 | C93: MD | D93: 74263.255 | E93: 74627.76 | F93: 75246.72 | G93: 75362.17 | H93: 75747.26 | I93: 76193.275 | J93: 76910.645 | K93: 77088.68 | L93: 77540.955 | M93: 77992.17 | N93: 79103.745 | O93: 79660.03 | P93: 80517.615 | Q93: 81394.625 | R93: 82566.245 | S93: 84360.02 | T93: 86466.975 | U93: 88590.005 | V93: 91045.595 | W93: 92886.18 | X93: 96867.88 | Y93: 100875.46 | Z93: 105294.05 | AA93: 109010.04 | AB93: 113122.82
B94: FESO 2027.CONSTRAINED.4.NO_VPP_MLv2 | C94: MN | D94: 334520.14 | E94: 338716.85 | F94: 343926.46 | G94: 347055.37 | H94: 351256.73 | I94: 355570.21 | J94: 360841.44 | K94: 363891.12 | L94: 368051.59 | M94: 372182.17 | N94: 382546.36 | O94: 390225.28 | P94: 399780.84 | Q94: 409456.69 | R94: 420552.47 | S94: 429411.02 | T94: 439713.24 | U94: 450582.47 | V94: 462998.49 | W94: 472700.57 | X94: 485171.72 | Y94: 497764.21 | Z94: 512134.21 | AA94: 523441.97 | AB94: 536479.56
... B155: FESO 2027.RAPID.4.NO_VPP_MLv2 | C155: WL | D155: 993371.3 | E155: 999682.98 | F155: 1008348.3 | G155: 1012223.5 | H155: 1018656 | I155: 1028643.9 | J155: 1111772.3 | K155: 1191955.3 | L155: 1295626.6 | M155: 1400295.4 | N155: 1453529.3 | O155: 1500409.9 | P155: 1551262.2 | Q155: 1602523.2 | R155: 1656397.1 | S155: 1697901.7 | T155: 1743940.2 | U155: 1790438.5 | V155: 1841736.9 | W155: 1884619 | X155: 1932488.6 | Y155: 1966759.5 | Z155: 2006356.8 | AA155: 2017996.5 | AB155: 2034492
B157: New large loads Peak (MW)
B158: Source:
B159: SCENARIO_NAME | C159: NODE | D159: 2026 | E159: 2027 | F159: 2028 | G159: 2029 | H159: 2030 | I159: 2031 | J159: 2032 | K159: 2033 | L159: 2034 | M159: 2035 | N159: 2036 | O159: 2037 | P159: 2038 | Q159: 2039 | R159: 2040 | S159: 2041 | T159: 2042 | U159: 2043 | V159: 2044 | W159: 2045 | X159: 2046 | Y159: 2047 | Z159: 2048 | AA159: 2049 | AB159: 2050
B160: FESO 2027.CONSTRAINED.4.NO_VPP_MLv2 | C160: GL | E160: 62 | F160: 62.21 | G160: 62.11 | H160: 61.86 | I160: 62.05 | J160: 63.55 | K160: 63.56 | L160: 63.6 | M160: 63.53 | N160: 65.41 | O160: 127.91 | P160: 127.72 | Q160: 127.53 | R160: 127.48 | S160: 127.64 | T160: 127.32 | U160: 127.94 | V160: 127.87 | W160: 127.8 | X160: 128.04 | Y160: 127.88 | Z160: 127.93 | AA160: 127.76 | AB160: 127.77
B161: FESO 2027.CONSTRAINED.4.NO_VPP_MLv2 | C161: GS | R161: 14.33 | S161: 28.95 | T161: 43.38 | U161: 57.5 | V161: 72.28 | W161: 72.06 | X161: 72.31 | Y161: 71.96 | Z161: 71.92 | AA161: 72.02 | AB161: 72.44
B162: FESO 2027.CONSTRAINED.4.NO_VPP_MLv2 | C162: KW | F162: 38.06 | G162: 38.23 | H162: 38.14 | I162: 37.84 | J162: 37.63 | K162: 37.62 | L162: 37.79 | M162: 206.84 | N162: 207.67 | O162: 206.5 | P162: 205.99 | Q162: 211.73 | R162: 215.84 | S162: 224.25 | T162: 227.93 | U162: 234.89 | V162: 238.54 | W162: 249.3 | X162: 260.54 | Y162: 272.6 | Z162: 283.04 | AA162: 287.08 | AB162: 286.99
B163: FESO 2027.CONSTRAINED.4.NO_VPP_MLv2 | C163: MC | G163: 1.16 | H163: 1.16 | I163: 1.16 | J163: 1.16 | K163: 1.17 | L163: 1.16 | M163: 1.16 | N163: 1.15 | O163: 1.16 | P163: 1.15 | Q163: 1.16 | R163: 1.16 | S163: 1.17 | T163: 1.17 | U163: 3.12 | V163: 3.11 | W163: 3.12 | X163: 3.12 | Y163: 3.12 | Z163: 3.13 | AA163: 3.11 | AB163: 3.12
B164: FESO 2027.CONSTRAINED.4.NO_VPP_MLv2 | C164: MN | D164: 4.99 | E164: 2.48 | F164: 2.5 | G164: 2.47 | H164: 3.39 | I164: 3.4 | J164: 3.39 | K164: 8.99 | L164: 13.6 | M164: 13.61 | N164: 13.56 | O164: 13.59 | P164: 13.62 | Q164: 13.59 | R164: 13.58 | S164: 13.6 | T164: 13.59 | U164: 13.59 | V164: 13.59 | W164: 15.87 | X164: 15.87 | Y164: 15.92 | Z164: 15.83 | AA164: 15.88 | AB164: 15.91
B165: FESO 2027.CONSTRAINED.4.NO_VPP_MLv2 | C165: MR | D165: 24.44 | E165: 13.57 | F165: 13.6 | G165: 13.54 | H165: 13.58 | I165: 13.46 | J165: 13.56 | K165: 13.49 | L165: 13.62 | M165: 13.63 | N165: 13.49 | O165: 13.56 | P165: 13.57 | Q165: 13.51 | R165: 13.55 | S165: 13.52 | T165: 15.38 | U165: 15.47 | V165: 15.32 | W165: 15.44 | X165: 15.48 | Y165: 15.45 | Z165: 15.42 | AA165: 15.39 | AB165: 15.33
B166: FESO 2027.CONSTRAINED.4.NO_VPP_MLv2 | C166: MS | E166: 2.73 | F166: 9.25 | G166: 9.26 | H166: 9.28 | I166: 9.22 | J166: 9.21 | K166: 9.27 | L166: 9.27 | M166: 9.25 | N166: 9.24 | O166: 9.27 | P166: 9.21 | Q166: 9.88 | R166: 65.34 | S166: 124.87 | T166: 182.54 | U166: 240.85 | V166: 300.68 | W166: 314.56 | X166: 330.84 | Y166: 345.79 | Z166: 359.28 | AA166: 377.78 | AB166: 387.81
B167: FESO 2027.CONSTRAINED.4.NO_VPP_MLv2 | C167: MU | P167: 95.35 | Q167: 213.71 | R167: 239.34 | S167: 262.92 | T167: 286.3 | U167: 312.26 | V167: 312.4 | W167: 312.29 | X167: 312.12 | Y167: 313.33 | Z167: 312.2 | AA167: 313.43 | AB167: 311.88
B168: FESO 2027.CONSTRAINED.4.NO_VPP_MLv2 | C168: NB | E168: 158.02 | F168: 158.65 | G168: 157.52 | H168: 156.65 | I168: 161.08 | J168: 160.91 | K168: 163.31 | L168: 162.46 | M168: 161.98 | N168: 163.43 | O168: 161.75 | P168: 163.32 | Q168: 243.62 | R168: 245.54 | S168: 243.11 | T168: 243.68 | U168: 245.32 | V168: 244.14 | W168: 242.53 | X168: 244.54 | Y168: 244.65 | Z168: 243.71 | AA168: 243.52 | AB168: 242.91
B169: FESO 2027.CONSTRAINED.4.NO_VPP_MLv2 | C169: NC | E169: 100.63 | F169: 131.33 | G169: 144.78 | H169: 148 | I169: 168.37 | J169: 168.48 | K169: 168.58 | L169: 168.12 | M169: 168.69 | N169: 168.42 | O169: 168.83 | P169: 168.6 | Q169: 168.37 | R169: 168.82 | S169: 168.46 | T169: 168.18 | U169: 168.71 | V169: 168.7 | W169: 168.25 | X169: 168.36 | Y169: 168.55 | Z169: 168.64 | AA169: 168.8 | AB169: 168.64
B170: FESO 2027.CONSTRAINED.4.NO_VPP_MLv2 | C170: PL | D170: 63.92 | E170: 32.08 | F170: 31.97 | G170: 31.96 | H170: 31.72 | I170: 32.12 | J170: 31.72 | K170: 31.82 | L170: 32.12 | M170: 34.17 | N170: 33.69 | O170: 33.92 | P170: 33.64 | Q170: 34.06 | R170: 39.29 | S170: 39.3 | T170: 39.05 | U170: 39.1 | V170: 38.88 | W170: 39 | X170: 39.07 | Y170: 39.29 | Z170: 39.32 | AA170: 39.26 | AB170: 39.16
B171: FESO 2027.CONSTRAINED.4.NO_VPP_MLv2 | C171: TBC | F171: 60.11 | G171: 60.37 | H171: 63.01 | I171: 65.84 | J171: 68.02 | K171: 71.42 | L171: 73.94 | M171: 73.78 | N171: 74.17 | O171: 73.26 | P171: 110.2 | Q171: 154.79 | R171: 217.22 | S171: 217.82 | T171: 216.11 | U171: 217.11 | V171: 217.22 | W171: 216.76 | X171: 540.64 | Y171: 540.96 | Z171: 540.86 | AA171: 537.77 | AB171: 538.9
B172: FESO 2027.CONSTRAINED.4.NO_VPP_MLv2 | C172: TS | D172: 35 | E172: 17.44 | F172: 17.5 | G172: 17.45 | H172: 17.39 | I172: 17.46 | J172: 17.51 | K172: 17.57 | L172: 17.56 | M172: 17.37 | N172: 17.51 | O172: 17.46 | P172: 17.64 | Q172: 17.55 | R172: 17.56 | S172: 17.46 | T172: 17.54 | U172: 17.43 | V172: 17.54 | W172: 17.5 | X172: 17.52 | Y172: 17.49 | Z172: 17.54 | AA172: 17.47 | AB172: 17.61
B173: FESO 2027.EXPECTED.4.NO_VPP_MLv2 | C173: CM | L173: 53.17 | M173: 53.21 | N173: 53.78 | O173: 53.21 | P173: 53.44 | Q173: 53.26 | R173: 53.47 | S173: 53.72 | T173: 53.37 | U173: 53.61 | V173: 53.52 | W173: 53.74 | X173: 53.71 | Y173: 53.2 | Z173: 53.19 | AA173: 53.24 | AB173: 53.43
B174: FESO 2027.EXPECTED.4.NO_VPP_MLv2 | C174: EG | O174: 36.04 | P174: 72.03 | Q174: 108.03 | R174: 144.05 | S174: 144 | T174: 187.14 | U174: 273.12 | V174: 402.13 | W174: 574.09 | X174: 703.23 | Y174: 789.23 | Z174: 832.49 | AA174: 832.63 | AB174: 833.02
B175: FESO 2027.EXPECTED.4.NO_VPP_MLv2 | C175: GL | E175: 62 | F175: 62.21 | G175: 62.11 | H175: 61.92 | I175: 123.35 | J175: 125.42 | K175: 125.1 | L175: 124.62 | M175: 125.22 | N175: 126.89 | O175: 127.74 | P175: 127.58 | Q175: 127.79 | R175: 127.78 | S175: 127.74 | T175: 127.55 | U175: 143.84 | V175: 143.48 | W175: 143.85 | X175: 143.33 | Y175: 144.22 | Z175: 143.89 | AA175: 143.5 | AB175: 143.79
B176: FESO 2027.EXPECTED.4.NO_VPP_MLv2 | C176: GS | M176: 14.33 | N176: 29.05 | O176: 43.35 | P176: 57.92 | Q176: 71.43 | R176: 72.19 | S176: 72.28 | T176: 72.47 | U176: 71.58 | V176: 72 | W176: 72.41 | X176: 72.02 | Y176: 72.59 | Z176: 72.45 | AA176: 71.75 | AB176: 72.1
B177: FESO 2027.EXPECTED.4.NO_VPP_MLv2 | C177: KD | H177: 11.9 | I177: 23.81 | J177: 35.71 | K177: 36.14 | L177: 35.85 | M177: 35.86 | N177: 35.82 | O177: 36.06 | P177: 35.86 | Q177: 35.92 | R177: 35.78 | S177: 35.81 | T177: 35.89 | U177: 35.63 | V177: 36 | W177: 35.91 | X177: 36.07 | Y177: 36.04 | Z177: 36.06 | AA177: 36.16 | AB177: 35.94
B178: FESO 2027.EXPECTED.4.NO_VPP_MLv2 | C178: KM | J178: 40.65 | K178: 81.5 | L178: 122.1 | M178: 162.76 | N178: 202.13 | O178: 203.64 | P178: 202.31 | Q178: 203.1 | R178: 250.44 | S178: 297.15 | T178: 296.73 | U178: 340.02 | V178: 430.29 | W178: 562.26 | X178: 690.92 | Y178: 779.19 | Z178: 825.19 | AA178: 823 | AB178: 823.58
B179: FESO 2027.EXPECTED.4.NO_VPP_MLv2 | C179: KW | F179: 38.06 | G179: 38.23 | H179: 38.14 | I179: 37.88 | J179: 37.89 | K179: 43.17 | L179: 48.92 | M179: 223.72 | N179: 229.73 | O179: 232.81 | P179: 249.16 | Q179: 268.7 | R179: 288.18 | S179: 299.45 | T179: 309.59 | U179: 315.87 | V179: 316.29 | W179: 316.55 | X179: 315.63 | Y179: 315.32 | Z179: 316.43 | AA179: 314.52 | AB179: 314.64
B180: FESO 2027.EXPECTED.4.NO_VPP_MLv2 | C180: MC | G180: 1.16 | H180: 1.16 | I180: 1.16 | J180: 1.16 | K180: 1.16 | L180: 1.16 | M180: 1.15 | N180: 1.16 | O180: 1.16 | P180: 1.16 | Q180: 1.16 | R180: 1.16 | S180: 1.16 | T180: 1.16 | U180: 3.12 | V180: 3.11 | W180: 3.1 | X180: 3.12 | Y180: 3.1 | Z180: 3.12 | AA180: 3.11 | AB180: 3.12
B181: FESO 2027.EXPECTED.4.NO_VPP_MLv2 | C181: MN | D181: 4.99 | E181: 2.48 | F181: 2.5 | G181: 2.5 | H181: 3.38 | I181: 3.4 | J181: 3.38 | K181: 9 | L181: 13.6 | M181: 13.6 | N181: 13.56 | O181: 13.59 | P181: 13.59 | Q181: 13.61 | R181: 13.65 | S181: 13.65 | T181: 13.62 | U181: 13.58 | V181: 13.57 | W181: 15.92 | X181: 15.92 | Y181: 15.85 | Z181: 15.88 | AA181: 15.89 | AB181: 15.9
B182: FESO 2027.EXPECTED.4.NO_VPP_MLv2 | C182: MR | D182: 24.49 | E182: 13.62 | F182: 13.59 | G182: 13.41 | H182: 13.61 | I182: 13.62 | J182: 13.59 | K182: 13.59 | L182: 13.51 | M182: 13.61 | N182: 13.54 | O182: 13.46 | P182: 13.6 | Q182: 13.55 | R182: 13.63 | S182: 13.43 | T182: 15.4 | U182: 15.45 | V182: 15.48 | W182: 15.32 | X182: 15.48 | Y182: 15.3 | Z182: 15.32 | AA182: 15.32 | AB182: 15.32
B183: FESO 2027.EXPECTED.4.NO_VPP_MLv2 | C183: MS | E183: 2.73 | F183: 9.25 | G183: 9.26 | H183: 64.81 | I183: 181.03 | J183: 296.77 | K183: 410.46 | L183: 570.3 | M183: 701.29 | N183: 772.79 | O183: 842.08 | P183: 912.32 | Q183: 948.35 | R183: 945.92 | S183: 1003.48 | T183: 1065.97 | U183: 1117.77 | V183: 1178.95 | W183: 1250.57 | X183: 1266.55 | Y183: 1285.66 | Z183: 1301.03 | AA183: 1313.29 | AB183: 1305.88
B184: FESO 2027.EXPECTED.4.NO_VPP_MLv2 | C184: MU | H184: 79.46 | I184: 176.67 | J184: 254.3 | K184: 342.81 | L184: 469.47 | M184: 622.63 | N184: 794.25 | O184: 831.45 | P184: 871.88 | Q184: 899.31 | R184: 904.59 | S184: 903.01 | T184: 901.44 | U184: 903.5 | V184: 904.14 | W184: 898.79 | X184: 897.9 | Y184: 902.25 | Z184: 900.44 | AA184: 902.54 | AB184: 900.02
B185: FESO 2027.EXPECTED.4.NO_VPP_MLv2 | C185: NB | E185: 158.02 | F185: 158.65 | G185: 157.52 | H185: 156.89 | I185: 161.57 | J185: 163.11 | K185: 162.11 | L185: 161.38 | M185: 242.42 | N185: 244.28 | O185: 242.62 | P185: 244.86 | Q185: 243.4 | R185: 242.31 | S185: 242.66 | T185: 243.49 | U185: 343.27 | V185: 341.67 | W185: 341.63 | X185: 341.34 | Y185: 341.37 | Z185: 344.66 | AA185: 343.2 | AB185: 342.89
B186: FESO 2027.EXPECTED.4.NO_VPP_MLv2 | C186: NC | E186: 154.14 | F186: 169.24 | G186: 169.41 | H186: 168.43 | I186: 168.98 | J186: 169.12 | K186: 168.5 | L186: 168.67 | M186: 168.83 | N186: 168.5 | O186: 168.4 | P186: 168.47 | Q186: 168.92 | R186: 169.12 | S186: 168.41 | T186: 168.5 | U186: 168.8 | V186: 168.51 | W186: 168.9 | X186: 168.51 | Y186: 168.42 | Z186: 168.31 | AA186: 168.31 | AB186: 168.77
B187: FESO 2027.EXPECTED.4.NO_VPP_MLv2 | C187: PL | D187: 63.3 | E187: 31.65 | F187: 31.9 | G187: 31.96 | H187: 31.82 | I187: 31.94 | J187: 31.71 | K187: 32.08 | L187: 31.78 | M187: 33.76 | N187: 33.82 | O187: 34.16 | P187: 34.18 | Q187: 34.01 | R187: 39.09 | S187: 38.97 | T187: 39.24 | U187: 39.14 | V187: 38.79 | W187: 39.02 | X187: 38.91 | Y187: 39.13 | Z187: 39.44 | AA187: 39 | AB187: 39.28
B188: FESO 2027.EXPECTED.4.NO_VPP_MLv2 | C188: TBC | F188: 60.11 | G188: 60.37 | H188: 69.81 | I188: 69.71 | J188: 79.78 | K188: 119.96 | L188: 191.3 | M188: 218.25 | N188: 217.69 | O188: 216.99 | P188: 217.58 | Q188: 217.51 | R188: 414.6 | S188: 414.46 | T188: 733.62 | U188: 731.5 | V188: 733.12 | W188: 734.51 | X188: 732.48 | Y188: 731.84 | Z188: 730.57 | AA188: 732.75 | AB188: 730.38
B189: FESO 2027.EXPECTED.4.NO_VPP_MLv2 | C189: TS | D189: 34.96 | E189: 17.56 | F189: 17.54 | G189: 17.57 | H189: 17.46 | I189: 17.61 | J189: 17.56 | K189: 17.51 | L189: 17.52 | M189: 27.81 | N189: 40.89 | O189: 54.76 | P189: 68.62 | Q189: 83.34 | R189: 82.71 | S189: 82.75 | T189: 83.43 | U189: 83.36 | V189: 83.24 | W189: 82.57 | X189: 82.93 | Y189: 82.73 | Z189: 83.38 | AA189: 83.29 | AB189: 82.51
B190: FESO 2027.RAPID.4.NO_VPP_MLv2 | C190: CM | H190: 119.35 | I190: 119.09 | J190: 119.84 | K190: 118.93 | L190: 119.26 | M190: 120.05 | N190: 119.52 | O190: 119.31 | P190: 119.43 | Q190: 119.1 | R190: 118.71 | S190: 119.46 | T190: 119.64 | U190: 119.21 | V190: 119.55 | W190: 119.55 | X190: 119.1 | Y190: 119.13 | Z190: 120.08 | AA190: 119.76 | AB190: 119.38
B191: FESO 2027.RAPID.4.NO_VPP_MLv2 | C191: EG | M191: 80.44 | N191: 155.27 | O191: 230.09 | P191: 266.22 | Q191: 266.08 | R191: 309.22 | S191: 352.25 | T191: 395.23 | U191: 481.37 | V191: 573.46 | W191: 718.69 | X191: 917.15 | Y191: 1072.5 | Z191: 1228.1 | AA191: 1383.32 | AB191: 1539.09
B192: FESO 2027.RAPID.4.NO_VPP_MLv2 | C192: GL | E192: 123.22 | F192: 123.53 | G192: 123.47 | H192: 123.62 | I192: 123.07 | J192: 124.99 | K192: 125.15 | L192: 125.37 | M192: 141.07 | N192: 142.91 | O192: 144.11 | P192: 143.62 | Q192: 144.26 | R192: 144.12 | S192: 143.75 | T192: 143.9 | U192: 143.81 | V192: 143.9 | W192: 144.28 | X192: 143.26 | Y192: 143.66 | Z192: 143.81 | AA192: 144.26 | AB192: 143.46
B193: FESO 2027.RAPID.4.NO_VPP_MLv2 | C193: GS | I193: 14.32 | J193: 28.85 | K193: 43.54 | L193: 57.37 | M193: 71.38 | N193: 86.75 | O193: 100.83 | P193: 115.12 | Q193: 130.29 | R193: 144.65 | S193: 143.82 | T193: 144.91 | U193: 143.93 | V193: 143.73 | W193: 144.11 | X193: 144.04 | Y193: 143.11 | Z193: 144.62 | AA193: 144.29 | AB193: 144.2
B194: FESO 2027.RAPID.4.NO_VPP_MLv2 | C194: KD | D194: 33.74 | E194: 36.04 | F194: 35.87 | G194: 36.11 | H194: 36.14 | I194: 35.79 | J194: 35.82 | K194: 35.82 | L194: 36.14 | M194: 35.83 | N194: 36.02 | O194: 36.01 | P194: 35.83 | Q194: 35.69 | R194: 35.95 | S194: 35.84 | T194: 35.84 | U194: 35.88 | V194: 35.96 | W194: 36.03 | X194: 35.78 | Y194: 35.81 | Z194: 35.81 | AA194: 35.9 | AB194: 35.69
B195: FESO 2027.RAPID.4.NO_VPP_MLv2 | C195: KM | J195: 67.75 | K195: 135.83 | L195: 203.49 | M195: 223.93 | N195: 222.89 | O195: 245.52 | P195: 242.66 | Q195: 266.06 | R195: 297.6 | S195: 318.31 | T195: 361.45 | U195: 449.53 | V195: 581.41 | W195: 757.23 | X195: 889.79 | Y195: 977.12 | Z195: 1019.03 | AA195: 1021.1 | AB195: 1021.15
B196: FESO 2027.RAPID.4.NO_VPP_MLv2 | C196: KW | F196: 37.98 | G196: 43.68 | H196: 48.92 | I196: 54.14 | J196: 68.85 | K196: 83.53 | L196: 99.25 | M196: 278.28 | N196: 288.87 | O196: 299.67 | P196: 310.61 | Q196: 317.12 | R196: 316.01 | S196: 316.13 | T196: 319.41 | U196: 320.51 | V196: 323.85 | W196: 325.51 | X196: 325.99 | Y196: 326.32 | Z196: 328.46 | AA196: 331.59 | AB196: 332.69
B197: FESO 2027.RAPID.4.NO_VPP_MLv2 | C197: MC | G197: 1.16 | H197: 1.16 | I197: 1.16 | J197: 1.16 | K197: 1.16 | L197: 1.16 | M197: 1.16 | N197: 1.16 | O197: 1.16 | P197: 1.16 | Q197: 1.16 | R197: 1.16 | S197: 1.16 | T197: 1.16 | U197: 3.12 | V197: 3.11 | W197: 3.12 | X197: 3.09 | Y197: 3.1 | Z197: 3.13 | AA197: 3.12 | AB197: 3.13
B198: FESO 2027.RAPID.4.NO_VPP_MLv2 | C198: MN | D198: 4.96 | E198: 2.5 | F198: 2.5 | G198: 2.48 | H198: 3.38 | I198: 3.39 | J198: 3.37 | K198: 8.98 | L198: 13.64 | M198: 13.67 | N198: 13.65 | O198: 13.61 | P198: 13.6 | Q198: 13.59 | R198: 13.64 | S198: 13.61 | T198: 13.65 | U198: 13.61 | V198: 13.58 | W198: 15.95 | X198: 15.85 | Y198: 15.89 | Z198: 15.94 | AA198: 15.93 | AB198: 15.92
B199: FESO 2027.RAPID.4.NO_VPP_MLv2 | C199: MR | D199: 24.41 | E199: 13.5 | F199: 13.65 | G199: 13.42 | H199: 13.5 | I199: 13.61 | J199: 13.44 | K199: 13.45 | L199: 13.54 | M199: 13.63 | N199: 13.54 | O199: 13.58 | P199: 13.57 | Q199: 13.5 | R199: 13.48 | S199: 13.52 | T199: 15.39 | U199: 15.36 | V199: 15.48 | W199: 15.45 | X199: 15.33 | Y199: 15.49 | Z199: 15.43 | AA199: 15.42 | AB199: 15.49
B200: FESO 2027.RAPID.4.NO_VPP_MLv2 | C200: MS | E200: 2.73 | F200: 9.27 | G200: 9.26 | H200: 279.73 | I200: 398.86 | J200: 540.63 | K200: 683.13 | L200: 827.4 | M200: 990.05 | N200: 1090.86 | O200: 1189.61 | P200: 1288.99 | Q200: 1389.05 | R200: 1444.81 | S200: 1505.84 | T200: 1559.65 | U200: 1627.71 | V200: 1680.72 | W200: 1752.65 | X200: 1829.61 | Y200: 1874.68 | Z200: 1923.84 | AA200: 1967.53 | AB200: 1960.95
B201: FESO 2027.RAPID.4.NO_VPP_MLv2 | C201: MU | E201: 17.89 | F201: 109.87 | G201: 227.93 | H201: 323.83 | I201: 424.49 | J201: 471.36 | K201: 521.11 | L201: 645.42 | M201: 774.02 | N201: 900.14 | O201: 897.43 | P201: 901.63 | Q201: 898.86 | R201: 899.19 | S201: 898.88 | T201: 899.75 | U201: 902.43 | V201: 895.97 | W201: 901.59 | X201: 900.56 | Y201: 902.5 | Z201: 901.01 | AA201: 902.36 | AB201: 899.87
B202: FESO 2027.RAPID.4.NO_VPP_MLv2 | C202: MW | E202: 10.73 | F202: 10.69 | G202: 10.68 | H202: 10.62 | I202: 10.66 | J202: 10.64 | K202: 10.63 | L202: 10.63 | M202: 10.64 | N202: 10.65 | O202: 10.66 | P202: 10.65 | Q202: 10.67 | R202: 10.61 | S202: 10.68 | T202: 10.7 | U202: 10.63 | V202: 10.63 | W202: 10.62 | X202: 10.7 | Y202: 10.63 | Z202: 10.69 | AA202: 10.64 | AB202: 10.73
B203: FESO 2027.RAPID.4.NO_VPP_MLv2 | C203: NB | E203: 158.02 | F203: 158.65 | G203: 238.38 | H203: 237.41 | I203: 242.09 | J203: 241.99 | K203: 241.48 | L203: 244.01 | M203: 243.6 | N203: 243.67 | O203: 343.94 | P203: 343.29 | Q203: 342.3 | R203: 344.48 | S203: 342.79 | T203: 342.46 | U203: 342.11 | V203: 345.01 | W203: 344.13 | X203: 344.22 | Y203: 342.83 | Z203: 343.56 | AA203: 343.19 | AB203: 342.93
B204: FESO 2027.RAPID.4.NO_VPP_MLv2 | C204: NC | E204: 158.25 | F204: 173.86 | G204: 173.57 | H204: 173.89 | I204: 173.53 | J204: 173.63 | K204: 173.65 | L204: 173.65 | M204: 173.62 | N204: 173.62 | O204: 173.69 | P204: 173.23 | Q204: 173.55 | R204: 173.17 | S204: 173.5 | T204: 173.46 | U204: 173.19 | V204: 173.07 | W204: 173.52 | X204: 173.8 | Y204: 173.52 | Z204: 173.24 | AA204: 174 | AB204: 173.47
B205: FESO 2027.RAPID.4.NO_VPP_MLv2 | C205: PL | D205: 63.78 | E205: 32.02 | F205: 32.05 | G205: 31.75 | H205: 31.96 | I205: 31.7 | J205: 32.01 | K205: 31.58 | L205: 31.61 | M205: 33.73 | N205: 33.78 | O205: 33.75 | P205: 33.83 | Q205: 33.99 | R205: 39.03 | S205: 39.35 | T205: 39.03 | U205: 39.27 | V205: 38.91 | W205: 39.29 | X205: 38.92 | Y205: 39.4 | Z205: 39.05 | AA205: 39.43 | AB205: 39.36
B206: FESO 2027.RAPID.4.NO_VPP_MLv2 | C206: TBC | F206: 83.19 | G206: 126.39 | H206: 389.91 | I206: 412.3 | J206: 450.71 | K206: 449.86 | L206: 450.55 | M206: 465.16 | N206: 773.22 | O206: 774.97 | P206: 772.86 | Q206: 768.39 | R206: 939.19 | S206: 936.83 | T206: 977.31 | U206: 1015.33 | V206: 1049.76 | W206: 1089.78 | X206: 1094.26 | Y206: 1088.51 | Z206: 1091.77 | AA206: 1088.67 | AB206: 1093.56
B207: FESO 2027.RAPID.4.NO_VPP_MLv2 | C207: TS | D207: 35.15 | E207: 17.58 | F207: 17.55 | G207: 17.47 | H207: 41.02 | I207: 69.09 | J207: 97.12 | K207: 125.14 | L207: 155.67 | M207: 155.95 | N207: 155.06 | O207: 155.24 | P207: 154.81 | Q207: 154.8 | R207: 168.57 | S207: 185.03 | T207: 197.76 | U207: 211.77 | V207: 226.45 | W207: 226.57 | X207: 226.59 | Y207: 226.74 | Z207: 228.68 | AA207: 228.22 | AB207: 225.5
B210: New large loads (MWh)
B211: Source:
B212: SCENARIO_NAME | C212: NODE | D212: 2026 | E212: 2027 | F212: 2028 | G212: 2029 | H212: 2030 | I212: 2031 | J212: 2032 | K212: 2033 | L212: 2034 | M212: 2035 | N212: 2036 | O212: 2037 | P212: 2038 | Q212: 2039 | R212: 2040 | S212: 2041 | T212: 2042 | U212: 2043 | V212: 2044 | W212: 2045 | X212: 2046 | Y212: 2047 | Z212: 2048 | AA212: 2049 | AB212: 2050
B213: FESO 2027.CONSTRAINED.4.NO_VPP_MLv2 | C213: GL | E213: 382630.16 | F213: 383729.16 | G213: 382662.34 | H213: 382630.36 | I213: 382640.77 | J213: 395841.59 | K213: 394746.34 | L213: 394720.62 | M213: 394737.23 | N213: 408556.36 | O213: 919958 | P213: 919904.65 | Q213: 919951.86 | R213: 922484.01 | S213: 919911.81 | T213: 919918.43 | U213: 919943.12 | V213: 922450.52 | W213: 919951.56 | X213: 919914.97 | Y213: 919935.21 | Z213: 922432.32 | AA213: 919932.32 | AB213: 919911.94
B214: FESO 2027.CONSTRAINED.4.NO_VPP_MLv2 | C214: GS | R214: 91361.82 | S214: 182201.55 | T214: 273332.79 | U214: 364405.19 | V214: 456777.72 | W214: 455511.96 | X214: 455519.12 | Y214: 455517.08 | Z214: 456786.62 | AA214: 455521.39 | AB214: 455492.99
B215: FESO 2027.CONSTRAINED.4.NO_VPP_MLv2 | C215: KW | F215: 172736.52 | G215: 172193.57 | H215: 172192.61 | I215: 172187.36 | J215: 172737.7 | K215: 172188.45 | L215: 172181.27 | M215: 937454.29 | N215: 940488.68 | O215: 937436.15 | P215: 937463.16 | Q215: 978005.28 | R215: 1021784.4 | S215: 1059088 | T215: 1099735.9 | U215: 1140194.1 | V215: 1184517.9 | W215: 1261919 | X215: 1343052.9 | Y215: 1424138.1 | Z215: 1509945.7 | AA215: 1545790.2 | AB215: 1545816
B216: FESO 2027.CONSTRAINED.4.NO_VPP_MLv2 | C216: MC | G216: 7280.86 | H216: 7281.16 | I216: 7281.18 | J216: 7302.89 | K216: 7280.765 | L216: 7280.955 | M216: 7280.375 | N216: 7302.08 | O216: 7280.87 | P216: 7281 | Q216: 7281.235 | R216: 7301.88 | S216: 7280.89 | T216: 7280.98 | U216: 19578.93 | V216: 19636.965 | W216: 19579.64 | X216: 19579.23 | Y216: 19579.845 | Z216: 19637.43 | AA216: 19579.18 | AB216: 19579.44
B217: FESO 2027.CONSTRAINED.4.NO_VPP_MLv2 | C217: MN | D217: 23668.05 | E217: 15644.795 | F217: 15691.355 | G217: 15644.335 | H217: 21253.28 | I217: 21252.505 | J217: 21315.225 | K217: 56475.89 | L217: 85601.76 | M217: 85600.695 | N217: 85851.89 | O217: 85601.31 | P217: 85598.535 | Q217: 85599.195 | R217: 85849.63 | S217: 85600.025 | T217: 85597.265 | U217: 85600.785 | V217: 85851.755 | W217: 100159.24 | X217: 100163.54 | Y217: 100161.68 | Z217: 100454.64 | AA217: 100158.1 | AB217: 100163.62
B218: FESO 2027.CONSTRAINED.4.NO_VPP_MLv2 | C218: MR | D218: 76307.805 | E218: 49744.915 | F218: 49868.165 | G218: 49738.895 | H218: 49746.33 | I218: 49742.82 | J218: 49864.305 | K218: 49741.01 | L218: 49742.095 | M218: 49740.53 | N218: 49864.915 | O218: 49740.665 | P218: 49740.14 | Q218: 49743.26 | R218: 49863.295 | S218: 49744.05 | T218: 68039.245 | U218: 68041.995 | V218: 68220.805 | W218: 68042.55 | X218: 68045.25 | Y218: 68045.685 | Z218: 68214.315 | AA218: 68042.89 | AB218: 68043.69
B219: FESO 2027.CONSTRAINED.4.NO_VPP_MLv2 | C219: MS | E219: 17119.895 | F219: 58319.91 | G219: 58152.22 | H219: 58150.915 | I219: 58150.755 | J219: 58319.195 | K219: 58149.205 | L219: 58148.33 | M219: 58148.73 | N219: 58318.65 | O219: 58149.845 | P219: 58148.375 | Q219: 62279.49 | R219: 427911.71 | S219: 808606.01 | T219: 1173123.4 | U219: 1537402.2 | V219: 1929460 | W219: 2015189.1 | X219: 2125687.6 | Y219: 2216790.2 | Z219: 2314396 | AA219: 2398972.1 | AB219: 2490007.4
B220: FESO 2027.CONSTRAINED.4.NO_VPP_MLv2 | C220: MU | P220: 352060.01 | Q220: 914582.78 | R220: 1127940.8 | S220: 1335530.7 | T220: 1545907.3 | U220: 1756300.5 | V220: 1760920.4 | W220: 1756353.1 | X220: 1756424.2 | Y220: 1756281.2 | Z220: 1760945.6 | AA220: 1756375.1 | AB220: 1756218.9
B221: FESO 2027.CONSTRAINED.4.NO_VPP_MLv2 | C221: NB | E221: 464619.89 | F221: 465682.77 | G221: 464665.79 | H221: 464624.48 | I221: 504182.68 | J221: 505296.34 | K221: 504191.34 | L221: 504166.04 | M221: 504175.62 | N221: 505297.93 | O221: 504200.09 | P221: 510466.54 | Q221: 1182561.6 | R221: 1185530.9 | S221: 1182636.1 | T221: 1182586.7 | U221: 1182561.4 | V221: 1185531.1 | W221: 1182573.9 | X221: 1182622.8 | Y221: 1182565.3 | Z221: 1185538.6 | AA221: 1182565.5 | AB221: 1182544
B222: FESO 2027.CONSTRAINED.4.NO_VPP_MLv2 | C222: NC | E222: 575770.4 | F222: 771232.6 | G222: 852779.21 | H222: 877327.89 | I222: 1052253.2 | J222: 1055289.4 | K222: 1052258.7 | L222: 1052224.3 | M222: 1052229.8 | N222: 1055251.4 | O222: 1052268.4 | P222: 1052211.8 | Q222: 1052202.8 | R222: 1055291.1 | S222: 1052233.3 | T222: 1052245.4 | U222: 1052228 | V222: 1055301.3 | W222: 1052248.4 | X222: 1052232.4 | Y222: 1052275.7 | Z222: 1055263.6 | AA222: 1052192.6 | AB222: 1052291.6
B223: FESO 2027.CONSTRAINED.4.NO_VPP_MLv2 | C223: PL | D223: 143718.6 | E223: 94040.725 | F223: 94240.95 | G223: 94036.11 | H223: 94033.09 | I223: 94036 | J223: 94237.41 | K223: 94031.635 | L223: 94035.915 | M223: 111155.33 | N223: 111410.74 | O223: 111158.09 | P223: 111152.99 | Q223: 111153.63 | R223: 154435.01 | S223: 154048.78 | T223: 154055.58 | U223: 154055.39 | V223: 154428.04 | W223: 154054.7 | X223: 154058.93 | Y223: 154058.94 | Z223: 154428.7 | AA223: 154055.83 | AB223: 154053.28
B224: FESO 2027.CONSTRAINED.4.NO_VPP_MLv2 | C224: TBC | F224: 287883.05 | G224: 286989.75 | H224: 302292.69 | I224: 317591.34 | J224: 333942.93 | K224: 348200.53 | L224: 363500.56 | M224: 363497.6 | N224: 364640.37 | O224: 363495.94 | P224: 631340.49 | Q224: 918304.69 | R224: 1266500.6 | S224: 1262699.3 | T224: 1262717.6 | U224: 1262640.1 | V224: 1266467.3 | W224: 1262656.2 | X224: 3022693.1 | Y224: 3022784.3 | Z224: 3031814.7 | AA224: 3022863.8 | AB224: 3022707.8
B225: FESO 2027.CONSTRAINED.4.NO_VPP_MLv2 | C225: TS | D225: 79035.055 | E225: 51718.74 | F225: 51826.795 | G225: 51716.825 | H225: 51715.17 | I225: 51715.945 | J225: 51825.465 | K225: 51714.945 | L225: 51716.465 | M225: 51715.115 | N225: 51827.745 | O225: 51714.605 | P225: 51712.5 | Q225: 51712.77 | R225: 51828.065 | S225: 51713.535 | T225: 51713.48 | U225: 51716.085 | V225: 51826.79 | W225: 51713.26 | X225: 51718.86 | Y225: 51717.595 | Z225: 51824.38 | AA225: 51717.285 | AB225: 51716.32
...

Sheet Large load decarbonisation
B1: Back to summary
B2: Large load decarbonisation
B3: Category B large loads: decarbonisation of existing industrial and commercial large consumers of fuel. Demand is estimated per sector and is then disaggregated into zones.
E4: SWIS electricity use (TWh)
B5: EPWA Sector | C5: Scenario | D5: Energy Type | E5: 2026-27 | F5: 2027-28 | G5: 2028-29 | H5: 2029-30 | I5: 2030-31 | J5: 2031-32 | K5: 2032-33 | L5: 2033-34 | M5: 2034-35 | N5: 2035-36 | O5: 2036-37 | P5: 2037-38 | Q5: 2038-39 | R5: 2039-40 | S5: 2040-41 | T5: 2041-42 | U5: 2042-43 | V5: 2043-44 | W5: 2044-45 | X5: 2045-46 | Y5: 2046-47 | Z5: 2047-48 | AA5: 2048-49 | AB5: 2049-50 | AC5: 2050-51
B6: Mining | C6: Central | D6: Electricity | E6: - | F6: - | G6: - | H6: - | I6: - | J6: - | K6: - | L6: - | M6: - | N6: - | O6: 0.019 | P6: 0.0381 | Q6: 0.0571 | R6: 0.0761 | S6: 0.0952 | T6: 0.1126 | U6: 0.1301 | V6: 0.1475 | W6: 0.165 | X6: 0.1824 | Y6: 0.1999 | Z6: 0.2173 | AA6: 0.2348 | AB6: 0.2522 | AC6: 0.2697
D7: Stationary | E7: - | F7: - | G7: - | H7: - | I7: - | J7: - | K7: - | L7: - | M7: - | N7: - | O7: 0.0782 | P7: 0.1564 | Q7: 0.2346 | R7: 0.3128 | S7: 0.391 | T7: 0.4302 | U7: 0.4693 | V7: 0.5084 | W7: 0.5475 | X7: 0.5866 | Y7: 0.6257 | Z7: 0.6648 | AA7: 0.7039 | AB7: 0.743 | AC7: 0.7821
D8: Transport | E8: 0.0006 | F8: 0.0012 | G8: 0.0018 | H8: 0.0024 | I8: 0.0031 | J8: 0.0037 | K8: 0.0043 | L8: 0.0049 | M8: 0.0055 | N8: 0.0061 | O8: 0.0067 | P8: 0.1083 | Q8: 0.2099 | R8: 0.3114 | S8: 0.413 | T8: 0.5262 | U8: 0.6394 | V8: 0.7526 | W8: 0.8658 | X8: 0.979 | Y8: 1.0922 | Z8: 1.2054 | AA8: 1.3186 | AB8: 1.4317 | AC8: 1.5449
C9: Rapid Change | D9: Electricity | E9: - | F9: - | G9: - | H9: - | I9: - | J9: 0.0143 | K9: 0.0286 | L9: 0.0428 | M9: 0.0571 | N9: 0.0714 | O9: 0.0857 | P9: 0.0999 | Q9: 0.1142 | R9: 0.1285 | S9: 0.1428 | T9: 0.1586 | U9: 0.1745 | V9: 0.1903 | W9: 0.2062 | X9: 0.2221 | Y9: 0.2379 | Z9: 0.2538 | AA9: 0.2697 | AB9: 0.2855 | AC9: 0.3014
D10: Stationary | E10: - | F10: - | G10: - | H10: - | I10: - | J10: - | K10: - | L10: 0.0075 | M10: 0.1081 | N10: 0.2086 | O10: 0.3092 | P10: 0.4098 | Q10: 0.5103 | R10: 0.6109 | S10: 0.7039 | T10: 0.7751 | U10: 0.8464 | V10: 0.9177 | W10: 0.9889 | X10: 1.0602 | Y10: 1.1314 | Z10: 1.2027 | AA10: 1.2739 | AB10: 1.2739 | AC10: 1.2739
D11: Transport | E11: 0.0015 | F11: 0.0031 | G11: 0.0046 | H11: 0.0061 | I11: 0.0076 | J11: 0.0092 | K11: 0.3136 | L11: 0.618 | M11: 0.9224 | N11: 1.2268 | O11: 1.2829 | P11: 1.339 | Q11: 1.395 | R11: 1.4511 | S11: 1.5072 | T11: 1.5633 | U11: 1.6194 | V11: 1.6755 | W11: 1.7316 | X11: 1.7877 | Y11: 1.8437 | Z11: 1.8448 | AA11: 1.8458 | AB11: 1.8468 | AC11: 1.8478
C12: Constrained | D12: Electricity | E12: - | F12: - | G12: - | H12: - | I12: - | J12: - | K12: - | L12: - | M12: - | N12: - | O12: 0.0063 | P12: 0.0127 | Q12: 0.019 | R12: 0.0254 | S12: 0.0317 | T12: 0.0381 | U12: 0.0444 | V12: 0.0508 | W12: 0.0571 | X12: 0.0634 | Y12: 0.0698 | Z12: 0.0761 | AA12: 0.0825 | AB12: 0.0888 | AC12: 0.0952
D13: Stationary | E13: - | F13: - | G13: - | H13: - | I13: - | J13: - | K13: - | L13: - | M13: - | N13: - | O13: 0.0171 | P13: 0.0343 | Q13: 0.0514 | R13: 0.0686 | S13: 0.0857 | T13: 0.1044 | U13: 0.123 | V13: 0.1417 | W13: 0.1604 | X13: 0.179 | Y13: 0.2966 | Z13: 0.4142 | AA13: 0.5318 | AB13: 0.6494 | AC13: 0.767
D14: Transport | E14: 0.0006 | F14: 0.0012 | G14: 0.0018 | H14: 0.0024 | I14: 0.0031 | J14: 0.0037 | K14: 0.0043 | L14: 0.0049 | M14: 0.0055 | N14: 0.0061 | O14: 0.0067 | P14: 0.0073 | Q14: 0.0079 | R14: 0.0086 | S14: 0.0092 | T14: 0.0906 | U14: 0.1719 | V14: 0.2533 | W14: 0.3347 | X14: 0.4161 | Y14: 0.5005 | Z14: 0.5849 | AA14: 0.6694 | AB14: 0.7538 | AC14: 0.8382
B15: Manufacturing (heat only) | C15: Central | D15: Electricity | E15: - | F15: - | G15: - | H15: - | I15: - | J15: - | K15: - | L15: - | M15: - | N15: - | O15: 0.0103 | P15: 0.0205 | Q15: 0.0308 | R15: 0.0411 | S15: 0.0513 | T15: 0.059 | U15: 0.0667 | V15: 0.0744 | W15: 0.0821 | X15: 0.0898 | Y15: 0.0975 | Z15: 0.1052 | AA15: 0.1129 | AB15: 0.1206 | AC15: 0.1283
D16: Stationary | E16: - | F16: - | G16: - | H16: - | I16: - | J16: - | K16: - | L16: - | M16: - | N16: - | O16: 0.0797 | P16: 0.1594 | Q16: 0.2391 | R16: 0.3187 | S16: 0.3984 | T16: 0.4781 | U16: 0.5578 | V16: 0.6375 | W16: 0.7172 | X16: 0.7968 | Y16: 0.9562 | Z16: 1.1156 | AA16: 1.275 | AB16: 1.4343 | AC16: 1.5937
D17: Transport | E17: 0.0004 | F17: 0.0007 | G17: 0.0011 | H17: 0.0014 | I17: 0.0018 | J17: 0.0021 | K17: 0.0025 | L17: 0.0028 | M17: 0.0032 | N17: 0.0035 | O17: 0.0039 | P17: 0.0067 | Q17: 0.0096 | R17: 0.0125 | S17: 0.0153 | T17: 0.0182 | U17: 0.021 | V17: 0.0239 | W17: 0.0268 | X17: 0.0296 | Y17: 0.0345 | Z17: 0.0394 | AA17: 0.0442 | AB17: 0.0491 | AC17: 0.054
C18: Rapid Change | D18: Electricity | E18: - | F18: - | G18: - | H18: - | I18: - | J18: 0.0103 | K18: 0.0205 | L18: 0.0308 | M18: 0.0411 | N18: 0.0513 | O18: 0.0616 | P18: 0.0718 | Q18: 0.0821 | R18: 0.0924 | S18: 0.1026 | T18: 0.1129 | U18: 0.1232 | V18: 0.1334 | W18: 0.1437 | X18: 0.154 | Y18: 0.1642 | Z18: 0.1745 | AA18: 0.1847 | AB18: 0.195 | AC18: 0.2053
D19: Stationary | E19: - | F19: - | G19: - | H19: - | I19: - | J19: - | K19: - | L19: - | M19: 0.2277 | N19: 0.4553 | O19: 0.683 | P19: 0.9107 | Q19: 1.1384 | R19: 1.366 | S19: 1.5937 | T19: 1.7132 | U19: 1.8327 | V19: 1.9523 | W19: 2.0718 | X19: 2.1913 | Y19: 2.3109 | Z19: 2.4304 | AA19: 2.5499 | AB19: 2.6694 | AC19: 2.789
D20: Transport | E20: 0.0005 | F20: 0.0009 | G20: 0.0014 | H20: 0.0019 | I20: 0.0024 | J20: 0.0028 | K20: 0.0075 | L20: 0.0121 | M20: 0.0168 | N20: 0.0214 | O20: 0.0261 | P20: 0.0307 | Q20: 0.0354 | R20: 0.04 | S20: 0.0447 | T20: 0.0505 | U20: 0.0563 | V20: 0.0621 | W20: 0.068 | X20: 0.0738 | Y20: 0.0796 | Z20: 0.0798 | AA20: 0.08 | AB20: 0.0801 | AC20: 0.0803
C21: Constrained | D21: Electricity | E21: - | F21: - | G21: - | H21: - | I21: - | J21: - | K21: - | L21: - | M21: - | N21: - | O21: 0.0026 | P21: 0.0051 | Q21: 0.0077 | R21: 0.0103 | S21: 0.0128 | T21: 0.0154 | U21: 0.018 | V21: 0.0205 | W21: 0.0231 | X21: 0.0257 | Y21: 0.0462 | Z21: 0.0667 | AA21: 0.0872 | AB21: 0.1078 | AC21: 0.1283
D22: Stationary | E22: - | F22: - | G22: - | H22: - | I22: - | J22: - | K22: - | L22: - | M22: - | N22: - | O22: 0.0585 | P22: 0.1171 | Q22: 0.1756 | R22: 0.2342 | S22: 0.2927 | T22: 0.3513 | U22: 0.4098 | V22: 0.4683 | W22: 0.5269 | X22: 0.5854 | Y22: 0.6245 | Z22: 0.6635 | AA22: 0.7025 | AB22: 0.7415 | AC22: 0.7806
D23: Transport | E23: 0.0003 | F23: 0.0005 | G23: 0.0008 | H23: 0.0011 | I23: 0.0013 | J23: 0.0016 | K23: 0.0019 | L23: 0.0021 | M23: 0.0024 | N23: 0.0026 | O23: 0.0029 | P23: 0.0032 | Q23: 0.0034 | R23: 0.0037 | S23: 0.004 | T23: 0.0057 | U23: 0.0075 | V23: 0.0093 | W23: 0.011 | X23: 0.0128 | Y23: 0.015 | Z23: 0.0172 | AA23: 0.0194 | AB23: 0.0217 | AC23: 0.0239
B24: Non-mining>other | C24: Central | D24: Electricity | E24: - | F24: - | G24: - | H24: - | I24: - | J24: - | K24: - | L24: - | M24: - | N24: - | O24: 0.0021 | P24: 0.0042 | Q24: 0.0062 | R24: 0.0083 | S24: 0.0104 | T24: 0.0115 | U24: 0.0125 | V24: 0.0135 | W24: 0.0146 | X24: 0.0156 | Y24: 0.0167 | Z24: 0.0177 | AA24: 0.0187 | AB24: 0.0198 | AC24: 0.0208
D25: Stationary | E25: - | F25: - | G25: - | H25: - | I25: - | J25: - | K25: - | L25: - | M25: - | N25: - | O25: 0.0079 | P25: 0.0159 | Q25: 0.0238 | R25: 0.0318 | S25: 0.0397 | T25: 0.0437 | U25: 0.0476 | V25: 0.0516 | W25: 0.0556 | X25: 0.0595 | Y25: 0.0635 | Z25: 0.0675 | AA25: 0.0714 | AB25: 0.0754 | AC25: 0.0794
D26: Transport | E26: 0.0023 | F26: 0.0046 | G26: 0.0081 | H26: 0.0145 | I26: 0.021 | J26: 0.0404 | K26: 0.0599 | L26: 0.0793 | M26: 0.0988 | N26: 0.1183 | O26: 0.1388 | P26: 0.1593 | Q26: 0.1798 | R26: 0.2003 | S26: 0.2208 | T26: 0.2461 | U26: 0.2714 | V26: 0.2954 | W26: 0.3246 | X26: 0.3537 | Y26: 0.4121 | Z26: 0.4704 | AA26: 0.5288 | AB26: 0.5871 | AC26: 0.6455
C27: Rapid Change | D27: Electricity | E27: - | F27: - | G27: - | H27: 0.0005 | I27: 0.001 | J27: 0.0026 | K27: 0.0043 | L27: 0.0059 | M27: 0.0075 | N27: 0.0092 | O27: 0.0108 | P27: 0.0125 | Q27: 0.0141 | R27: 0.0157 | S27: 0.0174 | T27: 0.0189 | U27: 0.0205 | V27: 0.022 | W27: 0.0236 | X27: 0.0252 | Y27: 0.0267 | Z27: 0.0283 | AA27: 0.0299 | AB27: 0.0314 | AC27: 0.033
D28: Stationary | E28: - | F28: - | G28: - | H28: - | I28: - | J28: 0.0119 | K28: 0.0238 | L28: 0.0357 | M28: 0.0476 | N28: 0.0595 | O28: 0.0639 | P28: 0.0684 | Q28: 0.0728 | R28: 0.0772 | S28: 0.0816 | T28: 0.086 | U28: 0.0904 | V28: 0.0948 | W28: 0.0992 | X28: 0.1036 | Y28: 0.108 | Z28: 0.1125 | AA28: 0.1169 | AB28: 0.1213 | AC28: 0.1257
D29: Transport | E29: 0.0021 | F29: 0.0043 | G29: 0.0064 | H29: 0.0148 | I29: 0.0232 | J29: 0.0315 | K29: 0.0772 | L29: 0.123 | M29: 0.1687 | N29: 0.2144 | O29: 0.2687 | P29: 0.323 | Q29: 0.3773 | R29: 0.4317 | S29: 0.486 | T29: 0.5497 | U29: 0.6135 | V29: 0.6773 | W29: 0.7384 | X29: 0.7995 | Y29: 0.8606 | Z29: 0.8728 | AA29: 0.8851 | AB29: 0.8974 | AC29: 0.9096
C30: Constrained | D30: Electricity | E30: - | F30: - | G30: - | H30: - | I30: - | J30: - | K30: - | L30: - | M30: - | N30: - | O30: - | P30: - | Q30: - | R30: - | S30: - | T30: 0.0017 | U30: 0.0035 | V30: 0.0052 | W30: 0.0069 | X30: 0.0093 | Y30: 0.0116 | Z30: 0.0139 | AA30: 0.0162 | AB30: 0.0185 | AC30: 0.0208
D31: Stationary | E31: - | F31: - | G31: - | H31: - | I31: - | J31: - | K31: - | L31: - | M31: - | N31: - | O31: 0.0053 | P31: 0.0106 | Q31: 0.0159 | R31: 0.0212 | S31: 0.0265 | T31: 0.0304 | U31: 0.0344 | V31: 0.0384 | W31: 0.0423 | X31: 0.0463 | Y31: 0.0503 | Z31: 0.0542 | AA31: 0.0582 | AB31: 0.0622 | AC31: 0.0661
D32: Transport | E32: 0.0009 | F32: 0.0017 | G32: 0.0026 | H32: 0.0053 | I32: 0.008 | J32: 0.0186 | K32: 0.0291 | L32: 0.0396 | M32: 0.0502 | N32: 0.0607 | O32: 0.0713 | P32: 0.0818 | Q32: 0.0923 | R32: 0.1046 | S32: 0.117 | T32: 0.1314 | U32: 0.1458 | V32: 0.1603 | W32: 0.1747 | X32: 0.1892 | Y32: 0.2453 | Z32: 0.3014 | AA32: 0.3575 | AB32: 0.4137 | AC32: 0.4698
B33: Government and social services | C33: Central | D33: Electricity | E33: - | F33: - | G33: - | H33: - | I33: - | J33: - | K33: - | L33: - | M33: - | N33: - | O33: 0.0001 | P33: 0.0001 | Q33: 0.0002 | R33: 0.0003 | S33: 0.0003 | T33: 0.0004 | U33: 0.0004 | V33: 0.0004 | W33: 0.0005 | X33: 0.0005 | Y33: 0.0005 | Z33: 0.0006 | AA33: 0.0006 | AB33: 0.0006 | AC33: 0.0007
D34: Stationary | E34: - | F34: - | G34: - | H34: - | I34: - | J34: - | K34: - | L34: - | M34: - | N34: - | O34: 0.007 | P34: 0.014 | Q34: 0.021 | R34: 0.028 | S34: 0.035 | T34: 0.0409 | U34: 0.0467 | V34: 0.0525 | W34: 0.0584 | X34: 0.0642 | Y34: 0.07 | Z34: 0.0759 | AA34: 0.0817 | AB34: 0.0875 | AC34: 0.0934
D35: Transport | E35: 0 | F35: 0.0001 | G35: 0.0001 | H35: 0.0001 | I35: 0.0002 | J35: 0.0002 | K35: 0.0003 | L35: 0.0003 | M35: 0.0003 | N35: 0.0004 | O35: 0.0004 | P35: 0.0005 | Q35: 0.0007 | R35: 0.0009 | S35: 0.001 | T35: 0.0012 | U35: 0.0013 | V35: 0.0015 | W35: 0.0016 | X35: 0.0018 | Y35: 0.0023 | Z35: 0.0029 | AA35: 0.0034 | AB35: 0.004 | AC35: 0.0045
C36: Rapid Change | D36: Electricity | E36: - | F36: - | G36: - | H36: 0 | I36: 0.0001 | J36: 0.0001 | K36: 0.0002 | L36: 0.0002 | M36: 0.0003 | N36: 0.0003 | O36: 0.0004 | P36: 0.0004 | Q36: 0.0005 | R36: 0.0005 | S36: 0.0005 | T36: 0.0006 | U36: 0.0006 | V36: 0.0007 | W36: 0.0007 | X36: 0.0008 | Y36: 0.0008 | Z36: 0.0009 | AA36: 0.0009 | AB36: 0.001 | AC36: 0.001
D37: Stationary | E37: - | F37: - | G37: - | H37: - | I37: - | J37: 0.0117 | K37: 0.0233 | L37: 0.035 | M37: 0.0467 | N37: 0.0584 | O37: 0.0619 | P37: 0.0654 | Q37: 0.0689 | R37: 0.0724 | S37: 0.0759 | T37: 0.0794 | U37: 0.0829 | V37: 0.0864 | W37: 0.0899 | X37: 0.0934 | Y37: 0.0969 | Z37: 0.1004 | AA37: 0.1039 | AB37: 0.1074 | AC37: 0.1109
D38: Transport | E38: 0.0001 | F38: 0.0002 | G38: 0.0002 | H38: 0.0003 | I38: 0.0004 | J38: 0.0005 | K38: 0.0008 | L38: 0.0011 | M38: 0.0014 | N38: 0.0017 | O38: 0.0021 | P38: 0.0024 | Q38: 0.0027 | R38: 0.003 | S38: 0.0033 | T38: 0.004 | U38: 0.0046 | V38: 0.0053 | W38: 0.0059 | X38: 0.0066 | Y38: 0.0072 | Z38: 0.0074 | AA38: 0.0075 | AB38: 0.0076 | AC38: 0.0077
C39: Constrained | D39: Electricity | E39: - | F39: - | G39: - | H39: - | I39: - | J39: - | K39: - | L39: - | M39: - | N39: - | O39: 0 | P39: 0.0001 | Q39: 0.0001 | R39: 0.0002 | S39: 0.0002 | T39: 0.0003 | U39: 0.0003 | V39: 0.0003 | W39: 0.0004 | X39: 0.0004 | Y39: 0.0004 | Z39: 0.0005 | AA39: 0.0005 | AB39: 0.0005 | AC39: 0.0005
D40: Stationary | E40: - | F40: - | G40: - | H40: - | I40: - | J40: - | K40: - | L40: - | M40: - | N40: - | O40: 0.0058 | P40: 0.0117 | Q40: 0.0175 | R40: 0.0233 | S40: 0.0292 | T40: 0.0344 | U40: 0.0397 | V40: 0.0449 | W40: 0.0502 | X40: 0.0554 | Y40: 0.0607 | Z40: 0.066 | AA40: 0.0712 | AB40: 0.0765 | AC40: 0.0817
D41: Transport | E41: 0 | F41: 0 | G41: 0.0001 | H41: 0.0001 | I41: 0.0001 | J41: 0.0001 | K41: 0.0002 | L41: 0.0002 | M41: 0.0002 | N41: 0.0002 | O41: 0.0003 | P41: 0.0003 | Q41: 0.0003 | R41: 0.0003 | S41: 0.0005 | T41: 0.0006 | U41: 0.0007 | V41: 0.0009 | W41: 0.001 | X41: 0.0011 | Y41: 0.0016 | Z41: 0.0021 | AA41: 0.0025 | AB41: 0.003 | AC41: 0.0035
B42: Non-government services | C42: Central | D42: Electricity | E42: - | F42: - | G42: - | H42: - | I42: - | J42: - | K42: - | L42: - | M42: - | N42: - | O42: 0.0001 | P42: 0.0001 | Q42: 0.0002 | R42: 0.0003 | S42: 0.0003 | T42: 0.0003 | U42: 0.0004 | V42: 0.0004 | W42: 0.0004 | X42: 0.0005 | Y42: 0.0005 | Z42: 0.0005 | AA42: 0.0006 | AB42: 0.0006 | AC42: 0.0006
D43: Stationary | E43: - | F43: - | G43: - | H43: - | I43: - | J43: - | K43: - | L43: - | M43: - | N43: - | O43: 0.0048 | P43: 0.0097 | Q43: 0.0145 | R43: 0.0193 | S43: 0.0242 | T43: 0.0266 | U43: 0.029 | V43: 0.0314 | W43: 0.0338 | X43: 0.0362 | Y43: 0.0386 | Z43: 0.0411 | AA43: 0.0435 | AB43: 0.0459 | AC43: 0.0483
D44: Transport | E44: 0.0001 | F44: 0.0001 | G44: 0.0002 | H44: 0.0002 | I44: 0.0003 | J44: 0.0003 | K44: 0.0007 | L44: 0.001 | M44: 0.0014 | N44: 0.0017 | O44: 0.0021 | P44: 0.0024 | Q44: 0.0028 | R44: 0.0031 | S44: 0.0034 | T44: 0.0038 | U44: 0.0041 | V44: 0.0045 | W44: 0.0048 | X44: 0.0052 | Y44: 0.0062 | Z44: 0.0072 | AA44: 0.0083 | AB44: 0.0093 | AC44: 0.0103
C45: Rapid Change | D45: Electricity | E45: - | F45: - | G45: - | H45: - | I45: - | J45: 0.0001 | K45: 0.0001 | L45: 0.0002 | M45: 0.0002 | N45: 0.0003 | O45: 0.0003 | P45: 0.0004 | Q45: 0.0004 | R45: 0.0005 | S45: 0.0005 | T45: 0.0006 | U45: 0.0006 | V45: 0.0007 | W45: 0.0007 | X45: 0.0008 | Y45: 0.0008 | Z45: 0.0009 | AA45: 0.0009 | AB45: 0.001 | AC45: 0.001
D46: Stationary | E46: - | F46: - | G46: - | H46: - | I46: - | J46: 0.0061 | K46: 0.0123 | L46: 0.0184 | M46: 0.0245 | N46: 0.0307 | O46: 0.0325 | P46: 0.0343 | Q46: 0.0362 | R46: 0.038 | S46: 0.0399 | T46: 0.0417 | U46: 0.0435 | V46: 0.0454 | W46: 0.0472 | X46: 0.0491 | Y46: 0.0509 | Z46: 0.0527 | AA46: 0.0546 | AB46: 0.0564 | AC46: 0.0583
D47: Transport | E47: 0.0001 | F47: 0.0001 | G47: 0.0002 | H47: 0.0003 | I47: 0.0004 | J47: 0.001 | K47: 0.0017 | L47: 0.0023 | M47: 0.003 | N47: 0.0036 | O47: 0.0043 | P47: 0.005 | Q47: 0.0056 | R47: 0.0063 | S47: 0.0069 | T47: 0.0079 | U47: 0.0089 | V47: 0.0099 | W47: 0.0108 | X47: 0.0118 | Y47: 0.0128 | Z47: 0.0129 | AA47: 0.013 | AB47: 0.0131 | AC47: 0.0133
C48: Constrained | D48: Electricity | E48: - | F48: - | G48: - | H48: - | I48: - | J48: - | K48: - | L48: - | M48: - | N48: - | O48: 0 | P48: 0.0001 | Q48: 0.0001 | R48: 0.0002 | S48: 0.0002 | T48: 0.0003 | U48: 0.0003 | V48: 0.0003 | W48: 0.0004 | X48: 0.0004 | Y48: 0.0005 | Z48: 0.0005 | AA48: 0.0005 | AB48: 0.0006 | AC48: 0.0006
D49: Stationary | E49: - | F49: - | G49: - | H49: - | I49: - | J49: - | K49: - | L49: - | M49: - | N49: - | O49: 0.0017 | P49: 0.0035 | Q49: 0.0052 | R49: 0.0069 | S49: 0.0087 | T49: 0.0104 | U49: 0.0121 | V49: 0.0158 | W49: 0.0195 | X49: 0.0233 | Y49: 0.0271 | Z49: 0.0308 | AA49: 0.0346 | AB49: 0.0384 | AC49: 0.0422
D50: Transport | E50: 0 | F50: 0.0001 | G50: 0.0001 | H50: 0.0001 | I50: 0.0002 | J50: 0.0002 | K50: 0.0002 | L50: 0.0004 | M50: 0.0007 | N50: 0.0009 | O50: 0.0011 | P50: 0.0013 | Q50: 0.0015 | R50: 0.0017 | S50: 0.0019 | T50: 0.0021 | U50: 0.0024 | V50: 0.0026 | W50: 0.0028 | X50: 0.003 | Y50: 0.0042 | Z50: 0.0055 | AA50: 0.0067 | AB50: 0.0079 | AC50: 0.0092
B51: Agriculture | C51: Central | D51: Electricity | E51: - | F51: - | G51: - | H51: - | I51: - | J51: - | K51: - | L51: - | M51: - | N51: - | O51: - | P51: - | Q51: - | R51: - | S51: - | T51: - | U51: - | V51: - | W51: - | X51: - | Y51: - | Z51: - | AA51: - | AB51: - | AC51: -
D52: Stationary | E52: - | F52: - | G52: - | H52: - | I52: - | J52: - | K52: - | L52: - | M52: - | N52: - | O52: 0.0006 | P52: 0.0011 | Q52: 0.0017 | R52: 0.0022 | S52: 0.0028 | T52: 0.0031 | U52: 0.0033 | V52: 0.0036 | W52: 0.0039 | X52: 0.0042 | Y52: 0.0045 | Z52: 0.0047 | AA52: 0.005 | AB52: 0.0053 | AC52: 0.0056
D53: Transport | E53: 0 | F53: 0 | G53: 0 | H53: 0 | I53: 0 | J53: 0 | K53: 0.0001 | L53: 0.0001 | M53: 0.0001 | N53: 0.0001 | O53: 0.0002 | P53: 0.0003 | Q53: 0.0005 | R53: 0.0006 | S53: 0.0007 | T53: 0.0009 | U53: 0.001 | V53: 0.0011 | W53: 0.0013 | X53: 0.0014 | Y53: 0.0017 | Z53: 0.002 | AA53: 0.0022 | AB53: 0.0025 | AC53: 0.0028
C54: Rapid Change | D54: Electricity | E54: - | F54: - | G54: - | H54: - | I54: - | J54: - | K54: - | L54: - | M54: - | N54: - | O54: - | P54: - | Q54: - | R54: - | S54: - | T54: - | U54: - | V54: - | W54: - | X54: - | Y54: - | Z54: - | AA54: - | AB54: - | AC54: -
D55: Stationary | E55: - | F55: - | G55: - | H55: - | I55: - | J55: 0.0007 | K55: 0.0014 | L55: 0.0021 | M55: 0.0028 | N55: 0.0035 | O55: 0.0037 | P55: 0.004 | Q55: 0.0042 | R55: 0.0044 | S55: 0.0047 | T55: 0.0049 | U55: 0.0051 | V55: 0.0053 | W55: 0.0056 | X55: 0.0058 | Y55: 0.006 | Z55: 0.0063 | AA55: 0.0065 | AB55: 0.0067 | AC55: 0.007
D56: Transport | E56: 0 | F56: 0 | G56: 0 | H56: 0.0001 | I56: 0.0001 | J56: 0.0001 | K56: 0.0001 | L56: 0.0001 | M56: 0.0001 | N56: 0.0002 | O56: 0.0006 | P56: 0.001 | Q56: 0.0014 | R56: 0.0019 | S56: 0.0023 | T56: 0.0025 | U56: 0.0027 | V56: 0.0029 | W56: 0.0031 | X56: 0.0033 | Y56: 0.0035 | Z56: 0.0037 | AA56: 0.0039 | AB56: 0.0041 | AC56: 0.0042
C57: Constrained | D57: Electricity | E57: - | F57: - | G57: - | H57: - | I57: - | J57: - | K57: - | L57: - | M57: - | N57: - | O57: - | P57: - | Q57: - | R57: - | S57: - | T57: - | U57: - | V57: - | W57: - | X57: - | Y57: - | Z57: - | AA57: - | AB57: - | AC57: -
D58: Stationary | E58: - | F58: - | G58: - | H58: - | I58: - | J58: - | K58: - | L58: - | M58: - | N58: - | O58: - | P58: - | Q58: - | R58: - | S58: 0.0004 | T58: 0.0008 | U58: 0.0013 | V58: 0.0017 | W58: 0.0021 | X58: 0.0024 | Y58: 0.0028 | Z58: 0.0031 | AA58: 0.0035 | AB58: 0.0038 | AC58: 0.0042
D59: Transport | E59: 0 | F59: 0 | G59: 0 | H59: 0 | I59: 0 | J59: 0 | K59: 0 | L59: 0 | M59: 0.0001 | N59: 0.0001 | O59: 0.0001 | P59: 0.0001 | Q59: 0.0001 | R59: 0.0001 | S59: 0.0001 | T59: 0.0002 | U59: 0.0004 | V59: 0.0005 | W59: 0.0007 | X59: 0.0008 | Y59: 0.0011 | Z59: 0.0013 | AA59: 0.0015 | AB59: 0.0017 | AC59: 0.002
B61: Annual consumption related to decarbonisation of existing large loads (TWh)
B62: Source:
B63: Scenario | C63: Zone | D63: 2026 | E63: 2027 | F63: 2028 | G63: 2029 | H63: 2030 | I63: 2031 | J63: 2032 | K63: 2033 | L63: 2034 | M63: 2035 | N63: 2036 | O63: 2037 | P63: 2038 | Q63: 2039 | R63: 2040 | S63: 2041 | T63: 2042 | U63: 2043 | V63: 2044 | W63: 2045 | X63: 2046 | Y63: 2047 | Z63: 2048 | AA63: 2049 | AB63: 2050
B64: Constrained | C64: CD
B65: Constrained | C65: CM
B66: Constrained | C66: EG
B67: Constrained | C67: GL
B68: Constrained | C68: GS
B69: Constrained | C69: KD
B70: Constrained | C70: KM
B71: Constrained | C71: KW
B72: Constrained | C72: MC
B73: Constrained | C73: MD
B74: Constrained | C74: MN
B75: Constrained | C75: MR
... B135: Rapid Change | C135: WL

Sheet Rooftop PV
B1: Back to summary
B2: Rooftop PV
B3: Yearly rooftop PV count and maximum capacity used as an input into the demand forecasts
B5: Rooftop PV count
B6: Source: Energeia
B7: SCENARIO_NAME | C7: NODE | D7: 2026 | E7: 2027 | F7: 2028 | G7: 2029 | H7: 2030 | I7: 2031 | J7: 2032 | K7: 2033 | L7: 2034 | M7: 2035 | N7: 2036 | O7: 2037 | P7: 2038 | Q7: 2039 | R7: 2040 | S7: 2041 | T7: 2042 | U7: 2043 | V7: 2044 | W7: 2045 | X7: 2046 | Y7: 2047 | Z7: 2048 | AA7: 2049 | AB7: 2050
B8: FESO 2027.CONSTRAINED.4.NO_VPP_MLv2 | C8: CD | D8: 34895 | E8: 35464 | F8: 35923 | G8: 36341 | H8: 36808 | I8: 38380 | J8: 39365 | K8: 40323 | L8: 41339 | M8: 42431 | N8: 43000 | O8: 43366 | P8: 44021 | Q8: 44139 | R8: 46435 | S8: 46937 | T8: 47609 | U8: 48481 | V8: 48964 | W8: 52314 | X8: 52792 | Y8: 53255 | Z8: 53830 | AA8: 54333 | AB8: 54926
B9: FESO 2027.CONSTRAINED.4.NO_VPP_MLv2 | C9: CM | D9: 2873 | E9: 2939 | F9: 2959 | G9: 2974 | H9: 3170 | I9: 3310 | J9: 3447 | K9: 3631 | L9: 3793 | M9: 4149 | N9: 4329 | O9: 4372 | P9: 4440 | Q9: 4514 | R9: 4667 | S9: 4834 | T9: 4944 | U9: 5019 | V9: 5119 | W9: 5445 | X9: 5515 | Y9: 5613 | Z9: 5819 | AA9: 5901 | AB9: 5950
B10: FESO 2027.CONSTRAINED.4.NO_VPP_MLv2 | C10: EG | D10: 8335 | E10: 8393 | F10: 8450 | G10: 8514 | H10: 9729 | I10: 10108 | J10: 10516 | K10: 11208 | L10: 11703 | M10: 14183 | N10: 14455 | O10: 14576 | P10: 14748 | Q10: 14895 | R10: 15264 | S10: 15714 | T10: 15864 | U10: 16037 | V10: 16222 | W10: 17079 | X10: 17243 | Y10: 17383 | Z10: 18761 | AA10: 19036 | AB10: 19231
B11: FESO 2027.CONSTRAINED.4.NO_VPP_MLv2 | C11: GL | D11: 27532 | E11: 27616 | F11: 27707 | G11: 27729 | H11: 27750 | I11: 28244 | J11: 28499 | K11: 28765 | L11: 29033 | M11: 29533 | N11: 29787 | O11: 29711 | P11: 29788 | Q11: 29666 | R11: 31562 | S11: 31679 | T11: 32071 | U11: 32507 | V11: 32658 | W11: 35106 | X11: 35226 | Y11: 35335 | Z11: 35512 | AA11: 35665 | AB11: 35779
B12: FESO 2027.CONSTRAINED.4.NO_VPP_MLv2 | C12: GS | D12: 8052 | E12: 8271 | F12: 8288 | G12: 8330 | H12: 8434 | I12: 8943 | J12: 9440 | K12: 10028 | L12: 10592 | M12: 11155 | N12: 11498 | O12: 11484 | P12: 11571 | Q12: 11698 | R12: 11819 | S12: 11948 | T12: 12006 | U12: 12100 | V12: 12125 | W12: 11340 | X12: 13977 | Y12: 14080 | Z12: 14292 | AA12: 14618 | AB12: 14788
B13: FESO 2027.CONSTRAINED.4.NO_VPP_MLv2 | C13: KD | D13: 1760 | E13: 1773 | F13: 1790 | G13: 1804 | H13: 1953 | I13: 2030 | J13: 2112 | K13: 2219 | L13: 2323 | M13: 2695 | N13: 2729 | O13: 2778 | P13: 2803 | Q13: 2832 | R13: 2949 | S13: 3084 | T13: 3124 | U13: 3170 | V13: 3247 | W13: 3392 | X13: 3431 | Y13: 3498 | Z13: 3699 | AA13: 3764 | AB13: 3832
B14: FESO 2027.CONSTRAINED.4.NO_VPP_MLv2 | C14: KM | D14: 35798 | E14: 36530 | F14: 36866 | G14: 37200 | H14: 37568 | I14: 39083 | J14: 40407 | K14: 42005 | L14: 43450 | M14: 44904 | N14: 45973 | O14: 46170 | P14: 46703 | Q14: 47318 | R14: 47948 | S14: 48466 | T14: 49041 | U14: 49578 | V14: 50063 | W14: 48213 | X14: 55913 | Y14: 56563 | Z14: 57087 | AA14: 58152 | AB14: 58827
B15: FESO 2027.CONSTRAINED.4.NO_VPP_MLv2 | C15: KW | D15: 16349 | E15: 16573 | F15: 16781 | G15: 16959 | H15: 17179 | I15: 18103 | J15: 18715 | K15: 19352 | L15: 19994 | M15: 20813 | N15: 20966 | O15: 21914 | P15: 23364 | Q15: 23749 | R15: 23993 | S15: 24374 | T15: 24603 | U15: 25249 | V15: 25600 | W15: 26890 | X15: 27087 | Y15: 27344 | Z15: 27566 | AA15: 27822 | AB15: 27989
B16: FESO 2027.CONSTRAINED.4.NO_VPP_MLv2 | C16: MC | D16: 24492 | E16: 26919 | F16: 27074 | G16: 27195 | H16: 27400 | I16: 28351 | J16: 28957 | K16: 30095 | L16: 32511 | M16: 33526 | N16: 37216 | O16: 37574 | P16: 38233 | Q16: 38660 | R16: 39382 | S16: 39750 | T16: 42336 | U16: 42734 | V16: 44182 | W16: 51844 | X16: 52156 | Y16: 52474 | Z16: 52800 | AA16: 56361 | AB16: 56660
B17: FESO 2027.CONSTRAINED.4.NO_VPP_MLv2 | C17: MD | D17: 2670 | E17: 2695 | F17: 2719 | G17: 2742 | H17: 3038 | I17: 3158 | J17: 3282 | K17: 3470 | L17: 3627 | M17: 4137 | N17: 4200 | O17: 4268 | P17: 4309 | Q17: 4380 | R17: 4522 | S17: 4728 | T17: 4770 | U17: 4852 | V17: 4907 | W17: 5144 | X17: 5180 | Y17: 5260 | Z17: 5542 | AA17: 5656 | AB17: 5718
B18: FESO 2027.CONSTRAINED.4.NO_VPP_MLv2 | C18: MN | D18: 102187 | E18: 107436 | F18: 107837 | G18: 108322 | H18: 108810 | I18: 111513 | J18: 113711 | K18: 116659 | L18: 120946 | M18: 123500 | N18: 130905 | O18: 132136 | P18: 132861 | Q18: 133472 | R18: 136458 | S18: 137172 | T18: 141081 | U18: 142338 | V18: 144502 | W18: 161960 | X18: 162915 | Y18: 163854 | Z18: 164860 | AA18: 171559 | AB18: 172316
... B79: FESO 2027.RAPID.4.NO_VPP_MLv2 | C79: WL | D79: 445 | E79: 454 | F79: 469 | G79: 494 | H79: 499 | I79: 562 | J79: 579 | K79: 604 | L79: 622 | M79: 643 | N79: 690 | O79: 802 | P79: 815 | Q79: 839 | R79: 852 | S79: 866 | T79: 883 | U79: 941 | V79: 946 | W79: 978 | X79: 995 | Y79: 1092 | Z79: 1128 | AA79: 1182 | AB79: 1209
B82: Rooftop PV capacity uptake (MW)
B83: Source: Energeia
B84: SCENARIO_NAME | C84: NODE | D84: 2026 | E84: 2027 | F84: 2028 | G84: 2029 | H84: 2030 | I84: 2031 | J84: 2032 | K84: 2033 | L84: 2034 | M84: 2035 | N84: 2036 | O84: 2037 | P84: 2038 | Q84: 2039 | R84: 2040 | S84: 2041 | T84: 2042 | U84: 2043 | V84: 2044 | W84: 2045 | X84: 2046 | Y84: 2047 | Z84: 2048 | AA84: 2049 | AB84: 2050
B85: FESO 2027.CONSTRAINED.4.NO_VPP_MLv2 | C85: CD | D85: 138.22 | E85: 143.9 | F85: 146.85 | G85: 151.43 | H85: 165.96 | I85: 176.43 | J85: 186.16 | K85: 195.36 | L85: 216.34 | M85: 225.69 | N85: 259.13 | O85: 320.92 | P85: 340.38 | Q85: 396.1 | R85: 414.82 | S85: 443.66 | T85: 482.94 | U85: 502 | V85: 585.35 | W85: 637.41 | X85: 647.56 | Y85: 659.97 | Z85: 679.8 | AA85: 699.45 | AB85: 721.92
B86: FESO 2027.CONSTRAINED.4.NO_VPP_MLv2 | C86: CM | D86: 13.22 | E86: 16.32 | F86: 16.64 | G86: 16.96 | H86: 19.38 | I86: 21.04 | J86: 22.77 | K86: 25.54 | L86: 27.14 | M86: 33.09 | N86: 36.08 | O86: 44.89 | P86: 48.11 | Q86: 53.83 | R86: 58.06 | S86: 62.96 | T86: 67.65 | U86: 72.3 | V86: 77.22 | W86: 90.79 | X86: 96.16 | Y86: 99.1 | Z86: 104.49 | AA86: 107.04 | AB86: 111.59
B87: FESO 2027.CONSTRAINED.4.NO_VPP_MLv2 | C87: EG | D87: 22.03 | E87: 22.23 | F87: 22.66 | G87: 22.96 | H87: 34.15 | I87: 35.58 | J87: 37.04 | K87: 45.25 | L87: 48.77 | M87: 66.88 | N87: 74.19 | O87: 101.86 | P87: 111.83 | Q87: 118.66 | R87: 123.48 | S87: 130.12 | T87: 134.09 | U87: 143.44 | V87: 152.61 | W87: 202.1 | X87: 208.44 | Y87: 216.69 | Z87: 230.2 | AA87: 238.46 | AB87: 242.99
B88: FESO 2027.CONSTRAINED.4.NO_VPP_MLv2 | C88: GL | D88: 110.98 | E88: 120.33 | F88: 123.65 | G88: 126.75 | H88: 138.37 | I88: 144.23 | J88: 150.06 | K88: 156.72 | L88: 170.52 | M88: 180.9 | N88: 207.16 | O88: 253.57 | P88: 266.19 | Q88: 311.47 | R88: 327.74 | S88: 343.64 | T88: 374.34 | U88: 389.95 | V88: 441.73 | W88: 478.61 | X88: 484.08 | Y88: 493.2 | Z88: 510.02 | AA88: 523.5 | AB88: 540.53
B89: FESO 2027.CONSTRAINED.4.NO_VPP_MLv2 | C89: GS | D89: 36.68 | E89: 40.58 | F89: 40.72 | G89: 41.37 | H89: 41.9 | I89: 47.42 | J89: 59.49 | K89: 65.58 | L89: 69.52 | M89: 77.92 | N89: 85.62 | O89: 92.16 | P89: 95.67 | Q89: 116.25 | R89: 127.01 | S89: 139.76 | T89: 142.41 | U89: 153.43 | V89: 170.76 | W89: 188.37 | X89: 210.72 | Y89: 216.02 | Z89: 221.33 | AA89: 228.49 | AB89: 234.97
B90: FESO 2027.CONSTRAINED.4.NO_VPP_MLv2 | C90: KD | D90: 6.41 | E90: 6.47 | F90: 6.58 | G90: 6.71 | H90: 8.11 | I90: 8.41 | J90: 8.72 | K90: 9.37 | L90: 9.94 | M90: 12.67 | N90: 13.71 | O90: 18.88 | P90: 20.41 | Q90: 21.69 | R90: 22.68 | S90: 24.41 | T90: 25.71 | U90: 27.32 | V90: 30.28 | W90: 39.73 | X90: 40.78 | Y90: 42.2 | Z90: 44.44 | AA90: 45.75 | AB90: 47.3
B91: FESO 2027.CONSTRAINED.4.NO_VPP_MLv2 | C91: KM | D91: 162.16 | E91: 173.72 | F91: 176.9 | G91: 180.64 | H91: 182.76 | I91: 199.18 | J91: 259.28 | K91: 276.89 | L91: 288 | M91: 310.38 | N91: 331.06 | O91: 373.47 | P91: 388.5 | Q91: 488.2 | R91: 545.47 | S91: 577.85 | T91: 588.68 | U91: 649.6 | V91: 713.67 | W91: 784.34 | X91: 856.78 | Y91: 888.91 | Z91: 903.45 | AA91: 928.49 | AB91: 947.09
B92: FESO 2027.CONSTRAINED.4.NO_VPP_MLv2 | C92: KW | D92: 66.8 | E92: 68.22 | F92: 70.94 | G92: 72.2 | H92: 76.98 | I92: 83.03 | J92: 96.41 | K92: 100.17 | L92: 109.2 | M92: 115.04 | N92: 136.61 | O92: 157.33 | P92: 168.11 | Q92: 177.23 | R92: 195.57 | S92: 239.76 | T92: 244.53 | U92: 256.06 | V92: 290 | W92: 332.76 | X92: 341.78 | Y92: 352.76 | Z92: 357.58 | AA92: 369.06 | AB92: 378.32
B93: FESO 2027.CONSTRAINED.4.NO_VPP_MLv2 | C93: MC | D93: 120.26 | E93: 140.48 | F93: 140.98 | G93: 173.08 | H93: 180.22 | I93: 201.49 | J93: 209.1 | K93: 237.14 | L93: 278.22 | M93: 310.34 | N93: 342.32 | O93: 374.13 | P93: 407.47 | Q93: 485.27 | R93: 553.67 | S93: 610.93 | T93: 685.35 | U93: 716.66 | V93: 785.51 | W93: 866.83 | X93: 899.53 | Y93: 920.84 | Z93: 977.63 | AA93: 1020.2 | AB93: 1087.58
B94: FESO 2027.CONSTRAINED.4.NO_VPP_MLv2 | C94: MD | D94: 9.38 | E94: 9.47 | F94: 9.59 | G94: 9.85 | H94: 12.71 | I94: 13.23 | J94: 13.73 | K94: 15.86 | L94: 16.78 | M94: 20.18 | N94: 22.11 | O94: 31.28 | P94: 33.97 | Q94: 35.75 | R94: 36.97 | S94: 39.71 | T94: 41.22 | U94: 43.22 | V94: 47.02 | W94: 62.11 | X94: 63.56 | Y94: 65.86 | Z94: 68.76 | AA94: 72.58 | AB94: 74.53
B95: FESO 2027.CONSTRAINED.4.NO_VPP_MLv2 | C95: MN | D95: 415.58 | E95: 460.02 | F95: 463.3 | G95: 474.08 | H95: 491.34 | I95: 521 | J95: 539.37 | K95: 601.34 | L95: 663.97 | M95: 724.38 | N95: 788.77 | O95: 861.35 | P95: 941.12 | Q95: 1138.18 | R95: 1215.42 | S95: 1384.11 | T95: 1540.53 | U95: 1623.84 | V95: 1826.7 | W95: 2000.7 | X95: 2061.78 | Y95: 2095.69 | Z95: 2231.56 | AA95: 2318.96 | AB95: 2400.21
... B156: FESO 2027.RAPID.4.NO_VPP_MLv2 | C156: WL | D156: 1.98 | E156: 2.06 | F156: 2.24 | G156: 2.47 | H156: 2.72 | I156: 3.43 | J156: 4.16 | K156: 4.4 | L156: 4.55 | M156: 4.87 | N156: 5.25 | O156: 7.18 | P156: 7.85 | Q156: 9.34 | R156: 9.79 | S156: 10.42 | T156: 11.19 | U156: 12.57 | V156: 13.5 | W156: 15.77 | X156: 16.27 | Y156: 17.7 | Z156: 18.91 | AA156: 19.21 | AB156: 19.96

Sheet BTM Storage
B1: Back to summary
B2: Behind the Meter (BTM) storage
B3: Yearly BTM battery count, total capacity and storage used as an input into the demand forecasts
B5: BTM battery count
B6: Source: Energeia
B7: SCENARIO_NAME | C7: NODE | D7: 2026 | E7: 2027 | F7: 2028 | G7: 2029 | H7: 2030 | I7: 2031 | J7: 2032 | K7: 2033 | L7: 2034 | M7: 2035 | N7: 2036 | O7: 2037 | P7: 2038 | Q7: 2039 | R7: 2040 | S7: 2041 | T7: 2042 | U7: 2043 | V7: 2044 | W7: 2045 | X7: 2046 | Y7: 2047 | Z7: 2048 | AA7: 2049 | AB7: 2050
B8: FESO 2027.CONSTRAINED.4.NO_VPP_MLv2 | C8: CD | D8: 387 | E8: 437 | F8: 443 | G8: 456 | H8: 3813 | I8: 4197 | J8: 4381 | K8: 4588 | L8: 7062 | M8: 7425 | N8: 9108 | O8: 9262 | P8: 10596 | Q8: 11165 | R8: 13034 | S8: 15445 | T8: 16915 | U8: 18540 | V8: 23211 | W8: 30829 | X8: 30014 | Y8: 30148 | Z8: 30459 | AA8: 31094 | AB8: 31411
B9: FESO 2027.CONSTRAINED.4.NO_VPP_MLv2 | C9: CM | D9: 631 | E9: 649 | F9: 656 | G9: 663 | H9: 860 | I9: 917 | J9: 985 | K9: 1131 | L9: 1224 | M9: 1391 | N9: 1641 | O9: 1567 | P9: 1718 | Q9: 1940 | R9: 2045 | S9: 2254 | T9: 2345 | U9: 2434 | V9: 2531 | W9: 3503 | X9: 3531 | Y9: 3611 | Z9: 3765 | AA9: 3811 | AB9: 3855
B10: FESO 2027.CONSTRAINED.4.NO_VPP_MLv2 | C10: EG | D10: 3171 | E10: 3189 | F10: 3205 | G10: 3223 | H10: 4408 | I10: 4578 | J10: 4728 | K10: 5109 | L10: 5343 | M10: 5552 | N10: 5717 | O10: 5280 | P10: 5370 | Q10: 5457 | R10: 5586 | S10: 5730 | T10: 5867 | U10: 5988 | V10: 6203 | W10: 9968 | X10: 10033 | Y10: 10100 | Z10: 11418 | AA10: 11647 | AB10: 11780
B11: FESO 2027.CONSTRAINED.4.NO_VPP_MLv2 | C11: GL | D11: 221 | E11: 242 | F11: 249 | G11: 257 | H11: 2741 | I11: 3038 | J11: 3144 | K11: 3230 | L11: 4812 | M11: 5122 | N11: 6148 | O11: 5955 | P11: 6831 | Q11: 7206 | R11: 9025 | S11: 10485 | T11: 11650 | U11: 12709 | V11: 15380 | W11: 21244 | X11: 20455 | Y11: 20269 | Z11: 20361 | AA11: 20482 | AB11: 20524
B12: FESO 2027.CONSTRAINED.4.NO_VPP_MLv2 | C12: GS | D12: 428 | E12: 634 | F12: 635 | G12: 653 | H12: 694 | I12: 859 | J12: 1984 | K12: 2105 | L12: 2247 | M12: 2447 | N12: 3211 | O12: 3019 | P12: 3107 | Q12: 4151 | R12: 4561 | S12: 4847 | T12: 4992 | U12: 5396 | V12: 5919 | W12: 8072 | X12: 10526 | Y12: 10604 | Z12: 10758 | AA12: 10896 | AB12: 10763
B13: FESO 2027.CONSTRAINED.4.NO_VPP_MLv2 | C13: KD | D13: 481 | E13: 485 | F13: 490 | G13: 497 | H13: 638 | I13: 663 | J13: 687 | K13: 744 | L13: 796 | M13: 850 | N13: 897 | O13: 897 | P13: 917 | Q13: 958 | R13: 986 | S13: 1049 | T13: 1081 | U13: 1116 | V13: 1183 | W13: 2034 | X13: 2052 | Y13: 2094 | Z13: 2265 | AA13: 2323 | AB13: 2391
B14: FESO 2027.CONSTRAINED.4.NO_VPP_MLv2 | C14: KM | D14: 3069 | E14: 3473 | F14: 3510 | G14: 3583 | H14: 3716 | I14: 4117 | J14: 9871 | K14: 10215 | L14: 10622 | M14: 11267 | N14: 13458 | O14: 12046 | P14: 12361 | Q14: 18502 | R14: 21110 | S14: 21876 | T14: 22404 | U14: 24778 | V14: 26863 | W14: 33796 | X14: 40286 | Y14: 40752 | Z14: 41126 | AA14: 41619 | AB14: 41649
B15: FESO 2027.CONSTRAINED.4.NO_VPP_MLv2 | C15: KW | D15: 832 | E15: 945 | F15: 963 | G15: 982 | H15: 2496 | I15: 2959 | J15: 3152 | K15: 3280 | L15: 3415 | M15: 3745 | N15: 6104 | O15: 7452 | P15: 8769 | Q15: 9048 | R15: 8267 | S15: 8699 | T15: 8844 | U15: 9406 | V15: 12026 | W15: 14422 | X15: 14524 | Y15: 14913 | Z15: 15101 | AA15: 16689 | AB15: 16884
B16: FESO 2027.CONSTRAINED.4.NO_VPP_MLv2 | C16: MC | D16: 426 | E16: 498 | F16: 602 | G16: 654 | H16: 812 | I16: 988 | J16: 1074 | K16: 3549 | L16: 5400 | M16: 7072 | N16: 10818 | O16: 11066 | P16: 14329 | Q16: 21093 | R16: 22009 | S16: 25879 | T16: 28424 | U16: 30016 | V16: 31059 | W16: 37798 | X16: 38032 | Y16: 40880 | Z16: 41130 | AA16: 41895 | AB16: 42141
B17: FESO 2027.CONSTRAINED.4.NO_VPP_MLv2 | C17: MD | D17: 939 | E17: 949 | F17: 957 | G17: 968 | H17: 1257 | I17: 1311 | J17: 1352 | K17: 1464 | L17: 1549 | M17: 1610 | N17: 1678 | O17: 1568 | P17: 1591 | Q17: 1638 | R17: 1674 | S17: 1755 | T17: 1793 | U17: 1840 | V17: 1915 | W17: 3045 | X17: 3063 | Y17: 3104 | Z17: 3368 | AA17: 3465 | AB17: 3524
B18: FESO 2027.CONSTRAINED.4.NO_VPP_MLv2 | C18: MN | D18: 644 | E18: 748 | F18: 950 | G18: 969 | H18: 3681 | I18: 3995 | J18: 4173 | K18: 10189 | L18: 14530 | M18: 19747 | N18: 27683 | O18: 27872 | P18: 37972 | Q18: 54728 | R18: 58816 | S18: 75151 | T18: 79836 | U18: 86957 | V18: 91928 | W18: 112122 | X18: 111935 | Y18: 117848 | Z18: 117253 | AA18: 118562 | AB18: 119025
... B79: FESO 2027.RAPID.4.NO_VPP_MLv2 | C79: WL | D79: 74 | E79: 78 | F79: 83 | G79: 108 | H79: 113 | I79: 160 | J79: 248 | K79: 256 | L79: 265 | M79: 283 | N79: 337 | O79: 354 | P79: 388 | Q79: 467 | R79: 513 | S79: 534 | T79: 560 | U79: 638 | V79: 679 | W79: 798 | X79: 813 | Y79: 741 | Z79: 770 | AA79: 771 | AB79: 775
B81: BTM battery storage uptake (MWh)
B82: Source: Energeia
B83: SCENARIO_NAME | C83: NODE | D83: 2026 | E83: 2027 | F83: 2028 | G83: 2029 | H83: 2030 | I83: 2031 | J83: 2032 | K83: 2033 | L83: 2034 | M83: 2035 | N83: 2036 | O83: 2037 | P83: 2038 | Q83: 2039 | R83: 2040 | S83: 2041 | T83: 2042 | U83: 2043 | V83: 2044 | W83: 2045 | X83: 2046 | Y83: 2047 | Z83: 2048 | AA83: 2049 | AB83: 2050
B84: FESO 2027.CONSTRAINED.4.NO_VPP_MLv2 | C84: CD | D84: 2.3 | E84: 2.9 | F84: 2.72 | G84: 3.15 | H84: 15.84 | I84: 16.03 | J84: 17.97 | K84: 17.66 | L84: 35.24 | M84: 34.32 | N84: 45.31 | O84: 66.85 | P84: 69.79 | Q84: 68.1 | R84: 70.61 | S84: 78.12 | T84: 92.21 | U84: 95.02 | V84: 149.16 | W84: 172.48 | X84: 156.53 | Y84: 146.16 | Z84: 139.36 | AA84: 140.47 | AB84: 144.27
B85: FESO 2027.CONSTRAINED.4.NO_VPP_MLv2 | C85: CM | D85: 4.13 | E85: 4.51 | F85: 4.23 | G85: 3.93 | H85: 4.62 | I85: 4.83 | J85: 5.41 | K85: 6.38 | L85: 6.45 | M85: 8.25 | N85: 9.41 | O85: 10.54 | P85: 13.19 | Q85: 14.47 | R85: 14.82 | S85: 15.78 | T85: 16.9 | U85: 17.61 | V85: 17.64 | W85: 24.69 | X85: 25.43 | Y85: 25.61 | Z85: 26.67 | AA85: 25.57 | AB85: 25.35
B86: FESO 2027.CONSTRAINED.4.NO_VPP_MLv2 | C86: EG | D86: 20.57 | E86: 19.18 | F86: 17.9 | G86: 16.73 | H86: 20.55 | I86: 19.82 | J86: 19.01 | K86: 22.19 | L86: 22.2 | M86: 22.34 | N86: 27.46 | O86: 33.41 | P86: 45.94 | Q86: 43.11 | R86: 39.87 | S86: 37.33 | T86: 36.78 | U86: 35.28 | V86: 35.99 | W86: 70.41 | X86: 75.21 | Y86: 74.3 | Z86: 79.46 | AA86: 76.29 | AB86: 71.38
B87: FESO 2027.CONSTRAINED.4.NO_VPP_MLv2 | C87: GL | D87: 1.36 | E87: 3.33 | F87: 3.43 | G87: 3.61 | H87: 13.3 | I87: 13.2 | J87: 15.17 | K87: 14.21 | L87: 25.38 | M87: 28.54 | N87: 36.62 | O87: 48.48 | P87: 50.98 | Q87: 51 | R87: 53.57 | S87: 58.34 | T87: 69.33 | U87: 73.83 | V87: 106.47 | W87: 123.58 | X87: 109.78 | Y87: 103 | Z87: 99.46 | AA87: 96.53 | AB87: 99.37
B88: FESO 2027.CONSTRAINED.4.NO_VPP_MLv2 | C88: GS | D88: 2.92 | E88: 4.81 | F88: 4.37 | G88: 4.08 | H88: 3.87 | I88: 4.74 | J88: 13.14 | K88: 13.09 | L88: 13.04 | M88: 14.95 | N88: 17.19 | O88: 18.2 | P88: 16.84 | Q88: 22.58 | R88: 29.42 | S88: 30.33 | T88: 29.17 | U88: 32.18 | V88: 35.97 | W88: 55.32 | X88: 69.32 | Y88: 68.81 | Z88: 76.73 | AA88: 70.8 | AB88: 65.53
B89: FESO 2027.CONSTRAINED.4.NO_VPP_MLv2 | C89: KD | D89: 3.14 | E89: 2.93 | F89: 2.75 | G89: 2.6 | H89: 3.06 | I89: 2.95 | J89: 2.84 | K89: 2.98 | L89: 3.04 | M89: 3.06 | N89: 3.58 | O89: 4.84 | P89: 6.04 | Q89: 5.78 | R89: 5.33 | S89: 5.43 | T89: 5.72 | U89: 5.53 | V89: 5.93 | W89: 12.59 | X89: 12.98 | Y89: 12.42 | Z89: 12.58 | AA89: 12.28 | AB89: 12.31
B90: FESO 2027.CONSTRAINED.4.NO_VPP_MLv2 | C90: KM | D90: 20.31 | E90: 23.76 | F90: 22.23 | G90: 20.82 | H90: 19.61 | I90: 21.78 | J90: 65.98 | K90: 63.9 | L90: 61.69 | M90: 65.36 | N90: 71.54 | O90: 83.65 | P90: 77.35 | Q90: 112.86 | R90: 151.59 | S90: 147.37 | T90: 137.83 | U90: 151.01 | V90: 161.47 | W90: 235.18 | X90: 266.8 | Y90: 281.24 | Z90: 327 | AA90: 300.28 | AB90: 277.27
B91: FESO 2027.CONSTRAINED.4.NO_VPP_MLv2 | C91: KW | D91: 3.83 | E91: 3.91 | F91: 3.97 | G91: 3.81 | H91: 9.47 | I91: 10.48 | J91: 17.21 | K91: 16.59 | L91: 18.23 | M91: 18.65 | N91: 37.8 | O91: 49.03 | P91: 50.2 | Q91: 50.39 | R91: 48.21 | S91: 53.53 | T91: 51.32 | U91: 54.04 | V91: 85.42 | W91: 98.95 | X91: 93.67 | Y91: 90.13 | Z91: 86.33 | AA91: 100.36 | AB91: 97.92
B92: FESO 2027.CONSTRAINED.4.NO_VPP_MLv2 | C92: MC | D92: 3.14 | E92: 3.71 | F92: 4.46 | G92: 13.35 | H92: 13.45 | I92: 18.21 | J92: 17.89 | K92: 40.31 | L92: 53.33 | M92: 62.92 | N92: 76.42 | O92: 79.86 | P92: 105.73 | Q92: 168.32 | R92: 179.8 | S92: 201.94 | T92: 242.39 | U92: 242.27 | V92: 240.46 | W92: 255.59 | X92: 251.25 | Y92: 274.03 | Z92: 286.33 | AA92: 279.01 | AB92: 289.66
B93: FESO 2027.CONSTRAINED.4.NO_VPP_MLv2 | C93: MD | D93: 6.12 | E93: 5.72 | F93: 5.33 | G93: 5.05 | H93: 6.02 | I93: 5.79 | J93: 5.55 | K93: 6.25 | L93: 6.24 | M93: 6.01 | N93: 7.29 | O93: 9.27 | P93: 11.75 | Q93: 11.1 | R93: 10.16 | S93: 10 | T93: 9.96 | U93: 9.75 | V93: 10.18 | W93: 20.56 | X93: 21.62 | Y93: 21 | Z93: 21.05 | AA93: 21.23 | AB93: 20.64
B94: FESO 2027.CONSTRAINED.4.NO_VPP_MLv2 | C94: MN | D94: 4.87 | E94: 7.03 | F94: 8.94 | G94: 10.51 | H94: 20.87 | I94: 26.43 | J94: 28.24 | K94: 88.98 | L94: 116.34 | M94: 137.75 | N94: 163.56 | O94: 169.7 | P94: 227.35 | Q94: 361.57 | R94: 365.35 | S94: 474.67 | T94: 543.65 | U94: 551.86 | V94: 573.68 | W94: 628.09 | X94: 608.74 | Y94: 634.91 | Z94: 642.01 | AA94: 641.83 | AB94: 638.2
... B155: FESO 2027.RAPID.4.NO_VPP_MLv2 | C155: WL | D155: 0.45 | E155: 0.44 | F155: 0.42 | G155: 0.49 | H155: 0.51 | I155: 0.75 | J155: 1.62 | K155: 1.62 | L155: 1.6 | M155: 1.6 | N155: 1.75 | O155: 2.2 | P155: 2.39 | Q155: 2.47 | R155: 2.73 | S155: 2.7 | T155: 2.89 | U155: 3.23 | V155: 3.6 | W155: 4.51 | X155: 4.82 | Y155: 4.93 | Z155: 4.83 | AA155: 5.01 | AB155: 4.74
B157: BTM battery capacity uptake (MW)
B158: Source: Energeia
B159: Scenario | C159: Zone | D159: 2026 | E159: 2027 | F159: 2028 | G159: 2029 | H159: 2030 | I159: 2031 | J159: 2032 | K159: 2033 | L159: 2034 | M159: 2035 | N159: 2036 | O159: 2037 | P159: 2038 | Q159: 2039 | R159: 2040 | S159: 2041 | T159: 2042 | U159: 2043 | V159: 2044 | W159: 2045 | X159: 2046 | Y159: 2047 | Z159: 2048 | AA159: 2049 | AB159: 2050
B160: FESO 2027.CONSTRAINED.LR.3 NO_VPP | C160: CD | D160: 2.3 | E160: 2.9 | F160: 2.72 | G160: 3.15 | H160: 15.84 | I160: 16.03 | J160: 17.97 | K160: 17.66 | L160: 35.24 | M160: 34.32 | N160: 45.31 | O160: 66.85 | P160: 69.79 | Q160: 68.1 | R160: 70.61 | S160: 78.12 | T160: 92.21 | U160: 95.02 | V160: 149.16 | W160: 172.48 | X160: 156.53 | Y160: 146.16 | Z160: 139.36 | AA160: 140.47 | AB160: 144.27
B161: FESO 2027.CONSTRAINED.LR.3 NO_VPP | C161: CM | D161: 4.13 | E161: 4.51 | F161: 4.23 | G161: 3.93 | H161: 4.62 | I161: 4.83 | J161: 5.41 | K161: 6.38 | L161: 6.45 | M161: 8.25 | N161: 9.41 | O161: 10.54 | P161: 13.19 | Q161: 14.47 | R161: 14.82 | S161: 15.78 | T161: 16.9 | U161: 17.61 | V161: 17.64 | W161: 24.69 | X161: 25.43 | Y161: 25.61 | Z161: 26.67 | AA161: 25.57 | AB161: 25.35
B162: FESO 2027.CONSTRAINED.LR.3 NO_VPP | C162: EG | D162: 20.57 | E162: 19.18 | F162: 17.9 | G162: 16.73 | H162: 20.55 | I162: 19.82 | J162: 19.01 | K162: 22.19 | L162: 22.2 | M162: 22.34 | N162: 27.46 | O162: 33.41 | P162: 45.94 | Q162: 43.11 | R162: 39.87 | S162: 37.33 | T162: 36.78 | U162: 35.28 | V162: 35.99 | W162: 70.41 | X162: 75.21 | Y162: 74.3 | Z162: 79.46 | AA162: 76.29 | AB162: 71.38
B163: FESO 2027.CONSTRAINED.LR.3 NO_VPP | C163: GL | D163: 1.36 | E163: 3.33 | F163: 3.43 | G163: 3.61 | H163: 13.3 | I163: 13.2 | J163: 15.17 | K163: 14.21 | L163: 25.38 | M163: 28.54 | N163: 36.62 | O163: 48.48 | P163: 50.98 | Q163: 51 | R163: 53.57 | S163: 58.34 | T163: 69.33 | U163: 73.83 | V163: 106.47 | W163: 123.58 | X163: 109.78 | Y163: 103 | Z163: 99.46 | AA163: 96.53 | AB163: 99.37
B164: FESO 2027.CONSTRAINED.LR.3 NO_VPP | C164: GS | D164: 2.92 | E164: 4.81 | F164: 4.37 | G164: 4.08 | H164: 3.87 | I164: 4.74 | J164: 13.14 | K164: 13.09 | L164: 13.04 | M164: 14.95 | N164: 17.19 | O164: 18.2 | P164: 16.84 | Q164: 22.58 | R164: 29.42 | S164: 30.33 | T164: 29.17 | U164: 32.18 | V164: 35.97 | W164: 55.32 | X164: 69.32 | Y164: 68.81 | Z164: 76.73 | AA164: 70.8 | AB164: 65.53
B165: FESO 2027.CONSTRAINED.LR.3 NO_VPP | C165: KD | D165: 3.14 | E165: 2.93 | F165: 2.75 | G165: 2.6 | H165: 3.06 | I165: 2.95 | J165: 2.84 | K165: 2.98 | L165: 3.04 | M165: 3.06 | N165: 3.58 | O165: 4.84 | P165: 6.04 | Q165: 5.78 | R165: 5.33 | S165: 5.43 | T165: 5.72 | U165: 5.53 | V165: 5.93 | W165: 12.59 | X165: 12.98 | Y165: 12.42 | Z165: 12.58 | AA165: 12.28 | AB165: 12.31
B166: FESO 2027.CONSTRAINED.LR.3 NO_VPP | C166: KM | D166: 20.31 | E166: 23.76 | F166: 22.23 | G166: 20.82 | H166: 19.61 | I166: 21.78 | J166: 65.98 | K166: 63.9 | L166: 61.69 | M166: 65.36 | N166: 71.54 | O166: 83.65 | P166: 77.35 | Q166: 112.86 | R166: 151.59 | S166: 147.37 | T166: 137.83 | U166: 151.01 | V166: 161.47 | W166: 235.18 | X166: 266.8 | Y166: 281.24 | Z166: 327 | AA166: 300.28 | AB166: 277.27
B167: FESO 2027.CONSTRAINED.LR.3 NO_VPP | C167: KW | D167: 3.83 | E167: 3.91 | F167: 3.97 | G167: 3.81 | H167: 9.47 | I167: 10.48 | J167: 17.21 | K167: 16.59 | L167: 18.23 | M167: 18.65 | N167: 37.8 | O167: 49.03 | P167: 50.2 | Q167: 50.39 | R167: 48.21 | S167: 53.53 | T167: 51.32 | U167: 54.04 | V167: 85.42 | W167: 98.95 | X167: 93.67 | Y167: 90.13 | Z167: 86.33 | AA167: 100.36 | AB167: 97.92
B168: FESO 2027.CONSTRAINED.LR.3 NO_VPP | C168: MC | D168: 3.14 | E168: 3.71 | F168: 4.46 | G168: 13.35 | H168: 13.45 | I168: 18.21 | J168: 17.89 | K168: 40.31 | L168: 53.33 | M168: 62.92 | N168: 76.42 | O168: 79.86 | P168: 105.73 | Q168: 168.32 | R168: 179.8 | S168: 201.94 | T168: 242.39 | U168: 242.27 | V168: 240.46 | W168: 255.59 | X168: 251.25 | Y168: 274.03 | Z168: 286.33 | AA168: 279.01 | AB168: 289.66
B169: FESO 2027.CONSTRAINED.LR.3 NO_VPP | C169: MD | D169: 6.12 | E169: 5.72 | F169: 5.33 | G169: 5.05 | H169: 6.02 | I169: 5.79 | J169: 5.55 | K169: 6.25 | L169: 6.24 | M169: 6.01 | N169: 7.29 | O169: 9.27 | P169: 11.75 | Q169: 11.1 | R169: 10.16 | S169: 10 | T169: 9.96 | U169: 9.75 | V169: 10.18 | W169: 20.56 | X169: 21.62 | Y169: 21 | Z169: 21.05 | AA169: 21.23 | AB169: 20.64
B170: FESO 2027.CONSTRAINED.LR.3 NO_VPP | C170: MN | D170: 4.87 | E170: 7.03 | F170: 8.94 | G170: 10.51 | H170: 20.87 | I170: 26.43 | J170: 28.24 | K170: 88.98 | L170: 116.34 | M170: 137.75 | N170: 163.56 | O170: 169.7 | P170: 227.35 | Q170: 361.57 | R170: 365.35 | S170: 474.67 | T170: 543.65 | U170: 551.86 | V170: 573.68 | W170: 628.09 | X170: 608.74 | Y170: 634.91 | Z170: 642.01 | AA170: 641.83 | AB170: 638.2
... B231: FESO 2027.RAPID.LR.3.NO_VPP | C231: WL | D231: 0.45 | E231: 0.44 | F231: 0.42 | G231: 0.49 | H231: 0.51 | I231: 0.75 | J231: 1.62 | K231: 1.62 | L231: 1.6 | M231: 1.6 | N231: 1.75 | O231: 2.2 | P231: 2.39 | Q231: 2.47 | R231: 2.73 | S231: 2.7 | T231: 2.89 | U231: 3.23 | V231: 3.6 | W231: 4.51 | X231: 4.82 | Y231: 4.93 | Z231: 4.83 | AA231: 5.01 | AB231: 4.74

Sheet Demand response
B1: Back to summary
B2: Demand side response
B3: Yearly total controllable distributed energy resources (DER) and generation
B5: Demand side programme (DSP)
B6: Source: AEMO/EPWA
B7: Scenario | C7: Zone | D7: Type | E7: Market participant | F7: 2026 | G7: 2027 | H7: 2028 | I7: 2029 | J7: 2030 | K7: 2031 | L7: 2032 | M7: 2033 | N7: 2034 | O7: 2035 | P7: 2036 | Q7: 2037 | R7: 2038 | S7: 2039 | T7: 2040 | U7: 2041 | V7: 2042 | W7: 2043 | X7: 2044 | Y7: 2045 | Z7: 2046 | AA7: 2047 | AB7: 2048 | AC7: 2049 | AD7: 2050
B8: Constrained | D8: Existing | E8: Aggregate | F8: 192 | G8: 192 | H8: 192 | I8: 192 | J8: 192 | K8: 192 | L8: 192 | M8: 192 | N8: 192 | O8: 192 | P8: 192 | Q8: 192 | R8: 192 | S8: 192 | T8: 192 | U8: 192 | V8: 192 | W8: 192 | X8: 192 | Y8: 192 | Z8: 192 | AA8: 192 | AB8: 192 | AC8: 192 | AD8: 192
B9: Constrained | D9: New | F9: 0 | G9: Fraction of RCT or static?
B10: Expected | D10: Existing | E10: Synergy S | F10: 192 | G10: 192 | H10: 192 | I10: 192 | J10: 192 | K10: 192 | L10: 192 | M10: 192 | N10: 192 | O10: 192 | P10: 192 | Q10: 192 | R10: 192 | S10: 192 | T10: 192 | U10: 192 | V10: 192 | W10: 192 | X10: 192 | Y10: 192 | Z10: 192 | AA10: 192 | AB10: 192 | AC10: 192 | AD10: 192
B11: Expected | D11: New | F11: 0 | G11: Fraction of RCT or static?
B12: Rapid Change | D12: Existing | F12: 192 | G12: 192 | H12: 192 | I12: 192 | J12: 192 | K12: 192 | L12: 192 | M12: 192 | N12: 192 | O12: 192 | P12: 192 | Q12: 192 | R12: 192 | S12: 192 | T12: 192 | U12: 192 | V12: 192 | W12: 192 | X12: 192 | Y12: 192 | Z12: 192 | AA12: 192 | AB12: 192 | AC12: 192 | AD12: 192
B13: Rapid Change | D13: New | E13: Wesfarmers Kleenheat Gas Pty Ltd | F13: 0 | G13: Fraction of RCT or static?
B15: Controllable DER/VPP Counts
B16: Source: Energeia
B17: Scenario | C17: Zone | D17: 2026 | E17: 2027 | F17: 2028 | G17: 2029 | H17: 2030 | I17: 2031 | J17: 2032 | K17: 2033 | L17: 2034 | M17: 2035 | N17: 2036 | O17: 2037 | P17: 2038 | Q17: 2039 | R17: 2040 | S17: 2041 | T17: 2042 | U17: 2043 | V17: 2044 | W17: 2045 | X17: 2046 | Y17: 2047 | Z17: 2048 | AA17: 2049 | AB17: 2050
B18: FESO 2027.CONSTRAINED.LR.3 NO_VPP | C18: CD | D18: 70 | E18: 135 | F18: 136 | G18: 143 | H18: 3557 | I18: 3782 | J18: 3913 | K18: 4732 | L18: 11372 | M18: 12362 | N18: 14718 | O18: 18998 | P18: 23777 | Q18: 29168 | R18: 29283 | S18: 33785 | T18: 34144 | U18: 37135 | V18: 47407 | W18: 52073 | X18: 58976 | Y18: 61791 | Z18: 62393 | AA18: 62286 | AB18: 72392
B19: FESO 2027.CONSTRAINED.LR.3 NO_VPP | C19: CM | D19: 0 | E19: 16 | F19: 33 | G19: 38 | H19: 54 | I19: 61 | J19: 82 | K19: 548 | L19: 659 | M19: 1026 | N19: 1387 | O19: 1925 | P19: 2310 | Q19: 2670 | R19: 2944 | S19: 3275 | T19: 3725 | U19: 4220 | V19: 4851 | W19: 5991 | X19: 6102 | Y19: 6536 | Z19: 6982 | AA19: 7007 | AB19: 7274
B20: FESO 2027.CONSTRAINED.LR.3 NO_VPP | C20: EG | D20: 0 | E20: 0 | F20: 4 | G20: 7 | H20: 8 | I20: 33 | J20: 35 | K20: 796 | L20: 841 | M20: 1284 | N20: 1332 | O20: 4005 | P20: 4414 | Q20: 4863 | R20: 4945 | S20: 5247 | T20: 7342 | U20: 9848 | V20: 11960 | W20: 13535 | X20: 13700 | Y20: 14035 | Z20: 15386 | AA20: 15711 | AB20: 17136
B21: FESO 2027.CONSTRAINED.LR.3 NO_VPP | C21: GL | D21: 0 | E21: 20 | F21: 24 | G21: 36 | H21: 2600 | I21: 2614 | J21: 2672 | K21: 3176 | L21: 8028 | M21: 8457 | N21: 10064 | O21: 12796 | P21: 16018 | Q21: 20025 | R21: 20394 | S21: 23149 | T21: 23337 | U21: 25724 | V21: 28455 | W21: 31555 | X21: 34329 | Y21: 36323 | Z21: 37110 | AA21: 35895 | AB21: 42112
B22: FESO 2027.CONSTRAINED.LR.3 NO_VPP | C22: GS | D22: 4 | E22: 417 | F22: 419 | G22: 448 | H22: 451 | I22: 714 | J22: 742 | K22: 1237 | L22: 1587 | M22: 1721 | N22: 5397 | O22: 5743 | P22: 6662 | Q22: 7947 | R22: 11286 | S22: 11568 | T22: 11991 | U22: 12498 | V22: 13727 | W22: 16401 | X22: 17542 | Y22: 16758 | Z22: 15689 | AA22: 16823 | AB22: 17264
B23: FESO 2027.CONSTRAINED.LR.3 NO_VPP | C23: KD | D23: 0 | E23: 0 | F23: 4 | G23: 7 | H23: 7 | I23: 9 | J23: 10 | K23: 210 | L23: 237 | M23: 392 | N23: 399 | O23: 833 | P23: 938 | Q23: 1059 | R23: 1087 | S23: 1156 | T23: 1461 | U23: 1836 | V23: 2229 | W23: 2946 | X23: 2968 | Y23: 3050 | Z23: 3264 | AA23: 3392 | AB23: 3654
B24: FESO 2027.CONSTRAINED.LR.3 NO_VPP | C24: KM | D24: 11 | E24: 731 | F24: 736 | G24: 818 | H24: 863 | I24: 1316 | J24: 1356 | K24: 2803 | L24: 3692 | M24: 4107 | N24: 10183 | O24: 12992 | P24: 15915 | Q24: 24354 | R24: 39288 | S24: 40181 | T24: 42117 | U24: 43540 | V24: 48912 | W24: 56199 | X24: 59902 | Y24: 54025 | Z24: 45459 | AA24: 50387 | AB24: 52052
B25: FESO 2027.CONSTRAINED.LR.3 NO_VPP | C25: KW | D25: 725 | E25: 959 | F25: 969 | G25: 991 | H25: 2587 | I25: 3415 | J25: 3713 | K25: 5622 | L25: 7562 | M25: 7958 | N25: 8835 | O25: 11010 | P25: 13900 | Q25: 15724 | R25: 13947 | S25: 15370 | T25: 15432 | U25: 16408 | V25: 19364 | W25: 23094 | X25: 24059 | Y25: 25298 | Z25: 31342 | AA25: 37053 | AB25: 38802
B26: FESO 2027.CONSTRAINED.LR.3 NO_VPP | C26: MC | D26: 317 | E26: 411 | F26: 418 | G26: 435 | H26: 481 | I26: 744 | J26: 836 | K26: 13759 | L26: 14227 | M26: 20056 | N26: 28590 | O26: 29885 | P26: 40554 | Q26: 48897 | R26: 52951 | S26: 60157 | T26: 65824 | U26: 68650 | V26: 76710 | W26: 90077 | X26: 94076 | Y26: 106008 | Z26: 112314 | AA26: 113131 | AB26: 109743
B27: FESO 2027.CONSTRAINED.LR.3 NO_VPP | C27: MD | D27: 0 | E27: 2 | F27: 7 | G27: 14 | H27: 14 | I27: 22 | J27: 23 | K27: 327 | L27: 352 | M27: 540 | N27: 548 | O27: 1282 | P27: 1481 | Q27: 1639 | R27: 1686 | S27: 1786 | T27: 2321 | U27: 2824 | V27: 3379 | W27: 4323 | X27: 4313 | Y27: 4465 | Z27: 4805 | AA27: 4937 | AB27: 5404
B28: FESO 2027.CONSTRAINED.LR.3 NO_VPP | C28: MN | D28: 23 | E28: 143 | F28: 146 | G28: 161 | H28: 2765 | I28: 2875 | J28: 2948 | K28: 29041 | L28: 35611 | M28: 47047 | N28: 64598 | O28: 69322 | P28: 96785 | Q28: 117715 | R28: 128589 | S28: 155046 | T28: 160339 | U28: 170007 | V28: 189216 | W28: 216973 | X28: 230474 | Y28: 255626 | Z28: 265261 | AA28: 260593 | AB28: 264471
... B86: FESO 2027.RAPID.LR.3.NO_VPP | C86: WL | D86: 9 | E86: 18 | F86: 18 | G86: 22 | H86: 26 | I86: 79 | J86: 164 | K86: 204 | L86: 292 | M86: 342 | N86: 372 | O86: 501 | P86: 497 | Q86: 546 | R86: 614 | S86: 719 | T86: 729 | U86: 855 | V86: 946 | W86: 1120 | X86: 1251 | Y86: 1402 | Z86: 1568 | AA86: 1735 | AB86: 1811
B88: Controllable DER/VPP (MWh)
B89: Source: Energeia
B90: Scenario | C90: Zone | D90: 2026 | E90: 2027 | F90: 2028 | G90: 2029 | H90: 2030 | I90: 2031 | J90: 2032 | K90: 2033 | L90: 2034 | M90: 2035 | N90: 2036 | O90: 2037 | P90: 2038 | Q90: 2039 | R90: 2040 | S90: 2041 | T90: 2042 | U90: 2043 | V90: 2044 | W90: 2045 | X90: 2046 | Y90: 2047 | Z90: 2048 | AA90: 2049 | AB90: 2050
B91: FESO 2027.CONSTRAINED.LR.3 NO_VPP | C91: CD | D91: 64693.62 | E91: 68846.27 | F91: 69585.364 | G91: 71061.023 | H91: 83510.442 | I91: 88499.026 | J91: 93184.668 | K91: 99475.447 | L91: 134347.36 | M91: 138377.47 | N91: 168059.1 | O91: 205434.72 | P91: 228072.88 | Q91: 250966.51 | R91: 259528.5 | S91: 275120.93 | T91: 306564.27 | U91: 328231.65 | V91: 385062.19 | W91: 418157.02 | X91: 412649.06 | Y91: 418425.77 | Z91: 421743.53 | AA91: 433812.67 | AB91: 450850.61
B92: FESO 2027.CONSTRAINED.LR.3 NO_VPP | C92: CM | D92: 17382.76 | E92: 20475.918 | F92: 20148.612 | G92: 19880.105 | H92: 22379.225 | I92: 22811.555 | J92: 24297.264 | K92: 28797.115 | L92: 29511.938 | M92: 35876.765 | N92: 38899.839 | O92: 46676.759 | P92: 52147.188 | Q92: 58087.615 | R92: 61028.885 | S92: 65358.509 | T92: 71025.481 | U92: 75106.37 | V92: 78362.192 | W92: 94936.649 | X92: 98894.241 | Y92: 101201.14 | Z92: 105845.72 | AA92: 106430.93 | AB92: 108724.28
B93: FESO 2027.CONSTRAINED.LR.3 NO_VPP | C93: EG | D93: 41291.813 | E93: 39222.23 | F93: 37592.596 | G93: 36053.75 | H93: 41034.181 | I93: 39480.796 | J93: 37930.295 | K93: 49831.181 | L93: 49995.67 | M93: 55089.486 | N93: 66293.14 | O93: 89100.348 | P93: 97377.275 | Q93: 99020.412 | R93: 97212.885 | S93: 97007.307 | T93: 101806.19 | U93: 108410.03 | V93: 113383.48 | W93: 152669.75 | X93: 156267.04 | Y93: 163739.51 | Z93: 171302.46 | AA93: 174513 | AB93: 171125.92
B94: FESO 2027.CONSTRAINED.LR.3 NO_VPP | C94: GL | D94: 68202.981 | E94: 79452.173 | F94: 82192.853 | G94: 84939.94 | H94: 101358.3 | I94: 104635.86 | J94: 111351.97 | K94: 116586.83 | L94: 152302.71 | M94: 162475.41 | N94: 197574.58 | O94: 235419.51 | P94: 258288.82 | Q94: 290792.66 | R94: 302481.59 | S94: 316344.85 | T94: 349854.92 | U94: 377108.48 | V94: 436731.55 | W94: 471541.61 | X94: 464114.83 | Y94: 470772.9 | Z94: 476695.81 | AA94: 485035.36 | AB94: 505632.6
B95: FESO 2027.CONSTRAINED.LR.3 NO_VPP | C95: GS | D95: 29915.448 | E95: 37284.641 | F95: 36467.091 | G95: 36285.729 | H95: 35647.143 | I95: 39740.379 | J95: 54326.29 | K95: 57643.138 | L95: 58374.576 | M95: 64790.693 | N95: 78602.099 | O95: 83079.886 | P95: 86454.312 | Q95: 102555.27 | R95: 119215.71 | S95: 127880.43 | T95: 127727.67 | U95: 139915.87 | V95: 153693.43 | W95: 189991.44 | X95: 213557.03 | Y95: 214862.91 | Z95: 225337.24 | AA95: 224057.52 | AB95: 221171.2
B96: FESO 2027.CONSTRAINED.LR.3 NO_VPP | C96: KD | D96: 10612.46 | E96: 10214.832 | F96: 9891.8755 | G96: 9663.3474 | H96: 11242.078 | I96: 10887.93 | J96: 10558.318 | K96: 11683.231 | L96: 11861.842 | M96: 13279.994 | N96: 14488.223 | O96: 19978.665 | P96: 22054.267 | Q96: 22358.653 | R96: 22085.451 | S96: 23182.099 | T96: 25174.786 | U96: 26190.471 | V96: 28229.917 | W96: 40085.108 | X96: 40772.406 | Y96: 40726.004 | Z96: 41572.274 | AA96: 41754.9 | AB96: 42079.578
B97: FESO 2027.CONSTRAINED.LR.3 NO_VPP | C97: KM | D97: 126183.82 | E97: 140468.61 | F97: 139174.07 | G97: 138514.14 | H97: 136086.24 | I97: 145947.37 | J97: 203061.84 | K97: 212518.9 | L97: 213104.54 | M97: 228188.54 | N97: 259177.31 | O97: 302062.4 | P97: 311445.72 | Q97: 385587.52 | R97: 447015.85 | S97: 463130.48 | T97: 458526.17 | U97: 508799.75 | V97: 555046.51 | W97: 687567.16 | X97: 740442.57 | Y97: 756221.09 | Z97: 794172.9 | AA97: 790013.3 | AB97: 776012.46
B98: FESO 2027.CONSTRAINED.LR.3 NO_VPP | C98: KW | D98: 35579.622 | E98: 36215.734 | F98: 38074.553 | G98: 38426.859 | H98: 43621.055 | I98: 47194.794 | J98: 55179.548 | K98: 59212.11 | L98: 67109.886 | M98: 69417.536 | N98: 88230.22 | O98: 106444.47 | P98: 116482.53 | Q98: 125349.72 | R98: 130426.68 | S98: 150389.88 | T98: 150750.22 | U98: 160369.28 | V98: 187881.44 | W98: 212774.76 | X98: 209890.1 | Y98: 214506.34 | Z98: 224714.46 | AA98: 242090.52 | AB98: 249840.06
B99: FESO 2027.CONSTRAINED.LR.3 NO_VPP | C99: MC | D99: 74124.453 | E99: 86764.168 | F99: 87768.918 | G99: 123420.61 | H99: 128320.06 | I99: 146254.5 | J99: 145984.22 | K99: 192466.91 | L99: 217168.67 | M99: 256113.41 | N99: 275852.53 | O99: 301437.36 | P99: 365432.72 | Q99: 439766.22 | R99: 507703.44 | S99: 564357.53 | T99: 638161.76 | U99: 665637.77 | V99: 703188.66 | W99: 758546.77 | X99: 778988.49 | Y99: 808873 | Z99: 861827.79 | AA99: 868222.71 | AB99: 916998.89
B100: FESO 2027.CONSTRAINED.LR.3 NO_VPP | C100: MD | D100: 16288.426 | E100: 15614.779 | F100: 15030.617 | G100: 14710.4 | H100: 17334.001 | I100: 16760.917 | J100: 16196.089 | K100: 19370.337 | L100: 19165.644 | M100: 20516.847 | N100: 23377.19 | O100: 31732.499 | P100: 34950.769 | Q100: 35003.355 | R100: 34365.738 | S100: 35553.486 | T100: 37791.621 | U100: 39332.545 | V100: 41371.946 | W100: 59288.651 | X100: 60654.833 | Y100: 61575.543 | Z100: 62604.286 | AA100: 64698.778 | AB100: 64707.612
B101: FESO 2027.CONSTRAINED.LR.3 NO_VPP | C101: MN | D101: 203791.9 | E101: 233749 | F101: 237882.63 | G101: 247521.41 | H101: 260696.07 | I101: 285935.99 | J101: 292691.6 | K101: 404311.87 | L101: 466887.86 | M101: 539497 | N101: 583764.91 | O101: 620635.26 | P101: 750693.48 | Q101: 908534.65 | R101: 984140.29 | S101: 1168752.9 | T101: 1326338.3 | U101: 1398218.6 | V101: 1507500.4 | W101: 1653430 | X101: 1683352.9 | Y101: 1747573.1 | Z101: 1833540.2 | AA101: 1861518.2 | AB101: 1922597.8
... B159: FESO 2027.RAPID.LR.3.NO_VPP | C159: WL | D159: 2454.4901 | E159: 2481.1639 | F159: 2571.496 | G159: 2788.222 | H159: 2946.0837 | I159: 3757.3759 | J159: 5302.0396 | K159: 5521.6405 | L159: 5736.703 | M159: 5840.525 | N159: 6218.5112 | O159: 7367.1683 | P159: 8168.3443 | Q159: 8951.7533 | R159: 9446.4492 | S159: 9905.1497 | T159: 10453.038 | U159: 11370.54 | V159: 12266.17 | W159: 13864.769 | X159: 14471.372 | Y159: 15577.11 | Z159: 16334.854 | AA159: 16905.409 | AB159: 16797.387

Sheet EVs
B1: Back to summary
B2: Electric Vehicles (EV)
B3: The yearly number of EVs and storage available used as an input into the demand forecasts Yearly vehicle to grid storage available by the resource and dispatch models
B5: EV uptake (Number of cars)
B6: Source: Energeia
B7: SCENARIO_NAME | C7: NODE | D7: 2026 | E7: 2027 | F7: 2028 | G7: 2029 | H7: 2030 | I7: 2031 | J7: 2032 | K7: 2033 | L7: 2034 | M7: 2035 | N7: 2036 | O7: 2037 | P7: 2038 | Q7: 2039 | R7: 2040 | S7: 2041 | T7: 2042 | U7: 2043 | V7: 2044 | W7: 2045 | X7: 2046 | Y7: 2047 | Z7: 2048 | AA7: 2049 | AB7: 2050
B8: FESO 2027.CONSTRAINED.4.NO_VPP_MLv2 | C8: CD | D8: 11324 | E8: 11520 | F8: 11939 | G8: 14195 | H8: 16159 | I8: 18845 | J8: 20030 | K8: 24609 | L8: 30454 | M8: 31412 | N8: 36294 | O8: 36952 | P8: 46487 | Q8: 49539 | R8: 52572 | S8: 53519 | T8: 56419 | U8: 56994 | V8: 59857 | W8: 63534 | X8: 67093 | Y8: 68221 | Z8: 73388 | AA8: 74262 | AB8: 75510
B9: FESO 2027.CONSTRAINED.4.NO_VPP_MLv2 | C9: CM | D9: 745 | E9: 800 | F9: 945 | G9: 1087 | H9: 1245 | I9: 1642 | J9: 2058 | K9: 2322 | L9: 2588 | M9: 3218 | N9: 3554 | O9: 3636 | P9: 3843 | Q9: 4207 | R9: 4530 | S9: 5126 | T9: 5941 | U9: 6247 | V9: 6595 | W9: 6769 | X9: 7689 | Y9: 7849 | Z9: 8060 | AA9: 8067 | AB9: 8132
B10: FESO 2027.CONSTRAINED.4.NO_VPP_MLv2 | C10: EG | D10: 1765 | E10: 1787 | F10: 2361 | G10: 2422 | H10: 3378 | I10: 5687 | J10: 6124 | K10: 6767 | L10: 7590 | M10: 10017 | N10: 10916 | O10: 11307 | P10: 11828 | Q10: 12494 | R10: 14098 | S10: 14818 | T10: 16939 | U10: 18641 | V10: 19418 | W10: 19973 | X10: 22478 | Y10: 22630 | Z10: 23204 | AA10: 23433 | AB10: 23581
B11: FESO 2027.CONSTRAINED.4.NO_VPP_MLv2 | C11: GL | D11: 9697 | E11: 9726 | F11: 9937 | G11: 11881 | H11: 13118 | I11: 15207 | J11: 16133 | K11: 20061 | L11: 24029 | M11: 24553 | N11: 27413 | O11: 27388 | P11: 34551 | Q11: 37105 | R11: 38828 | S11: 39217 | T11: 41291 | U11: 41479 | V11: 43435 | W11: 46468 | X11: 49632 | Y11: 49829 | Z11: 53620 | AA11: 53753 | AB11: 54199
B12: FESO 2027.CONSTRAINED.4.NO_VPP_MLv2 | C12: GS | D12: 2790 | E12: 4256 | F12: 6090 | G12: 6215 | H12: 7194 | I12: 7601 | J12: 8084 | K12: 12922 | L12: 14495 | M12: 15280 | N12: 15907 | O12: 15959 | P12: 16476 | Q12: 16969 | R12: 17999 | S12: 19264 | T12: 20554 | U12: 21694 | V12: 23384 | W12: 23631 | X12: 27356 | Y12: 27701 | Z12: 28348 | AA12: 28800 | AB12: 28903
B13: FESO 2027.CONSTRAINED.4.NO_VPP_MLv2 | C13: KD | D13: 405 | E13: 411 | F13: 497 | G13: 517 | H13: 661 | I13: 992 | J13: 1130 | K13: 1239 | L13: 1362 | M13: 1745 | N13: 2059 | O13: 2118 | P13: 2217 | Q13: 2405 | R13: 2627 | S13: 2739 | T13: 3027 | U13: 3263 | V13: 3504 | W13: 3608 | X13: 4175 | Y13: 4256 | Z13: 4357 | AA13: 4424 | AB13: 4489
B14: FESO 2027.CONSTRAINED.4.NO_VPP_MLv2 | C14: KM | D14: 9719 | E14: 14238 | F14: 18157 | G14: 19042 | H14: 21737 | I14: 23185 | J14: 24164 | K14: 33761 | L14: 38726 | M14: 40321 | N14: 41935 | O14: 42189 | P14: 43631 | Q14: 45555 | R14: 49714 | S14: 54121 | T14: 58474 | U14: 62611 | V14: 67250 | W14: 68158 | X14: 78270 | Y14: 79469 | Z14: 81962 | AA14: 83703 | AB14: 84304
B15: FESO 2027.CONSTRAINED.4.NO_VPP_MLv2 | C15: KW | D15: 5282 | E15: 5400 | F15: 6536 | G15: 6790 | H15: 6936 | I15: 8499 | J15: 9591 | K15: 9971 | L15: 12612 | M15: 13247 | N15: 15385 | O15: 17484 | P15: 18864 | Q15: 21365 | R15: 26314 | S15: 26775 | T15: 28840 | U15: 29146 | V15: 30559 | W15: 30879 | X15: 30911 | Y15: 34292 | Z15: 34510 | AA15: 35786 | AB15: 35964
B16: FESO 2027.CONSTRAINED.4.NO_VPP_MLv2 | C16: MC | D16: 10556 | E16: 12990 | F16: 14064 | G16: 16691 | H16: 16843 | I16: 22423 | J16: 29321 | K16: 31736 | L16: 36328 | M16: 48692 | N16: 50862 | O16: 51497 | P16: 53088 | Q16: 57544 | R16: 62896 | S16: 74548 | T16: 87587 | U16: 88596 | V16: 90102 | W16: 90781 | X16: 101769 | Y16: 103312 | Z16: 107516 | AA16: 108528 | AB16: 109563
B17: FESO 2027.CONSTRAINED.4.NO_VPP_MLv2 | C17: MD | D17: 588 | E17: 595 | F17: 740 | G17: 763 | H17: 1020 | I17: 1516 | J17: 1687 | K17: 1847 | L17: 2052 | M17: 2560 | N17: 2961 | O17: 3070 | P17: 3230 | Q17: 3499 | R17: 3877 | S17: 4078 | T17: 4632 | U17: 5099 | V17: 5319 | W17: 5505 | X17: 6295 | Y17: 6388 | Z17: 6525 | AA17: 6619 | AB17: 6679
B18: FESO 2027.CONSTRAINED.4.NO_VPP_MLv2 | C18: MN | D18: 28178 | E18: 30845 | F18: 32004 | G18: 38990 | H18: 40829 | I18: 53359 | J18: 72182 | K18: 80371 | L18: 92845 | M18: 119741 | N18: 125399 | O18: 126794 | P18: 138804 | Q18: 149670 | R18: 162590 | S18: 187267 | T18: 211061 | U18: 212901 | V18: 216657 | W18: 221071 | X18: 249530 | Y18: 251061 | Z18: 262849 | AA18: 264969 | AB18: 267091
... B79: FESO 2027.RAPID.4.NO_VPP_MLv2 | C79: WL | D79: 135 | E79: 170 | F79: 190 | G79: 195 | H79: 232 | I79: 264 | J79: 275 | K79: 355 | L79: 458 | M79: 491 | N79: 529 | O79: 659 | P79: 672 | Q79: 713 | R79: 827 | S79: 957 | T79: 1076 | U79: 1168 | V79: 1226 | W79: 1252 | X79: 1415 | Y79: 1522 | Z79: 1587 | AA79: 1626 | AB79: 1642
B81: EV storage uptake (MWh)
B82: Source: Energeia
B83: Scenario | C83: Zone | D83: 2026 | E83: 2027 | F83: 2028 | G83: 2029 | H83: 2030 | I83: 2031 | J83: 2032 | K83: 2033 | L83: 2034 | M83: 2035 | N83: 2036 | O83: 2037 | P83: 2038 | Q83: 2039 | R83: 2040 | S83: 2041 | T83: 2042 | U83: 2043 | V83: 2044 | W83: 2045 | X83: 2046 | Y83: 2047 | Z83: 2048 | AA83: 2049 | AB83: 2050
B84: FESO 2027.CONSTRAINED.LR.3 NO_VPP_OP | C84: Network | D84: 902.97103 | E84: 913.3729 | F84: 953.32459 | G84: 1029.4079 | H84: 2186.1036 | I84: 2480.3327 | J84: 3366.1239 | K84: 4763.3528 | L84: 5749.3201 | M84: 6460.9624 | N84: 9819.2915 | O84: 10024.303 | P84: 12477.211 | Q84: 14068.353 | R84: 15248.059 | S84: 19219.05 | T84: 20572.148 | U84: 22167.765 | V84: 26464.084 | W84: 34623.624 | X84: 37610.958 | Y84: 38701.433 | Z84: 39696.198 | AA84: 41076.686 | AB84: 41284.96
B85: FESO 2027.EXPECTED.LR.3.NO_VPP_OP | C85: Network | D85: 1081.521 | E85: 1157.7233 | F85: 1192.4882 | G85: 2200.601 | H85: 3465.1902 | I85: 5654.9333 | J85: 9687.2653 | K85: 11833.562 | L85: 14420.393 | M85: 15358.023 | N85: 15704.164 | O85: 15924.312 | P85: 18061.18 | Q85: 21242.837 | R85: 24918.568 | S85: 35649.805 | T85: 35896.692 | U85: 37901.111 | V85: 43914.35 | W85: 50035.074 | X85: 52029.805 | Y85: 53384.934 | Z85: 55189.858 | AA85: 56527.345 | AB85: 58819.598
B86: FESO 2027.RAPID.LR.3.NO_VPP_OP | C86: Network | D86: 998.85807 | E86: 1025.1957 | F86: 1105.1959 | G86: 1352.4722 | H86: 2739.7866 | I86: 3474.2785 | J86: 4857.6554 | K86: 7457.5088 | L86: 7948.111 | M86: 9893.6806 | N86: 13077.128 | O86: 17603.179 | P86: 20399.718 | Q86: 24383.667 | R86: 29293.332 | S86: 42941.905 | T86: 47976.875 | U86: 49278.995 | V86: 53002.64 | W86: 63236.858 | X86: 75738.529 | Y86: 77281.903 | Z86: 79622.06 | AA86: 84902.993 | AB86: 86682.848
B88: Vehicle to grid (V2G, percentage MWh of storage available in the market)
B90: Scenario | C90: Zone | D90: 2026 | E90: 2027 | F90: 2028 | G90: 2029 | H90: 2030 | I90: 2031 | J90: 2032 | K90: 2033 | L90: 2034 | M90: 2035 | N90: 2036 | O90: 2037 | P90: 2038 | Q90: 2039 | R90: 2040 | S90: 2041 | T90: 2042 | U90: 2043 | V90: 2044 | W90: 2045 | X90: 2046 | Y90: 2047 | Z90: 2048 | AA90: 2049 | AB90: 2050
B91: Constrained | C91: Network | D91: 0 | E91: 0 | F91: 0 | G91: 0 | H91: 0 | I91: 0 | J91: 0 | K91: 0 | L91: 0 | M91: 0 | N91: 0 | O91: 0 | P91: 0 | Q91: 0 | R91: 0 | S91: 0 | T91: 0 | U91: 0 | V91: 0 | W91: 0 | X91: 0 | Y91: 0 | Z91: 0 | AA91: 0 | AB91: 0
B92: Rapid change | C92: Network | D92: 0 | E92: 0 | F92: 0 | G92: 0 | H92: 0 | I92: 0 | J92: 0 | K92: 0 | L92: 0 | M92: 0.000390625 | N92: 0.0015625 | O92: 0.003515625 | P92: 0.00625 | Q92: 0.009765625 | R92: 0.0140625 | S92: 0.019140625 | T92: 0.025 | U92: 0.031640625 | V92: 0.0390625 | W92: 0.047265625 | X92: 0.05625 | Y92: 0.066015625 | Z92: 0.0765625 | AA92: 0.087890625 | AB92: 0.1
B93: Central | C93: Network | D93: 0 | E93: 0 | F93: 0 | G93: 0 | H93: 0 | I93: 0 | J93: 0 | K93: 0 | L93: 0 | M93: 0 | N93: 0 | O93: 0 | P93: 0 | Q93: 0 | R93: 0.00041322314 | S93: 0.0016528926 | T93: 0.0037190083 | U93: 0.0066115702 | V93: 0.010330579 | W93: 0.014876033 | X93: 0.020247934 | Y93: 0.026446281 | Z93: 0.033471074 | AA93: 0.041322314 | AB93: 0.05

Sheet Efficiency
B1: Back to summary
B2: Energy Efficiency
B3: Yearly energy efficiency used as an input into the demand forecasts. Uptake of more efficient appliances
B5: Energy efficiency (MWh)
B6: Source: Energeia
B7: SCENARIO_NAME | C7: NODE | D7: 2026 | E7: 2027 | F7: 2028 | G7: 2029 | H7: 2030 | I7: 2031 | J7: 2032 | K7: 2033 | L7: 2034 | M7: 2035 | N7: 2036 | O7: 2037 | P7: 2038 | Q7: 2039 | R7: 2040 | S7: 2041 | T7: 2042 | U7: 2043 | V7: 2044 | W7: 2045 | X7: 2046 | Y7: 2047 | Z7: 2048 | AA7: 2049 | AB7: 2050
B8: FESO 2027.CONSTRAINED.4.NO_VPP_MLv2 | C8: CD | D8: 126633.35 | E8: 132638.87 | F8: 137611.95 | G8: 143748.24 | H8: 150463.86 | I8: 159082.15 | J8: 172006.8 | K8: 165596.56 | L8: 177233.03 | M8: 184689.81 | N8: 189458.21 | O8: 195090.79 | P8: 200155.15 | Q8: 203609.75 | R8: 204121.6 | S8: 198810.25 | T8: 199677.94 | U8: 200536.66 | V8: 212286.14 | W8: 215386.65 | X8: 215977.11 | Y8: 217200.35 | Z8: 209305.38 | AA8: 215012.47 | AB8: 220481.73
B9: FESO 2027.CONSTRAINED.4.NO_VPP_MLv2 | C9: CM | D9: 8308.55 | E9: 8537.48 | F9: 8728.94 | G9: 8963.38 | H9: 9229.04 | I9: 9884.59 | J9: 10740.73 | K9: 10965.83 | L9: 11699.53 | M9: 12424.89 | N9: 12713.97 | O9: 13087.61 | P9: 13184.33 | Q9: 13172.84 | R9: 12490.77 | S9: 12543.4 | T9: 12420.95 | U9: 12448.66 | V9: 12710.31 | W9: 12952.55 | X9: 13080.92 | Y9: 13352.42 | Z9: 13284.41 | AA9: 13727.15 | AB9: 13764.72
B10: FESO 2027.CONSTRAINED.4.NO_VPP_MLv2 | C10: EG | D10: 26422.82 | E10: 26902.01 | F10: 27400.07 | G10: 28223.46 | H10: 29239.73 | I10: 32459.58 | J10: 34631.61 | K10: 34298.82 | L10: 36788.78 | M10: 39465.76 | N10: 41274.3 | O10: 42555.09 | P10: 43711.15 | Q10: 43380.84 | R10: 39997.02 | S10: 40604.86 | T10: 39078.01 | U10: 39134.12 | V10: 40084.45 | W10: 40642.83 | X10: 42238.04 | Y10: 42965.89 | Z10: 43328.77 | AA10: 44760 | AB10: 44834.3
B11: FESO 2027.CONSTRAINED.4.NO_VPP_MLv2 | C11: GL | D11: 109262.95 | E11: 112989.91 | F11: 115844.69 | G11: 119689.64 | H11: 123918.05 | I11: 126737.7 | J11: 134723.98 | K11: 128804.8 | L11: 135541.11 | M11: 139510.33 | N11: 143050.24 | O11: 145585.21 | P11: 148114.5 | Q11: 150110.45 | R11: 148783.85 | S11: 141350.02 | T11: 140766.73 | U11: 140302.8 | V11: 150272.46 | W11: 151710.42 | X11: 151333.64 | Y11: 152895.19 | Z11: 145413.41 | AA11: 148391.12 | AB11: 150862.5
B12: FESO 2027.CONSTRAINED.4.NO_VPP_MLv2 | C12: GS | D12: 27663.95 | E12: 28364.82 | F12: 29138.43 | G12: 29849.04 | H12: 28407.65 | I12: 30233.36 | J12: 34395.24 | K12: 37372.87 | L12: 40611.18 | M12: 43895.6 | N12: 45803 | O12: 46748.66 | P12: 47629.75 | Q12: 48465.55 | R12: 46168.89 | S12: 47104.44 | T12: 47321.05 | U12: 48189.31 | V12: 48142.11 | W12: 44768.63 | X12: 42214.85 | Y12: 42558.89 | Z12: 43262.73 | AA12: 44423.75 | AB12: 44413.29
B13: FESO 2027.CONSTRAINED.4.NO_VPP_MLv2 | C13: KD | D13: 3456.96 | E13: 3539.78 | F13: 3612.71 | G13: 3738.12 | H13: 3877.45 | I13: 4331.59 | J13: 4652.5 | K13: 4605.93 | L13: 4971.49 | M13: 5370.49 | N13: 5552.18 | O13: 5773.56 | P13: 5904.38 | Q13: 5883.55 | R13: 5429.95 | S13: 5448.94 | T13: 5311.82 | U13: 5319.54 | V13: 5494.49 | W13: 5637.2 | X13: 5845.38 | Y13: 5983.26 | Z13: 6064.22 | AA13: 6275.43 | AB13: 6244.21
B14: FESO 2027.CONSTRAINED.4.NO_VPP_MLv2 | C14: KM | D14: 109960.77 | E14: 113707.5 | F14: 118344.19 | G14: 121773.72 | H14: 112308.57 | I14: 118219.07 | J14: 132894.65 | K14: 140999.5 | L14: 149713.88 | M14: 158337.91 | N14: 168156.46 | O14: 172669.59 | P14: 177930.78 | Q14: 182179.97 | R14: 170738.01 | S14: 173383.05 | T14: 175170.51 | U14: 179231.09 | V14: 182221.68 | W14: 165243.2 | X14: 161613.47 | Y14: 164174.08 | Z14: 164869.62 | AA14: 169949.96 | AB14: 169998.06
B15: FESO 2027.CONSTRAINED.4.NO_VPP_MLv2 | C15: KW | D15: 51529.9 | E15: 53761.01 | F15: 57114.84 | G15: 57277.26 | H15: 58520.66 | I15: 63745.71 | J15: 66839.39 | K15: 70501.58 | L15: 73961.03 | M15: 78243.03 | N15: 77332.29 | O15: 81713.21 | P15: 83579.36 | Q15: 82958.34 | R15: 83470.02 | S15: 85586.04 | T15: 86297.45 | U15: 86933.39 | V15: 87884.33 | W15: 87954.49 | X15: 89058.71 | Y15: 79828.95 | Z15: 79613.4 | AA15: 81797.37 | AB15: 83986.67
B16: FESO 2027.CONSTRAINED.4.NO_VPP_MLv2 | C16: MC | D16: 139234.69 | E16: 144006.14 | F16: 148219.93 | G16: 151180.34 | H16: 154185.08 | I16: 159519.24 | J16: 174488.45 | K16: 178847.71 | L16: 186100.38 | M16: 194501.62 | N16: 196226.1 | O16: 200998.69 | P16: 195365.77 | Q16: 193787.63 | R16: 197257.56 | S16: 200345.18 | T16: 205440.59 | U16: 208201.27 | V16: 204034.83 | W16: 205310.72 | X16: 204817.34 | Y16: 207428.75 | Z16: 206016.69 | AA16: 210943.4 | AB16: 209595.14
B17: FESO 2027.CONSTRAINED.4.NO_VPP_MLv2 | C17: MD | D17: 6457.22 | E17: 6612.96 | F17: 6731.58 | G17: 6963.11 | H17: 7201.88 | I17: 7979.97 | J17: 8551.12 | K17: 8638.67 | L17: 9294.16 | M17: 9959.17 | N17: 10376.2 | O17: 10764.25 | P17: 11063.31 | Q17: 11073.8 | R17: 10004.01 | S17: 10172.69 | T17: 9792.58 | U17: 9865 | V17: 10078.42 | W17: 10153.23 | X17: 10599.42 | Y17: 10850.96 | Z17: 11012.26 | AA17: 11404.25 | AB17: 11365.68
B18: FESO 2027.CONSTRAINED.4.NO_VPP_MLv2 | C18: MN | D18: 419808.4 | E18: 434568.97 | F18: 445731.83 | G18: 457255.7 | H18: 469556.22 | I18: 487833.74 | J18: 533209.97 | K18: 532058.92 | L18: 556486.81 | M18: 578349.7 | N18: 583550.52 | O18: 601176.94 | P18: 592932.96 | Q18: 594501.36 | R18: 602676.32 | S18: 597731.34 | T18: 604392.41 | U18: 611327.51 | V18: 608808.66 | W18: 612565.04 | X18: 610398.57 | Y18: 619503.9 | Z18: 610665.58 | AA18: 626459.14 | AB18: 626161.71
... B79: FESO 2027.RAPID.4.NO_VPP_MLv2 | C79: WL | D79: 1387.99 | E79: 1426.71 | F79: 1321.62 | G79: 1323.01 | H79: 1241.81 | I79: 1309.64 | J79: 1406.67 | K79: 1484.35 | L79: 1569.02 | M79: 1661.6 | N79: 2034.54 | O79: 2483.65 | P79: 2724.18 | Q79: 2790.41 | R79: 3139.84 | S79: 3279.33 | T79: 3631.86 | U79: 4032.99 | V79: 4177.25 | W79: 4337.13 | X79: 4571.63 | Y79: 4840.62 | Z79: 4842.53 | AA79: 4975.95 | AB79: 5049.66

Sheet Existing and committed
B1: Back to summary
B2: Existing and committed generator and storage parameters
B3: Modelling parameters for existing and committed generators Note: 1. SO is sent out
B5: Existing and committed parameters
B6: Source: EPWA analysis
B7: Facility Code | C7: Station name | D7: Participant group | E7: Zone | F7: Status | G7: Fuel type | H7: Plant type | I7: Declared SO Capacity | J7: Loss factor | K7: Capacity credits | L7: Ramp down rate | M7: Ramp up rate | N7: Thermal minimum on time | O7: Thermal minimum off time | P7: Min stable level | Q7: FOM | R7: VOM | S7: Auxiliary factor/self load | T7: Full outage rate | U7: Partial outage rate | V7: Full outage - mean time to repair | W7: Partial outage - mean time to repair | X7: Partial outage derating factor | Y7: Time on planned maintenance | Z7: Regulation Raise | AA7: Regulation Lower | AB7: Contingency Reserve Raise | AC7: Contingency Reserve Lower | AD7: RoCoF Control Service | AE7: Charge efficiency | AF7: Discharge efficiency | AG7: Allowable max state of charge | AH7: Allowable min state of charge | AI7: Round trip efficency | AJ7: Annual degradation
I8: MW | K8: MW | L8: MW/ min | M8: MW/ min | N8: Hours | O8: Hours | P8: MW | Q8: $/kW/yr | R8: $/MWh (SO) | S8: % | T8: % | U8: % | V8: Hours | W8: Hours | X8: % | Y8: % | Z8: MW | AA8: MW | AB8: MW | AC8: MW | AD8: MW | AE8: % | AF8: % | AG8: % | AH8: % | AI8: % | AJ8: %
B9: AMBRISOLAR_PV1 | C9: AMBRISOLAR_PV1 | D9: Metro Power | E9: EC | F9: Existing | G9: Single axis PV | H9: Solar | I9: 0.96 | J9: 1.0641 | K9: 0.8 | L9: 0.2 | Q9: 26.11
B10: ALBANY_WF1 | C10: AWF WTG1 | D10: Alinta | E10: MU | F10: Existing | G10: Wind turbine | H10: Wind | I10: 10.8 | J10: 1.05 | K10: 3 | L10: 86 | Q10: 45.82
B11: ALBANY_WF1 | C11: AWF WTG2 | D11: Alinta | E11: MU | F11: Existing | G11: Wind turbine | H11: Wind | I11: 10.8 | J11: 1.05 | K11: 3 | L11: 86 | Q11: 45.82
B12: ALCOA_WGP | D12: ALCOA | E12: KM | F12: Existing | G12: Natural gas | H12: Embedded generation | I12: 26 | K12: 16 | L12: 3 | M12: 3 | Q12: 18.4
B13: KWINANA_ESR1 | C13: BESS_2H_100_KW_330 | D13: Synergy | F13: Existing | G13: ESR | H13: Battery | I13: 100 | J13: 0.9984 | K13: 44.25 | Q13: 17.13 | Z13: 100 | AA13: 100 | AB13: 50 | AC13: 50
B14: KWINANA_ESR2 | C14: BESS_4H_225_KW_330 | D14: Synergy | F14: Existing | G14: ESR | H14: Battery | I14: 225 | J14: 0.9984 | K14: 225 | Q14: 17.13 | T14: 0.0184 | Z14: 200 | AA14: 200 | AB14: 199.7 | AC14: 199.7
B15: SBSOLAR1_CUNDERDIN_PV1 | C15: BESS_2H_51_CNS_132 | F15: Existing | G15: ESR | H15: Battery | I15: 51.3 | J15: 1.0298 | K15: 0 | Q15: 17.13 | T15: 0.0184
B16: SBSOLAR1_CUNDERDIN_PV1 | C16: CUNDERIN_PV | F16: Existing | G16: Single axis PV | H16: Solar | I16: 100 | J16: 1.0773 | K16: 48 | Q16: 26.11
B17: STHRNCRS_EG | E17: EG | F17: Existing | G17: Natural gas | H17: Embedded generation | K17: 23 | L17: 3 | M17: 3 | Q17: 18.4
B18: BIOGAS01 | C18: BIOGAS01 | D18: Delorean Energy Retail | E18: ST | F18: Existing | G18: Landfill gas | H18: Landfill gas | I18: 2 | J18: 1.0087 | K18: 0.387 | L18: 0.3 | M18: 0.3 | Q18: 131.55 | R18: 8.67 | S18: 0.08 | T18: 0.0721 | U18: 0.0112 | V18: 44.08 | W18: 106.48 | X18: 0.0999 | Y18: 0.0055
B19: BLAIRFOX_KARAKIN_WF1 | C19: BLAIRFOX_KARAKIN_WF1 | D19: Denmark Community Windfarm | E19: NC | F19: Existing | G19: Wind turbine | H19: Wind | I19: 5 | J19: 0.9935 | K19: 0.15 | L19: 5 | Q19: 45.82
B20: BREMER_BAY_WF1 | C20: BREMER_BAY_WF1 | D20: AGWF Trust | E20: MU | F20: Existing | G20: Wind turbine | H20: Wind | I20: 0.6 | J20: 1.05 | K20: 0.167 | L20: 2.4 | Q20: 45.82
B21: BADGINGARRA_PV1 | C21: BSF SC1 | D21: Alinta | E21: NC | F21: Existing | G21: Single axis PV | H21: Solar | I21: 7.5 | J21: 0.9986 | K21: 0 | L21: 2 | Q21: 26.11
B22: BADGINGARRA_PV1 | C22: BSF SC2 | D22: Alinta | E22: NC | F22: Existing | G22: Single axis PV | H22: Solar | I22: 7.5 | J22: 0.9986 | K22: 0 | L22: 2 | Q22: 26.11
B23: BADGINGARRA_PV1 | C23: BSF SC3 | D23: Alinta | E23: NC | F23: Existing | G23: Single axis PV | H23: Solar | I23: 2.5 | J23: 0.9986 | K23: 0 | L23: 2 | Q23: 26.11
B24: BADGINGARRA_WF1 | C24: BWF WTG | D24: Blair Flox | E24: NC | F24: Existing | G24: Wind turbine | H24: Wind | I24: 130 | J24: 0.9986 | K24: 24.3 | L24: 20 | Q24: 45.82
B25: INVESTEC_COLLGAR_WF1 | C25: CGW WTG1 | D25: Mt.Barker Power Company | E25: EC | F25: Existing | G25: Wind turbine | H25: Wind | I25: 109.25 | J25: 0.9956 | K25: 12.1 | L25: 33 | Q25: 45.82
B26: INVESTEC_COLLGAR_WF1 | C26: CGW WTG2 | D26: Mt.Barker Power Company | E26: EC | F26: Existing | G26: Wind turbine | H26: Wind | I26: 109.25 | J26: 0.9956 | K26: 12.1 | L26: 33 | Q26: 45.82
B27: COCKBURN_CCG1 | C27: COCKBURN_CCG1 | D27: Synergy | E27: KW | F27: Existing | G27: Natural gas | H27: Natural gas | I27: 240.9 | J27: 0.9984 | K27: 240 | L27: 12 | M27: 12 | N27: 8 | O27: 4 | P27: 150 | Q27: 11.02 | R27: 4.43 | S27: 0.03 | T27: 0.0504 | U27: 0.0166 | V27: 61.19 | W27: 40.35 | X27: 0.1521 | Y27: 0.0055 | Z27: 30 | AA27: 30 | AD27: 2176
B28: DCWL_DENMARK_WF1 | C28: DCWL_DENMARK_WF1 | D28: Collgar | E28: MU | F28: Existing | G28: Wind turbine | H28: Wind | I28: 1.44 | J28: 1.05 | K28: 0.5 | L28: 0.2 | Q28: 45.82
B29: EDWFMAN_PV1 | C29: EMDA SC1 | D29: APA | F29: Existing | G29: Single axis PV | H29: Solar | I29: 10 | J29: 0.9606 | K29: 0 | L29: 2 | Q29: 26.11
B30: EDWFMAN_WF1 | C30: EMDA WTG1 | D30: Synergy | E30: NC | F30: Existing | G30: Wind turbine | H30: Wind | I30: 40 | J30: 0.9606 | K30: 5.2 | L30: 2 | Q30: 45.82
B31: EDWFMAN_PV1 | C31: EMDB SC2 | D31: APA | F31: Existing | G31: Single axis PV | H31: Solar | I31: 10 | J31: 0.9606 | K31: 0 | L31: 2 | Q31: 26.11
B32: EDWFMAN_WF1 | C32: EMDB WTG2 | D32: Synergy | E32: NC | F32: Existing | G32: Wind turbine | H32: Wind | I32: 40 | J32: 0.9606 | K32: 5.2 | L32: 2 | Q32: 45.82
B33: GREENOUGH_RIVER_PV1 | C33: Eq_GRSF1 | D33: GRSF Trust | E33: NC | F33: Existing | G33: Tilted Plate PV | H33: Solar | I33: 10 | J33: 0.9293 | K33: 0 | L33: 6 | Q33: 26.11
B34: GREENOUGH_RIVER_PV1 | C34: Eq-GRSF2- PV1 | D34: GRSF Trust | E34: NC | F34: Existing | G34: Single axis PV | H34: Solar | I34: 15 | J34: 0.9293 | K34: 2 | L34: 6 | Q34: 26.11
B35: GREENOUGH_RIVER_PV1 | C35: Eq-GRSF2- PV2 | D35: GRSF Trust | E35: NC | F35: Existing | G35: Single axis PV | H35: Solar | I35: 15 | J35: 0.9293 | K35: 2 | L35: 6 | Q35: 26.11
B36: ERRRF_WTE_G1 | C36: ERRRF_WTE | F36: Existing | G36: Landfill gas | H36: Landfill gas | I36: 28.6 | J36: 1.0028 | K36: 25.1 | P36: 20.23 | Q36: 131.55 | R36: 8.67 | S36: 0.08 | T36: 0.0721 | U36: 0.0112 | V36: 44.08 | W36: 106.48 | X36: 0.0999 | Y36: 0.0055
B37: FLATROCKS_WF1 | C37: FLAT_ROCKS_WF1 | D37: Enel | F37: Existing | G37: Wind turbine | H37: Wind | I37: 73.4 | J37: 1.0179 | K37: 22.5 | Q37: 45.82
B38: ALINTA_PNJ_U1 | C38: Gen_APJ_GT1 | D38: Alinta Sales Pty Ltd | E38: BPS | F38: Existing | G38: Natural gas | H38: Natural gas | I38: 142 | J38: 0.9891 | K38: 142 | L38: 9.4 | M38: 9.4 | N38: 8 | O38: 4 | P38: 5 | Q38: 11.02 | R38: 5 | S38: 0.03 | T38: 0.0504 | U38: 0.0166 | V38: 61.19 | W38: 40.35 | X38: 0.1521 | Y38: 0.0055 | Z38: 30 | AA38: 30 | AC38: 58 | AD38: 1085
B39: ALINTA_PNJ_U2 | C39: Gen_APJ_GT2 | D39: Alinta Sales Pty Ltd | E39: BPS | F39: Existing | G39: Natural gas | H39: Natural gas | I39: 142 | J39: 0.9891 | K39: 142 | L39: 9.4 | M39: 9.4 | N39: 8 | O39: 4 | P39: 5 | Q39: 11.02 | R39: 5 | S39: 0.03 | T39: 0.0504 | U39: 0.0166 | V39: 61.19 | W39: 40.35 | X39: 0.1521 | Y39: 0.0055 | Z39: 30 | AA39: 30 | AB39: 6 | AC39: 65 | AD39: 1085
B40: ALINTA_WGP_GT | C40: Gen_AWG_GT1 | D40: Alinta Sales Pty Ltd | E40: MU | F40: Existing | G40: Natural gas | H40: Natural gas | I40: 196 | J40: 0.9826 | K40: 196 | L40: 8 | M40: 8 | N40: 3 | O40: 3 | P40: 30 | Q40: 15.9 | R40: 2.74 | S40: 0.01 | T40: 0.0721 | U40: 0.0112 | V40: 44.08 | W40: 106.48 | X40: 0.0999 | Y40: 0.0055 | Z40: 30 | AA40: 30 | AB40: 55 | AC40: 60 | AD40: 1494
B41: ALINTA_WGP_U2 | C41: Gen_AWG_GT2 | D41: Alinta Sales Pty Ltd | E41: MU | F41: Existing | G41: Natural gas | H41: Natural gas | I41: 196 | J41: 0.9826 | K41: 196 | L41: 8 | M41: 8 | N41: 3 | O41: 3 | P41: 30 | Q41: 15.9 | R41: 2.74 | S41: 0.01 | T41: 0.0721 | U41: 0.0112 | V41: 44.08 | W41: 106.48 | X41: 0.0999 | Y41: 0.0055 | Z41: 30 | AA41: 30 | AB41: 60 | AC41: 60 | AD41: 1494
B42: BW1_BLUEWATERS_G2 | C42: Gen_BWP_G1 | D42: Bluewaters Power 1 Pty Ltd | E42: MU | F42: Existing | G42: Black coal | H42: Black coal | I42: 217 | J42: 0.9798 | K42: 217 | L42: 1 | M42: 1 | N42: 24 | O42: 12 | P42: 82 | Q42: 56.74 | R42: 2.56 | S42: 0.08 | T42: 0.0653 | U42: 0.2216 | V42: 171.31 | W42: 45.195 | X42: 0.2088 | Y42: 0.0055 | AB42: 15 | AD42: 1077
B43: BW2_BLUEWATERS_G1 | C43: Gen_BWP_G2 | D43: Bluewaters Power 2 Pty Ltd | E43: MU | F43: Existing | G43: Black coal | H43: Black coal | I43: 217 | J43: 0.9798 | K43: 217 | L43: 1 | M43: 1 | N43: 24 | O43: 12 | P43: 82 | Q43: 56.74 | R43: 2.56 | S43: 0.08 | T43: 0.0653 | U43: 0.2216 | V43: 171.31 | W43: 45.195 | X43: 0.2088 | Y43: 0.0055 | AB43: 15 | AD43: 1077
B44: COLLIE_G1 | C44: Gen_CPS_G1 | D44: Synergy | E44: MU | F44: Existing | G44: Black coal | H44: Black coal | I44: 318.3 | J44: 0.9719 | K44: 317.2 | L44: 4 | M44: 4 | N44: 18 | O44: 6 | P44: 105 | Q44: 56.74 | R44: 1.28 | S44: 0.08 | T44: 0.0653 | U44: 0.2216 | V44: 171.31 | W44: 45.195 | X44: 0.2088 | Y44: 0.0055 | AB44: 24.7 | AD44: 1196.3
B45: NEWGEN_NEERABUP_GT1 | C45: Gen_GNN_GT11 | D45: NewGen Neerabup | E45: NT | F45: Existing | G45: Natural gas | H45: Natural gas | I45: 165.3 | K45: 165.3 | L45: 10 | M45: 10 | Z45: 40 | AA45: 40
B46: NEWGEN_NEERABUP_GT1 | C46: Gen_GNN_GT12 | D46: NewGen Neerabup | E46: NT | F46: Existing | G46: Natural gas | H46: Natural gas | I46: 165.3 | K46: 165.3 | L46: 10 | M46: 10 | Z46: 40 | AA46: 40
B47: TIWEST_COG1 | C47: Gen_KMK_GT1 | D47: Tronox Management | E47: KW | F47: Existing | G47: Cogeneration | H47: Cogeneration | I47: 42.1 | J47: 1 | K47: 36 | L47: 2.25 | M47: 2.25 | N47: 8 | O47: 4 | P47: 14 | Q47: 11.02 | R47: 2.57 | S47: 0.03 | T47: 0.0504 | U47: 0.0166 | V47: 61.19 | W47: 40.35 | X47: 0.1521 | Y47: 0.0055
B48: KEMERTON_GT11 | C48: Gen_KMP_GT1 | D48: Synergy | E48: BPS | F48: Existing | G48: Natural gas | H48: Natural gas | I48: 155 | J48: 0.984 | K48: 155 | L48: 15 | M48: 15 | N48: 3 | O48: 3 | P48: 70 | Q48: 15.9 | R48: 2.74 | S48: 0.01 | T48: 0.0721 | U48: 0.0112 | V48: 44.08 | W48: 106.48 | X48: 0.0999 | Y48: 0.0055 | Z48: 75 | AA48: 75 | AB48: 76 | AC48: 76 | AD48: 1092
B49: KEMERTON_GT12 | C49: Gen_KMP_GT2 | D49: Synergy | E49: BPS | F49: Existing | G49: Natural gas | H49: Natural gas | I49: 155 | J49: 0.984 | K49: 155 | L49: 15 | M49: 15 | N49: 3 | O49: 3 | P49: 70 | Q49: 15.9 | R49: 2.74 | S49: 0.01 | T49: 0.0721 | U49: 0.0112 | V49: 44.08 | W49: 106.48 | X49: 0.0999 | Y49: 0.0055 | Z49: 75 | AA49: 75 | AB49: 76 | AC49: 76 | AD49: 1092
B50: PERTHENERGY_KWINANA_GT1 | C50: Gen_KND_GT1 | D50: Western Energy Pty | E50: KW | F50: Existing | G50: Natural gas | H50: Natural gas | I50: 58 | J50: 1.0004 | K50: 54.5 | L50: 6 | M50: 6 | N50: 3 | O50: 3 | P50: 2 | Q50: 15.9 | R50: 12.37 | S50: 0.01 | T50: 0.0721 | U50: 0.0112 | V50: 44.08 | W50: 106.48 | X50: 0.0999 | Y50: 0.0055
B51: PERTHENERGY_KWINANA_GT1 | C51: Gen_KND_GT2 | D51: Western Energy Pty | E51: KW | F51: Existing | G51: Natural gas | H51: Natural gas | I51: 58 | J51: 1.0004 | K51: 54.5 | L51: 6 | M51: 6 | N51: 3 | O51: 3 | P51: 2 | Q51: 15.9 | R51: 12.37 | S51: 0.01 | T51: 0.0721 | U51: 0.0112 | V51: 44.08 | W51: 106.48 | X51: 0.0999 | Y51: 0.0055
B52: NAMKKN_MERR_SG1 | C52: Gen_MDP_G1 | D52: Merredin Energy | E52: EC | F52: Existing | G52: Distillate | H52: Distillate | I52: 41 | J52: 0.9498 | K52: 41 | L52: 6 | M52: 6 | N52: 2 | O52: 3 | P52: 2 | Q52: 15.13 | R52: 2.64 | S52: 0.01 | T52: 0.0958 | U52: 0.0032 | V52: 150.2 | W52: 189.52 | X52: 0.337 | Y52: 0.0055
B53: NAMKKN_MERR_SG1 | C53: Gen_MDP_G2 | D53: Merredin Energy | E53: EC | F53: Existing | G53: Distillate | H53: Distillate | I53: 41 | J53: 0.9498 | K53: 41 | L53: 6 | M53: 6 | N53: 2 | O53: 3 | P53: 2 | Q53: 15.13 | R53: 2.64 | S53: 0.01 | T53: 0.0958 | U53: 0.0032 | V53: 150.2 | W53: 189.52 | X53: 0.337 | Y53: 0.0055
B54: MUNGARRA_GT1 | C54: Gen_MGA_GT1 | D54: Synergy | E54: NC | F54: Existing | G54: Natural gas | H54: Natural gas | I54: 39.5 | J54: 0.9128 | K54: 0 | L54: 8 | M54: 8 | N54: 3 | O54: 3 | P54: 10 | Q54: 15.9 | R54: 4.78 | S54: 0.01 | T54: 0.0721 | U54: 0.0112 | V54: 44.08 | W54: 106.48 | X54: 0.0999 | Y54: 0.0055
B55: MUNGARRA_GT1 | C55: Gen_MGA_GT3 | D55: Synergy | E55: NC | F55: Existing | G55: Natural gas | H55: Natural gas | I55: 38 | J55: 0.9128 | K55: 0 | L55: 8 | M55: 8 | N55: 3 | O55: 3 | P55: 10 | Q55: 15.9 | R55: 4.78 | S55: 0.01 | T55: 0.0721 | U55: 0.0112 | V55: 44.08 | W55: 106.48 | X55: 0.0999 | Y55: 0.0055
B56: MUJA_G7 | C56: Gen_MPS_G7 | D56: Synergy | E56: MU | F56: Existing | G56: Black coal | H56: Black coal | I56: 212.6 | J56: 0.9804 | K56: 211 | L56: 4 | M56: 4 | N56: 24 | O56: 12 | P56: 65 | Q56: 56.74 | R56: 4.83 | S56: 0.08 | T56: 0.0653 | U56: 0.2216 | V56: 171.31 | W56: 45.195 | X56: 0.2088 | Y56: 0.0055 | AB56: 22.7 | AC56: 22.7 | AD56: 880
B57: MUJA_G8 | C57: Gen_MPS_G8 | D57: Synergy | E57: MU | F57: Existing | G57: Black coal | H57: Black coal | I57: 212.6 | J57: 0.9804 | K57: 211 | L57: 4 | M57: 4 | N57: 24 | O57: 12 | P57: 65 | Q57: 56.74 | R57: 4.83 | S57: 0.08 | T57: 0.0653 | U57: 0.2216 | V57: 171.31 | W57: 45.195 | X57: 0.2088 | Y57: 0.0055 | AB57: 22.7 | AC57: 22.7 | AD57: 880
B58: PINJAR_GT1 | C58: Gen_PJR_GT1 | D58: Synergy | E58: NT | F58: Existing | G58: Natural gas | H58: Natural gas | I58: 37.4 | J58: 0.9982 | K58: 29.3 | L58: 8 | M58: 8 | N58: 3 | O58: 3 | P58: 10 | Q58: 15.9 | R58: 2.96 | S58: 0.01 | T58: 0.0721 | U58: 0.0112 | V58: 44.08 | W58: 106.48 | X58: 0.0999 | Y58: 0.0055 | Z58: 28.5 | AA58: 28.5 | AB58: 12.9 | AC58: 12.9 | AD58: 248
B59: PINJAR_GT10 | C59: Gen_PJR_GT10 | D59: Synergy | E59: NT | F59: Existing | G59: Natural gas | H59: Natural gas | I59: 116.4 | J59: 0.9982 | K59: 110.5 | L59: 10 | M59: 10 | N59: 3 | O59: 3 | P59: 15 | Q59: 15.9 | R59: 5.14 | S59: 0.01 | T59: 0.0721 | U59: 0.0112 | V59: 44.08 | W59: 106.48 | X59: 0.0999 | Y59: 0.0055 | Z59: 50 | AA59: 50 | AB59: 37.7 | AC59: 37.7 | AD59: 988
B60: PINJAR_GT11 | C60: Gen_PJR_GT11 | D60: Synergy | E60: NT | F60: Existing | G60: Natural gas | H60: Natural gas | I60: 123.4 | J60: 0.9982 | K60: 123.7 | L60: 10 | M60: 10 | N60: 3 | O60: 3 | P60: 15 | Q60: 15.9 | R60: 5.98 | S60: 0.01 | T60: 0.0721 | U60: 0.0112 | V60: 44.08 | W60: 106.48 | X60: 0.0999 | Y60: 0.0055 | Z60: 50 | AA60: 50 | AB60: 55.9 | AC60: 55.9 | AD60: 1194
B61: PINJAR_GT2 | C61: Gen_PJR_GT2 | D61: Synergy | E61: NT | F61: Existing | G61: Natural gas | H61: Natural gas | I61: 37.4 | J61: 0.9982 | K61: 30.8 | L61: 8 | M61: 8 | N61: 3 | O61: 3 | P61: 10 | Q61: 15.9 | R61: 2.96 | S61: 0.01 | T61: 0.0721 | U61: 0.0112 | V61: 44.08 | W61: 106.48 | X61: 0.0999 | Y61: 0.0055 | Z61: 28.5 | AA61: 28.5 | AB61: 12.9 | AC61: 12.9 | AD61: 248
B62: PINJAR_GT3 | C62: Gen_PJR_GT3 | D62: Synergy | E62: NT | F62: Existing | G62: Natural gas | H62: Natural gas | I62: 38.34 | J62: 0.9982 | K62: 37 | L62: 8 | M62: 8 | N62: 3 | O62: 3 | P62: 10 | Q62: 15.9 | R62: 2.96 | S62: 0.01 | T62: 0.0721 | U62: 0.0112 | V62: 44.08 | W62: 106.48 | X62: 0.0999 | Y62: 0.0055 | Z62: 29.3 | AA62: 29.3 | AB62: 15.7 | AC62: 15.7 | AD62: 276
B63: PINJAR_GT4 | C63: Gen_PJR_GT4 | D63: Synergy | E63: NT | F63: Existing | G63: Natural gas | H63: Natural gas | I63: 38.34 | J63: 0.9982 | K63: 37 | L63: 8 | M63: 8 | N63: 3 | O63: 3 | P63: 10 | Q63: 15.9 | R63: 2.96 | S63: 0.01 | T63: 0.0721 | U63: 0.0112 | V63: 44.08 | W63: 106.48 | X63: 0.0999 | Y63: 0.0055 | Z63: 29.3 | AA63: 29.3 | AB63: 15.7 | AC63: 15.7 | AD63: 276
B64: PINJAR_GT5 | C64: Gen_PJR_GT5 | D64: Synergy | E64: NT | F64: Existing | G64: Natural gas | H64: Natural gas | I64: 38.34 | J64: 0.9982 | K64: 37 | L64: 8 | M64: 8 | N64: 3 | O64: 3 | P64: 10 | Q64: 15.9 | R64: 2.96 | S64: 0.01 | T64: 0.0721 | U64: 0.0112 | V64: 44.08 | W64: 106.48 | X64: 0.0999 | Y64: 0.0055 | Z64: 29.3 | AA64: 29.3 | AB64: 11.4 | AC64: 11.4 | AD64: 276
B65: PINJAR_GT7 | C65: Gen_PJR_GT7 | D65: Synergy | E65: NT | F65: Existing | G65: Natural gas | H65: Natural gas | I65: 38.34 | J65: 0.9982 | K65: 36.4 | L65: 8 | M65: 8 | N65: 3 | O65: 3 | P65: 10 | Q65: 15.9 | R65: 2.96 | S65: 0.01 | T65: 0.0721 | U65: 0.0112 | V65: 44.08 | W65: 106.48 | X65: 0.0999 | Y65: 0.0055 | Z65: 29.3 | AA65: 29.3 | AB65: 11.4 | AC65: 11.4 | AD65: 276
B66: PINJAR_GT9 | C66: Gen_PJR_GT9 | D66: Synergy | E66: NT | F66: Existing | G66: Natural gas | H66: Natural gas | I66: 116.4 | J66: 0.9982 | K66: 110.5 | L66: 10 | M66: 10 | N66: 3 | O66: 3 | P66: 15 | Q66: 15.9 | R66: 5.14 | S66: 0.01 | T66: 0.0721 | U66: 0.0112 | V66: 44.08 | W66: 106.48 | X66: 0.0999 | Y66: 0.0055 | Z66: 50 | AA66: 50 | AB66: 45.6 | AC66: 45.6 | AD66: 988
B67: PRK_AG | D67: GLDFLDPW | E67: EG | F67: Existing | G67: Diesel | H67: Embedded generation | I67: 68
B68: WEST_KALGOORLIE_GT2 | C68: Gen_WKT_GT2 | D68: Synergy | E68: EG | F68: Existing | G68: Distillate | H68: Distillate | I68: 41.2 | J68: 0.9916 | K68: 0 | L68: 2.3 | M68: 2.3 | N68: 13 | P68: 18 | Q68: 15.13 | R68: 34.96 | S68: 0.01 | T68: 0.0958 | U68: 0.0032 | V68: 150.2 | W68: 189.52 | X68: 0.337 | Y68: 0.0055
B69: WEST_KALGOORLIE_GT2 | C69: Gen_WKT_GT3 | D69: Synergy | E69: EG | F69: Existing | G69: Distillate | H69: Distillate | I69: 23.3 | J69: 0.9916 | K69: 0 | L69: 2.3 | M69: 2.3 | N69: 12 | P69: 9 | Q69: 15.13 | R69: 34.96 | S69: 0.01 | T69: 0.0958 | U69: 0.0032 | V69: 150.2 | W69: 189.52 | X69: 0.337 | Y69: 0.0055
B70: TESLA_GERALDTON_G1 | C70: GTN DG | D70: Tesla Geraldton Pty | E70: NC | F70: Existing | G70: Distillate | H70: Distillate | I70: 10 | J70: 0.9742 | K70: 10 | L70: 2 | M70: 2 | P70: 1 | Q70: 15.13 | R70: 2.96 | S70: 0.01 | T70: 0.0958 | U70: 0.0032 | V70: 150.2 | W70: 189.52 | X70: 0.337 | Y70: 0.0055
B71: GRASMERE_WF1 | C71: GWF WEC1 | D71: Mumbida Wind Farm | E71: MU | F71: Existing | G71: Wind turbine | H71: Wind | I71: 13.8 | J71: 1.05 | K71: 4.3 | L71: 10 | Q71: 45.82
B72: HENDERSON_RENEWABLE_IG1 | C72: HENDERSON_RENEWABLE_IG1 | D72: Waste Gas Resources Pty Ltd | E72: ST | F72: Existing | G72: Landfill gas | H72: Landfill gas | I72: 3.2 | J72: 1.0039 | K72: 1.4 | L72: 0.3 | M72: 0.3 | Q72: 131.55 | R72: 8.67 | S72: 0.08 | T72: 0.0721 | U72: 0.0112 | V72: 44.08 | W72: 106.48 | X72: 0.0999 | Y72: 0.0055
B73: KALBARRI_WF1 | C73: KALBARRI_WF1 | D73: Synergy | E73: NC | F73: Existing | G73: Wind turbine | H73: Wind | I73: 1.6 | J73: 0.9742 | K73: 0.1 | L73: 3.6 | Q73: 45.82
B74: TESLA_KEMERTON_G1 | C74: KEM DG | D74: Tesla | E74: BPS | F74: Existing | G74: Distillate | H74: Distillate | I74: 10 | J74: 0.984 | K74: 10 | L74: 2 | M74: 2 | P74: 1 | Q74: 15.13 | R74: 2.96 | S74: 0.01 | T74: 0.0958 | U74: 0.0032 | V74: 150.2 | W74: 189.52 | X74: 0.337 | Y74: 0.0055
B75: KWINANA_GT2 | C75: KW_HEGT_G2 | D75: Synergy | E75: KW | F75: Existing | G75: Natural gas | H75: Natural gas | I75: 100 | J75: 0.9984 | K75: 98.5 | L75: 30 | M75: 33 | N75: 3 | O75: 3 | P75: 25 | Q75: 15.9 | R75: 7.3 | S75: 0.01 | T75: 0.0721 | U75: 0.0112 | V75: 44.08 | W75: 106.48 | X75: 0.0999 | Y75: 0.0055 | Z75: 80 | AA75: 80 | AB75: 52.5 | AC75: 52.5 | AD75: 222.6
B76: KWINANA_GT3 | C76: KW_HEGT_G3 | D76: Synergy | E76: KW | F76: Existing | G76: Natural gas | H76: Natural gas | I76: 100 | J76: 0.9984 | K76: 99.2 | L76: 30 | M76: 33 | N76: 3 | O76: 3 | P76: 25 | Q76: 15.9 | R76: 7.3 | S76: 0.01 | T76: 0.0721 | U76: 0.0112 | V76: 44.08 | W76: 106.48 | X76: 0.0999 | Y76: 0.0055 | Z76: 80 | AA76: 80 | AB76: 52.5 | AC76: 52.5 | AD76: 222.6
B77: PHOENIX_KWINANA_WTE_G1 | C77: KW_WTE | E77: KW | F77: Existing | G77: Landfill gas | H77: Landfill gas | I77: 43 | J77: 1.0004 | K77: 33.9 | P77: 25.2 | Q77: 131.55 | R77: 8.67 | S77: 0.08 | T77: 0.0721 | U77: 0.0112 | V77: 44.08 | W77: 106.48 | X77: 0.0999 | Y77: 0.0055
B78: MWF_MUMBIDA_WF1 | C78: MBA WTG1 | D78: Synergy | E78: NC | F78: Existing | G78: Wind turbine | H78: Wind | I78: 55 | J78: 0.9165 | K78: 7 | L78: 8 | Q78: 45.82
B79: MERSOLAR_PV1 | C79: MRS PCS Eqv-1 | D79: Rizen | E79: MU | F79: Existing | G79: Single axis PV | H79: Solar | I79: 50 | J79: 1.0298 | K79: 3.85 | L79: 15 | Q79: 26.11
B80: MERSOLAR_PV1 | C80: MRS PCS Eqv-2 | D80: Rizen | E80: MU | F80: Existing | G80: Single axis PV | H80: Solar | I80: 50 | J80: 1.0298 | K80: 3.85 | L80: 15 | Q80: 26.11
B81: COLLIE_ESR1 | C81: NEOEN_4H_200_PMB_330 | D81: NEOEN | E81: MU | F81: Existing | G81: ESR | H81: Battery | I81: 200 | J81: 0.9719 | K81: 200 | Q81: 17.13 | T81: 0.0184 | Z81: 200 | AA81: 200 | AB81: 200 | AC81: 200
B82: COLLIE_BESS2 | C82: NEOEN_4H_300_PMB_330 | D82: NEOEN | E82: MU | F82: Existing | G82: ESR | H82: Battery | I82: 300 | J82: 0.9719 | K82: 300 | Q82: 17.13 | T82: 0.0184 | Z82: 200 | AA82: 200 | AB82: 300 | AC82: 300
B83: COLLIE_ESR4 | C83: COM_SYNERGY1_4H_250_SC_330 | D83: Synergy | E83: MU | F83: Existing | G83: ESR | H83: Battery | K83: 250 | L83: Assumed sufficiently high | M83: Assumed sufficiently high | Q83: 22.4 | S83: 0.012 | T83: 0.00015 | V83: 48 | AB83: 240.6 | AC83: 240.6 | AE83: 92.5 | AF83: 92.5 | AG83: 98.8 | AH83: 0 | AI83: 85 | AJ83: 1.4
B84: COLLIE_ESR5 | C84: COM_SYNERGY2_4H_250_SC_330 | D84: Synergy | E84: MU | F84: Existing | G84: ESR | H84: Battery | K84: 250 | L84: Assumed sufficiently high | M84: Assumed sufficiently high | Q84: 22.4 | S84: 0.012 | T84: 0.00015 | V84: 48 | AB84: 240.6 | AC84: 240.6 | AE84: 92.5 | AF84: 92.5 | AG84: 98.8 | AH84: 0 | AI84: 85 | AJ84: 1.4
B85: NEWGEN_KWINANA_CCG1 | C85: NEWGEN_KWINANA_CCG1 | D85: NewGen Power Kwinana Pty Ltd | E85: KW | F85: Existing | G85: Natural gas | H85: Natural gas | I85: 320 | J85: 0.9984 | K85: 327.8 | L85: 6 | M85: 6 | N85: 8 | O85: 4 | P85: 162 | Q85: 11.02 | R85: 2.56 | S85: 0.03 | T85: 0.0504 | U85: 0.0166 | V85: 61.19 | W85: 40.35 | X85: 0.1521 | Y85: 0.0055 | Z85: 30 | AA85: 30 | AB85: 30 | AC85: 30.9 | AD85: 2686
B86: TESLA_NORTHAM_G1 | C86: NOR DG | D86: Tesla | E86: EC | F86: Existing | G86: Distillate | H86: Distillate | I86: 10 | J86: 1.0409 | K86: 10 | L86: 2 | M86: 2 | P86: 1 | Q86: 15.13 | R86: 2.96 | S86: 0.01 | T86: 0.0958 | U86: 0.0032 | V86: 150.2 | W86: 189.52 | X86: 0.337 | Y86: 0.0055
B87: NORTHAM_SF_PV1 | C87: NORTHAM_SF_PV1 | D87: Northam Solar Project Partnership | E87: EC | F87: Existing | G87: Single axis PV | H87: Solar | I87: 9.8 | J87: 1.0409 | K87: 0.8 | L87: 1 | Q87: 26.11
B88: TESLA_PICTON_G1 | C88: PIC DG | D88: Tesla | E88: BPS | F88: Existing | G88: Distillate | H88: Distillate | I88: 10 | J88: 1.0038 | K88: 10 | L88: 2 | M88: 2 | P88: 1 | Q88: 15.13 | R88: 2.96 | S88: 0.01 | T88: 0.0958 | U88: 0.0032 | V88: 150.2 | W88: 189.52 | X88: 0.337 | Y88: 0.0055
B89: RED_HILL | C89: RED_HILL | D89: Landfill Gas and Power Pty Ltd | E89: GLT | F89: Existing | G89: Landfill gas | H89: Landfill gas | I89: 3.64 | J89: 1.0081 | K89: 2.5 | L89: 0.3 | M89: 0.3 | Q89: 131.55 | R89: 8.67 | S89: 0.08 | T89: 0.0721 | U89: 0.0112 | V89: 44.08 | W89: 106.48 | X89: 0.0999 | Y89: 0.0055
B90: ROCKINGHAM | C90: ROCKINGHAM | D90: Perth Energy Pty Ltd | E90: KW | F90: Existing | G90: Landfill gas | H90: Landfill gas | I90: 4 | J90: 1.0078 | K90: 1.2 | L90: 0.3 | M90: 0.3 | Q90: 131.55 | R90: 8.67 | S90: 0.08 | T90: 0.0721 | U90: 0.0112 | V90: 44.08 | W90: 106.48 | X90: 0.0999 | Y90: 0.0055
B91: SKYFRM_MTBARKER_WF1 | C91: SKYFRM_MTBARKER_WF1 | D91: Alinta | E91: MU | F91: Existing | G91: Wind turbine | H91: Wind | I91: 2.43 | J91: 1.0545 | K91: 0.8 | L91: 0.9 | Q91: 45.82
B92: SOUTH_CARDUP | C92: SOUTH_CARDUP | D92: Perth Energy Pty Ltd | E92: ST | F92: Existing | G92: Landfill gas | H92: Landfill gas | I92: 4.158 | J92: 1.011 | K92: 1.75 | L92: 0.3 | M92: 0.3 | Q92: 131.55 | R92: 8.67 | S92: 0.08 | T92: 0.0721 | U92: 0.0112 | V92: 44.08 | W92: 106.48 | X92: 0.0999 | Y92: 0.0055
B93: TAMALA_PARK | C93: TAMALA_PARK | D93: Landfill Gas and Power Pty Ltd | E93: NT | F93: Existing | G93: Landfill gas | H93: Landfill gas | I93: 4.8 | J93: 1.0085 | K93: 3.8 | L93: 0.3 | M93: 0.3 | Q93: 131.55 | R93: 8.67 | S93: 0.08 | T93: 0.0721 | U93: 0.0112 | V93: 44.08 | W93: 106.48 | X93: 0.0999 | Y93: 0.0055
B94: PRDSO_WALPOLE_HG1 | C94: WALPOLE_20H_1.5_ALB_22 | F94: Existing | G94: ESR | H94: Battery | I94: 1.5 | J94: 1.05 | K94: 1.5 | Q94: 17.13
B95: WARRADARGE_WF1 | C95: WARRADARGE_WF1 | D95: Blair Fox | E95: NC | F95: Existing | G95: Wind turbine | H95: Wind | I95: 180 | J95: 0.9775 | K95: 28.96 | L95: 27 | Q95: 45.82
B96: ALINTA_WWF | C96: WWF WTG1 | D96: Alinta | E96: NC | F96: Existing | G96: Wind turbine | H96: Wind | I96: 44.55 | J96: 0.9021 | K96: 7.139 | L96: 89 | Q96: 45.82
B97: ALINTA_WWF | C97: WWF WTG2 | D97: Alinta | E97: NC | F97: Existing | G97: Wind turbine | H97: Wind | I97: 44.55 | J97: 0.9021 | K97: 7.139 | L97: 89 | Q97: 45.82
B98: YANDIN_WF1 | C98: YDW WTG1 | D98: Blair Fox | E98: NC | F98: Existing | G98: Wind turbine | H98: Wind | I98: 105.84 | J98: 0.9839 | K98: 17.27 | L98: 32 | Q98: 45.82
B99: YANDIN_WF1 | C99: YDW WTG2 | D99: Blair Fox | E99: NC | F99: Existing | G99: Wind turbine | H99: Wind | I99: 105.84 | J99: 0.9839 | K99: 17.27 | L99: 32 | Q99: 45.82
B100: BLAIRFOX_BEROSRD_WF1 | C100: ZBR - WTGEQV | D100: Synergy | E100: NC | F100: Existing | G100: Wind turbine | H100: Wind | I100: 9.252 | J100: 0.9986 | L100: 9.5 | Q100: 45.82
B101: GRIFFINP_DSP_01 | C101: GRIFFINP | D101: Bluewaters Power 1 Pty Ltd | F101: Existing | G101: DSP | H101: DSP | K101: 45.01
...

Sheet Gas Availability
B1: Back to summary
B2: Gas Limits via the DBGNP for Gas Powered Generation in the SWIS
B3: The following estimates gas available for GPG where industrial and other consumption is largely static and electrification of large loads equates to additional capacity available to the power system.
B4: Extracted from Alumina electrification model on 23/9/2026.
B5: Gas is made available by electrification of alumina (Alumina electrification model) and existing industry (DASLLE).
B7: Gas availability (TJ/day)
B8: The quantum of gas available to GPG per day
B9: Scenario | C9: Fuel type | D9: 2026 | E9: 2027 | F9: 2028 | G9: 2029 | H9: 2030 | I9: 2031 | J9: 2032 | K9: 2033 | L9: 2034 | M9: 2035 | N9: 2036 | O9: 2037 | P9: 2038 | Q9: 2039 | R9: 2040 | S9: 2041 | T9: 2042 | U9: 2043 | V9: 2044 | W9: 2045 | X9: 2046 | Y9: 2047 | Z9: 2048 | AA9: 2049 | AB9: 2050
B10: Constrained | C10: Natural gas | D10: 429 | E10: 429 | F10: 429 | G10: 429 | H10: 429 | I10: 429 | J10: 429 | K10: 429 | L10: 429 | M10: 429 | N10: 430 | O10: 431 | P10: 432 | Q10: 433 | R10: 434 | S10: 435 | T10: 548.1 | U10: 549.2 | V10: 550.3 | W10: 551.3 | X10: 552.6 | Y10: 553.8 | Z10: 555 | AA10: 556.2 | AB10: 557.5
B11: Expected | C11: Natural gas | D11: 429 | E11: 429 | F11: 429 | G11: 429 | H11: 429 | I11: 429 | J11: 429 | K11: 429 | L11: 429 | M11: 429 | N11: 430.7 | O11: 454.3 | P11: 456.1 | Q11: 479.7 | R11: 514.8 | S11: 516.3 | T11: 524.1 | U11: 538.7 | V11: 553.3 | W11: 567.8 | X11: 570.2 | Y11: 572.5 | Z11: 574.8 | AA11: 577.2 | AB11: 579.5
B12: Rapid change | C12: Natural gas | D12: 429 | E12: 429 | F12: 429 | G12: 429 | H12: 429 | I12: 429.8 | J12: 430.6 | K12: 431.6 | L12: 435 | M12: 491.6 | N12: 518.4 | O12: 553.7 | P12: 556.8 | Q12: 570.2 | R12: 582.1 | S12: 594.4 | T12: 603.1 | U12: 618.2 | V12: 639.7 | W12: 662.1 | X12: 677.9 | Y12: 679.9 | Z12: 681.9 | AA12: 683.7 | AB12: 685.5

Sheet Fuel prices
B1: Back to summary
B2: Fuel prices
B3: Fuel prices by technology and fuel transport costs by zone
B5: Fuel prices ($/GJ)
B6: Source: Gas, Coal, and Distillate Expected scenario prices come from earlier modelling for EPWA, with transport costs within the total. Hydrogen prices come from the NEM ISP 2026 I&A for the Slower Growth, Step Change, and Accelerated Transition scenarios, prorated to Capacity Years with distribution cost assumed to be 25% of the cost of the fuel.
B7: Scenario | C7: Fuel type | D7: 2026 | E7: 2027 | F7: 2028 | G7: 2029 | H7: 2030 | I7: 2031 | J7: 2032 | K7: 2033 | L7: 2034 | M7: 2035 | N7: 2036 | O7: 2037 | P7: 2038 | Q7: 2039 | R7: 2040 | S7: 2041 | T7: 2042 | U7: 2043 | V7: 2044 | W7: 2045 | X7: 2046 | Y7: 2047 | Z7: 2048 | AA7: 2049 | AB7: 2050
B8: Constrained | C8: Natural gas | D8: 8 | E8: 8 | F8: 8 | G8: 8 | H8: 9 | I8: 10 | J8: 10 | K8: 10 | L8: 10 | M8: 10 | N8: 10 | O8: 10 | P8: 10 | Q8: 10 | R8: 10 | S8: 10 | T8: 10 | U8: 10 | V8: 10 | W8: 10 | X8: 10 | Y8: 10 | Z8: 10 | AA8: 10 | AB8: 10
B9: Expected | C9: Natural gas | D9: 8 | E9: 8 | F9: 8 | G9: 8 | H9: 9 | I9: 9 | J9: 9 | K9: 9 | L9: 9 | M9: 9 | N9: 9 | O9: 9 | P9: 9 | Q9: 9 | R9: 9 | S9: 9 | T9: 9 | U9: 9 | V9: 9 | W9: 9 | X9: 9 | Y9: 9 | Z9: 9 | AA9: 9 | AB9: 9
B10: Rapid change | C10: Natural gas | D10: 8 | E10: 8 | F10: 8 | G10: 8 | H10: 9 | I10: 8 | J10: 8 | K10: 8 | L10: 8 | M10: 8 | N10: 8 | O10: 8 | P10: 8 | Q10: 8 | R10: 8 | S10: 8 | T10: 8 | U10: 8 | V10: 8 | W10: 8 | X10: 8 | Y10: 8 | Z10: 8 | AA10: 8 | AB10: 8
B11: Constrained | C11: Black coal | D11: 7 | E11: 7 | F11: 7 | G11: 7 | H11: 7 | I11: n/a | J11: n/a | K11: n/a | L11: n/a | M11: n/a | N11: n/a | O11: n/a | P11: n/a | Q11: n/a | R11: n/a | S11: n/a | T11: n/a | U11: n/a | V11: n/a | W11: n/a | X11: n/a | Y11: n/a | Z11: n/a | AA11: n/a | AB11: n/a
B12: Expected | C12: Black coal | D12: 7 | E12: 7 | F12: 7 | G12: 7 | H12: 7 | I12: n/a | J12: n/a | K12: n/a | L12: n/a | M12: n/a | N12: n/a | O12: n/a | P12: n/a | Q12: n/a | R12: n/a | S12: n/a | T12: n/a | U12: n/a | V12: n/a | W12: n/a | X12: n/a | Y12: n/a | Z12: n/a | AA12: n/a | AB12: n/a
B13: Rapid change | C13: Black coal | D13: 7 | E13: 7 | F13: 7 | G13: 7 | H13: 7 | I13: n/a | J13: n/a | K13: n/a | L13: n/a | M13: n/a | N13: n/a | O13: n/a | P13: n/a | Q13: n/a | R13: n/a | S13: n/a | T13: n/a | U13: n/a | V13: n/a | W13: n/a | X13: n/a | Y13: n/a | Z13: n/a | AA13: n/a | AB13: n/a
B14: Constrained | C14: Diesel | D14: 33 | E14: 33 | F14: 33 | G14: 33 | H14: 33 | I14: 33 | J14: 33 | K14: 33 | L14: 33 | M14: 33 | N14: 33 | O14: 33 | P14: 33 | Q14: 33 | R14: 33 | S14: 33 | T14: 33 | U14: 33 | V14: 33 | W14: 33 | X14: 33 | Y14: 33 | Z14: 33 | AA14: 33 | AB14: 33
B15: Expected | C15: Diesel | D15: 33 | E15: 33 | F15: 33 | G15: 33 | H15: 33 | I15: 33 | J15: 33 | K15: 33 | L15: 33 | M15: 33 | N15: 33 | O15: 33 | P15: 33 | Q15: 33 | R15: 33 | S15: 33 | T15: 33 | U15: 33 | V15: 33 | W15: 33 | X15: 33 | Y15: 33 | Z15: 33 | AA15: 33 | AB15: 33
B16: Rapid change | C16: Diesel | D16: 33 | E16: 33 | F16: 33 | G16: 33 | H16: 33 | I16: 33 | J16: 33 | K16: 33 | L16: 33 | M16: 33 | N16: 33 | O16: 33 | P16: 33 | Q16: 33 | R16: 33 | S16: 33 | T16: 33 | U16: 33 | V16: 33 | W16: 33 | X16: 33 | Y16: 33 | Z16: 33 | AA16: 33 | AB16: 33
B17: Constrained | C17: Hydrogen | D17: 50 | E17: 49 | F17: 47 | G17: 47 | H17: 46 | I17: 45 | J17: 44 | K17: 42 | L17: 41 | M17: 40 | N17: 40 | O17: 39 | P17: 39 | Q17: 39 | R17: 39 | S17: 39 | T17: 38 | U17: 38 | V17: 38 | W17: 38 | X17: 37 | Y17: 37 | Z17: 37 | AA17: 37 | AB17: 37
B18: Expected | C18: Hydrogen | D18: 50 | E18: 49 | F18: 47 | G18: 46 | H18: 44 | I18: 43 | J18: 42 | K18: 40 | L18: 39 | M18: 38 | N18: 37 | O18: 37 | P18: 36 | Q18: 36 | R18: 36 | S18: 36 | T18: 36 | U18: 36 | V18: 35 | W18: 35 | X18: 35 | Y18: 35 | Z18: 35 | AA18: 34 | AB18: 34
B19: Rapid change | C19: Hydrogen | D19: 50 | E19: 49 | F19: 47 | G19: 45 | H19: 43 | I19: 41 | J19: 39 | K19: 37 | L19: 36 | M19: 35 | N19: 34 | O19: 34 | P19: 33 | Q19: 33 | R19: 33 | S19: 33 | T19: 33 | U19: 32 | V19: 32 | W19: 32 | X19: 32 | Y19: 31 | Z19: 31 | AA19: 31 | AB19: 31
B21: Transport cost ($/GJ)
B23: Zone | C23: Scenario | D23: Fuel type | E23: 2026 | F23: 2027 | G23: 2028 | H23: 2029 | I23: 2030 | J23: 2031 | K23: 2032 | L23: 2033 | M23: 2034 | N23: 2035 | O23: 2036 | P23: 2037 | Q23: 2038 | R23: 2039 | S23: 2040 | T23: 2041 | U23: 2042 | V23: 2043 | W23: 2044 | X23: 2045 | Y23: 2046 | Z23: 2047 | AA23: 2048 | AB23: 2049 | AC23: 2050
B24: OJ | C24: All | D24: Diesel | E24: 4.09 | F24: 4.09 | G24: 4.09 | H24: 4.09 | I24: 4.09 | J24: 4.09 | K24: 4.09 | L24: 4.09 | M24: 4.09 | N24: 4.09 | O24: 4.09 | P24: 4.09 | Q24: 4.09 | R24: 4.09 | S24: 4.09 | T24: 4.09 | U24: 4.09 | V24: 4.09 | W24: 4.09 | X24: 4.09 | Y24: 4.09 | Z24: 4.09 | AA24: 4.09 | AB24: 4.09 | AC24: 4.09
B25: NC | C25: All | D25: Diesel | E25: 3.89 | F25: 3.89 | G25: 3.89 | H25: 3.89 | I25: 3.89 | J25: 3.89 | K25: 3.89 | L25: 3.89 | M25: 3.89 | N25: 3.89 | O25: 3.89 | P25: 3.89 | Q25: 3.89 | R25: 3.89 | S25: 3.89 | T25: 3.89 | U25: 3.89 | V25: 3.89 | W25: 3.89 | X25: 3.89 | Y25: 3.89 | Z25: 3.89 | AA25: 3.89 | AB25: 3.89 | AC25: 3.89
B26: TS | C26: All | D26: Diesel | E26: 2.97 | F26: 2.97 | G26: 2.97 | H26: 2.97 | I26: 2.97 | J26: 2.97 | K26: 2.97 | L26: 2.97 | M26: 2.97 | N26: 2.97 | O26: 2.97 | P26: 2.97 | Q26: 2.97 | R26: 2.97 | S26: 2.97 | T26: 2.97 | U26: 2.97 | V26: 2.97 | W26: 2.97 | X26: 2.97 | Y26: 2.97 | Z26: 2.97 | AA26: 2.97 | AB26: 2.97 | AC26: 2.97
B27: MW | C27: All | D27: Diesel | E27: 2.43 | F27: 2.43 | G27: 2.43 | H27: 2.43 | I27: 2.43 | J27: 2.43 | K27: 2.43 | L27: 2.43 | M27: 2.43 | N27: 2.43 | O27: 2.43 | P27: 2.43 | Q27: 2.43 | R27: 2.43 | S27: 2.43 | T27: 2.43 | U27: 2.43 | V27: 2.43 | W27: 2.43 | X27: 2.43 | Y27: 2.43 | Z27: 2.43 | AA27: 2.43 | AB27: 2.43 | AC27: 2.43
B28: CM | C28: All | D28: Diesel | E28: 1.78 | F28: 1.78 | G28: 1.78 | H28: 1.78 | I28: 1.78 | J28: 1.78 | K28: 1.78 | L28: 1.78 | M28: 1.78 | N28: 1.78 | O28: 1.78 | P28: 1.78 | Q28: 1.78 | R28: 1.78 | S28: 1.78 | T28: 1.78 | U28: 1.78 | V28: 1.78 | W28: 1.78 | X28: 1.78 | Y28: 1.78 | Z28: 1.78 | AA28: 1.78 | AB28: 1.78 | AC28: 1.78
B29: NB | C29: All | D29: Diesel | E29: 0.71 | F29: 0.71 | G29: 0.71 | H29: 0.71 | I29: 0.71 | J29: 0.71 | K29: 0.71 | L29: 0.71 | M29: 0.71 | N29: 0.71 | O29: 0.71 | P29: 0.71 | Q29: 0.71 | R29: 0.71 | S29: 0.71 | T29: 0.71 | U29: 0.71 | V29: 0.71 | W29: 0.71 | X29: 0.71 | Y29: 0.71 | Z29: 0.71 | AA29: 0.71 | AB29: 0.71 | AC29: 0.71
B30: NO | C30: All | D30: Diesel | E30: 1.09 | F30: 1.09 | G30: 1.09 | H30: 1.09 | I30: 1.09 | J30: 1.09 | K30: 1.09 | L30: 1.09 | M30: 1.09 | N30: 1.09 | O30: 1.09 | P30: 1.09 | Q30: 1.09 | R30: 1.09 | S30: 1.09 | T30: 1.09 | U30: 1.09 | V30: 1.09 | W30: 1.09 | X30: 1.09 | Y30: 1.09 | Z30: 1.09 | AA30: 1.09 | AB30: 1.09 | AC30: 1.09
B31: MD | C31: All | D31: Diesel | E31: 2.48 | F31: 2.48 | G31: 2.48 | H31: 2.48 | I31: 2.48 | J31: 2.48 | K31: 2.48 | L31: 2.48 | M31: 2.48 | N31: 2.48 | O31: 2.48 | P31: 2.48 | Q31: 2.48 | R31: 2.48 | S31: 2.48 | T31: 2.48 | U31: 2.48 | V31: 2.48 | W31: 2.48 | X31: 2.48 | Y31: 2.48 | Z31: 2.48 | AA31: 2.48 | AB31: 2.48 | AC31: 2.48
B32: EG | C32: All | D32: Diesel | E32: 5.28 | F32: 5.28 | G32: 5.28 | H32: 5.28 | I32: 5.28 | J32: 5.28 | K32: 5.28 | L32: 5.28 | M32: 5.28 | N32: 5.28 | O32: 5.28 | P32: 5.28 | Q32: 5.28 | R32: 5.28 | S32: 5.28 | T32: 5.28 | U32: 5.28 | V32: 5.28 | W32: 5.28 | X32: 5.28 | Y32: 5.28 | Z32: 5.28 | AA32: 5.28 | AB32: 5.28 | AC32: 5.28
B33: KD | C33: All | D33: Diesel | E33: 2.37 | F33: 2.37 | G33: 2.37 | H33: 2.37 | I33: 2.37 | J33: 2.37 | K33: 2.37 | L33: 2.37 | M33: 2.37 | N33: 2.37 | O33: 2.37 | P33: 2.37 | Q33: 2.37 | R33: 2.37 | S33: 2.37 | T33: 2.37 | U33: 2.37 | V33: 2.37 | W33: 2.37 | X33: 2.37 | Y33: 2.37 | Z33: 2.37 | AA33: 2.37 | AB33: 2.37 | AC33: 2.37
B34: NG | C34: All | D34: Diesel | E34: 1.56 | F34: 1.56 | G34: 1.56 | H34: 1.56 | I34: 1.56 | J34: 1.56 | K34: 1.56 | L34: 1.56 | M34: 1.56 | N34: 1.56 | O34: 1.56 | P34: 1.56 | Q34: 1.56 | R34: 1.56 | S34: 1.56 | T34: 1.56 | U34: 1.56 | V34: 1.56 | W34: 1.56 | X34: 1.56 | Y34: 1.56 | Z34: 1.56 | AA34: 1.56 | AB34: 1.56 | AC34: 1.56
... B46: GS | C46: All | D46: Diesel | E46: 3.44 | F46: 3.44 | G46: 3.44 | H46: 3.44 | I46: 3.44 | J46: 3.44 | K46: 3.44 | L46: 3.44 | M46: 3.44 | N46: 3.44 | O46: 3.44 | P46: 3.44 | Q46: 3.44 | R46: 3.44 | S46: 3.44 | T46: 3.44 | U46: 3.44 | V46: 3.44 | W46: 3.44 | X46: 3.44 | Y46: 3.44 | Z46: 3.44 | AA46: 3.44 | AB46: 3.44 | AC46: 3.44

Sheet New entrant capex
B1: Back to summary
B2: New entrant technology capital expenditure (capex)
B3: Capital expenditure for new build by technology and year. * included if needed for a sensitivity. Battery storage (6 hr) is interpolated from the 4 hr and 8 hr variants.
B5: Expected scenario - new entrant technology capex ($/kW)
B6: Source: CSIRO's GenCost 2025-2026 report, scenario: Global NZE post 2050
B7: Technology | C7: 2026 | D7: 2027 | E7: 2028 | F7: 2029 | G7: 2030 | H7: 2031 | I7: 2032 | J7: 2033 | K7: 2034 | L7: 2035 | M7: 2036 | N7: 2037 | O7: 2038 | P7: 2039 | Q7: 2040 | R7: 2041 | S7: 2042 | T7: 2043 | U7: 2044 | V7: 2045 | W7: 2046 | X7: 2047 | Y7: 2048 | Z7: 2049 | AA7: 2050
B8: Large scale solar PV | C8: 1566 | D8: 1515 | E8: 1471 | F8: 1430 | G8: 1392 | H8: 1358 | I8: 1325 | J8: 1293 | K8: 1261 | L8: 1230 | M8: 1200 | N8: 1171 | O8: 1143 | P8: 1115 | Q8: 1088 | R8: 1061 | S8: 1036 | T8: 1010 | U8: 986 | V8: 962 | W8: 938 | X8: 915 | Y8: 903 | Z8: 888 | AA8: 873
B9: Concentrated solar thermal (14 hr)* | C9: 6454 | D9: 6441 | E9: 6458 | F9: 6485 | G9: 6511 | H9: 6524 | I9: 6530 | J9: 6530 | K9: 6538 | L9: 6541 | M9: 6447 | N9: 6303 | O9: 6134 | P9: 6059 | Q9: 6007 | R9: 5963 | S9: 5905 | T9: 5834 | U9: 5748 | V9: 5657 | W9: 5604 | X9: 5574 | Y9: 5563 | Z9: 5554 | AA9: 5548
B10: Onshore wind | C10: 3248 | D10: 2981 | E10: 2863 | F10: 2751 | G10: 2647 | H10: 2549 | I10: 2460 | J10: 2381 | K10: 2318 | L10: 2303 | M10: 2270 | N10: 2266 | O10: 2261 | P10: 2258 | Q10: 2251 | R10: 2246 | S10: 2240 | T10: 2241 | U10: 2242 | V10: 2241 | W10: 2238 | X10: 2232 | Y10: 2227 | Z10: 2219 | AA10: 2213
B11: Offshore wind (fixed) | C11: 5396 | D11: 5366 | E11: 5344 | F11: 5326 | G11: 5292 | H11: 5246 | I11: 5202 | J11: 5164 | K11: 5116 | L11: 5053 | M11: 4996 | N11: 4957 | O11: 4937 | P11: 4927 | Q11: 4929 | R11: 4933 | S11: 4941 | T11: 4919 | U11: 4872 | V11: 4812 | W11: 4775 | X11: 4752 | Y11: 4734 | Z11: 4721 | AA11: 4721
B12: Flexible gas (OCGT) | C12: 3083 | D12: 3253 | E12: 3026 | F12: 2818 | G12: 2630 | H12: 2432 | I12: 2250 | J12: 2082 | K12: 1928 | L12: 1786 | M12: 1758 | N12: 1764 | O12: 1770 | P12: 1776 | Q12: 1781 | R12: 1786 | S12: 1790 | T12: 1794 | U12: 1798 | V12: 1802 | W12: 1807 | X12: 1811 | Y12: 1815 | Z12: 1819 | AA12: 1823
B13: Gas with CCS | C13: 7105 | D13: 7248 | E13: 6904 | F13: 6576 | G13: 6264 | H13: 5967 | I13: 5684 | J13: 5414 | K13: 5157 | L13: 4912 | M13: 4865 | N13: 4882 | O13: 4901 | P13: 4914 | Q13: 4925 | R13: 4934 | S13: 4947 | T13: 4959 | U13: 4972 | V13: 4985 | W13: 4998 | X13: 5010 | Y13: 5023 | Z13: 5036 | AA13: 5049
B14: Battery storage (4 hr) | C14: 1460 | D14: 1384 | E14: 1320 | F14: 1272 | G14: 1240 | H14: 1208 | I14: 1172 | J14: 1144 | K14: 1112 | L14: 1084 | M14: 1052 | N14: 1028 | O14: 1000 | P14: 972 | Q14: 964 | R14: 960 | S14: 952 | T14: 944 | U14: 940 | V14: 936 | W14: 932 | X14: 928 | Y14: 924 | Z14: 920 | AA14: 916
B15: Battery storage (6 hr) | C15: =AVERAGE(C14,C16) -> 1902 | D15: =AVERAGE(D14,D16) -> 1804 | E15: =AVERAGE(E14,E16) -> 1720 | F15: =AVERAGE(F14,F16) -> 1660 | G15: =AVERAGE(G14,G16) -> 1616 | H15: =AVERAGE(H14,H16) -> 1568 | I15: =AVERAGE(I14,I16) -> 1522 | J15: =AVERAGE(J14,J16) -> 1480 | ... AA15: =AVERAGE(AA14,AA16) -> 1178
B16: Battery storage (8 hr) | C16: 2344 | D16: 2224 | E16: 2120 | F16: 2048 | G16: 1992 | H16: 1928 | I16: 1872 | J16: 1816 | K16: 1760 | L16: 1712 | M16: 1664 | N16: 1616 | O16: 1568 | P16: 1520 | Q16: 1504 | R16: 1496 | S16: 1488 | T16: 1480 | U16: 1472 | V16: 1464 | W16: 1456 | X16: 1448 | Y16: 1448 | Z16: 1440 | AA16: 1440
B17: Battery storage (12 hr) | C17: 3276 | D17: 3120 | E17: 2976 | F17: 2880 | G17: 2796 | H17: 2700 | I17: 2616 | J17: 2532 | K17: 2460 | L17: 2376 | M17: 2304 | N17: 2232 | O17: 2160 | P17: 2100 | Q17: 2076 | R17: 2064 | S17: 2052 | T17: 2040 | U17: 2028 | V17: 2016 | W17: 2016 | X17: 2004 | Y17: 2004 | Z17: 1992 | AA17: 1992
B18: Long duration energy storage (100hr) | C18: N/A | D18: N/A | E18: N/A | F18: N/A | G18: N/A | H18: N/A | I18: N/A | J18: N/A | K18: N/A | L18: 3528 | M18: 3457.44 | N18: 3388.2912 | O18: 3320.5254 | P18: 3254.1149 | Q18: 3189.0326 | R18: 3125.2519 | S18: 3062.7469 | T18: 3001.4919 | U18: 2941.4621 | V18: 2882.6329 | W18: 2824.9802 | X18: 2768.4806 | Y18: 2713.111 | Z18: 2658.8488 | AA18: 2605.6718
B19: Long duration energy storage (12-24hr) | C19: N/A | D19: N/A | E19: N/A | F19: N/A | G19: N/A | H19: N/A | I19: N/A
B20: Small Modular Reactors (SMR)* | C20: N/A | D20: N/A | E20: N/A | F20: N/A | G20: N/A | H20: N/A | I20: N/A | J20: N/A | K20: N/A | L20: 16275 | M20: 14280 | N20: 14222 | O20: 14294 | P20: 14366 | Q20: 13994 | R20: 13553 | S20: 13103 | T20: 13047 | U20: 12741 | V20: 12375 | W20: 12052 | X20: 12045 | Y20: 12097 | Z20: 12149 | AA20: 12200
B21: Flow battery storage* | C21: N/A | D21: N/A | E21: N/A | F21: N/A | G21: N/A | H21: N/A | I21: N/A
B22: Wave energy and other technologies
B24: Constrained scenario - new entrant technology capex ($/kW)
B25: Source: CSIRO's GenCost 2025-2026 report, scenario: Current policies
B26: Technology | C26: 2026 | D26: 2027 | E26: 2028 | F26: 2029 | G26: 2030 | H26: 2031 | I26: 2032 | J26: 2033 | K26: 2034 | L26: 2035 | M26: 2036 | N26: 2037 | O26: 2038 | P26: 2039 | Q26: 2040 | R26: 2041 | S26: 2042 | T26: 2043 | U26: 2044 | V26: 2045 | W26: 2046 | X26: 2047 | Y26: 2048 | Z26: 2049 | AA26: 2050
B27: Large scale solar PV | C27: 1516 | D27: 1443 | E27: 1401 | F27: 1388 | G27: 1378 | H27: 1358 | I27: 1338 | J27: 1319 | K27: 1300 | L27: 1281 | M27: 1262 | N27: 1244 | O27: 1226 | P27: 1208 | Q27: 1191 | R27: 1174 | S27: 1157 | T27: 1140 | U27: 1123 | V27: 1107 | W27: 1091 | X27: 1075 | Y27: 1060 | Z27: 1044 | AA27: 1029
B28: Concentrated solar thermal* | C28: 6453 | D28: 6435 | E28: 6424 | F28: 6395 | G28: 6358 | H28: 6327 | I28: 6308 | J28: 6295 | K28: 6287 | L28: 6284 | M28: 6284 | N28: 6220 | O28: 6115 | P28: 5979 | Q28: 5873 | R28: 5791 | S28: 5726 | T28: 5684 | U28: 5622 | V28: 5546 | W28: 5465 | X28: 5414 | Y28: 5390 | Z28: 5380 | AA28: 5376
B29: Onshore wind | C29: 3248 | D29: 2984 | E29: 2866 | F29: 2755 | G29: 2650 | H29: 2553 | I29: 2464 | J29: 2386 | K29: 2323 | L29: 2309 | M29: 2275 | N29: 2268 | O29: 2262 | P29: 2257 | Q29: 2253 | R29: 2249 | S29: 2246 | T29: 2242 | U29: 2236 | V29: 2232 | W29: 2227 | X29: 2222 | Y29: 2216 | Z29: 2210 | AA29: 2207
B30: Offshore wind (fixed) | C30: 5380 | D30: 5342 | E30: 5320 | F30: 5306 | G30: 5300 | H30: 5300 | I30: 5307 | J30: 5311 | K30: 5314 | L30: 5316 | M30: 5317 | N30: 5316 | O30: 5316 | P30: 5315 | Q30: 5315 | R30: 5316 | S30: 5317 | T30: 5320 | U30: 5322 | V30: 5325 | W30: 5328 | X30: 5332 | Y30: 5335 | Z30: 5338 | AA30: 5342
B31: Flexible gas (OCGT) | C31: 3083 | D31: 3253 | E31: 3023 | F31: 2814 | G31: 2624 | H31: 2425 | I31: 2242 | J31: 2073 | K31: 1919 | L31: 1776 | M31: 1747 | N31: 1752 | O31: 1757 | P31: 1762 | Q31: 1767 | R31: 1770 | S31: 1773 | T31: 1776 | U31: 1780 | V31: 1783 | W31: 1786 | X31: 1789 | Y31: 1792 | Z31: 1795 | AA31: 1798
B32: Gas with CCS | C32: 7105 | D32: 7248 | E32: 6906 | F32: 6580 | G32: 6269 | H32: 5973 | I32: 5691 | J32: 5422 | K32: 5166 | L32: 4922 | M32: 4873 | N32: 4888 | O32: 4904 | P32: 4919 | Q32: 4933 | R32: 4944 | S32: 4954 | T32: 4963 | U32: 4973 | V32: 4982 | W32: 4992 | X32: 5002 | Y32: 5012 | Z32: 5022 | AA32: 5031
B33: Battery storage (4 hr) | C33: 1480 | D33: 1400 | E33: 1340 | F33: 1304 | G33: 1276 | H33: 1248 | I33: 1220 | J33: 1196 | K33: 1168 | L33: 1144 | M33: 1120 | N33: 1096 | O33: 1072 | P33: 1048 | Q33: 1044 | R33: 1036 | S33: 1032 | T33: 1028 | U33: 1024 | V33: 1020 | W33: 1016 | X33: 1016 | Y33: 1012 | Z33: 1012 | AA33: 1008
B34: Battery storage (6 hr) | C34: =AVERAGE(C33,C35) -> 1924 | D34: =AVERAGE(D33,D35) -> 1820 | E34: =AVERAGE(E33,E35) -> 1742 | F34: =AVERAGE(F33,F35) -> 1696 | G34: =AVERAGE(G33,G35) -> 1654 | H34: =AVERAGE(H33,H35) -> 1616 | I34: =AVERAGE(I33,I35) -> 1574 | J34: =AVERAGE(J33,J35) -> 1538 | ... AA34: =AVERAGE(AA33,AA35) -> 1276
B35: Battery storage (8 hr) | C35: 2368 | D35: 2240 | E35: 2144 | F35: 2088 | G35: 2032 | H35: 1984 | I35: 1928 | J35: 1880 | K35: 1832 | L35: 1784 | M35: 1744 | N35: 1696 | O35: 1656 | P35: 1616 | Q35: 1608 | R35: 1592 | S35: 1584 | T35: 1576 | U35: 1568 | V35: 1568 | W35: 1560 | X35: 1560 | Y35: 1552 | Z35: 1552 | AA35: 1544
B36: Battery storage (12 hr) | C36: 3312 | D36: 3132 | E36: 3000 | F36: 2916 | G36: 2844 | H36: 2760 | I36: 2688 | J36: 2616 | K36: 2544 | L36: 2472 | M36: 2400 | N36: 2340 | O36: 2280 | P36: 2220 | Q36: 2196 | R36: 2184 | S36: 2172 | T36: 2160 | U36: 2148 | V36: 2148 | W36: 2136 | X36: 2136 | Y36: 2124 | Z36: 2124 | AA36: 2124
B37: Long duration energy storage (100hr) | C37: N/A | D37: N/A | E37: N/A | F37: N/A | G37: N/A | H37: N/A | I37: N/A | J37: N/A | K37: N/A | L37: 3528 | M37: 3457.44 | N37: 3388.2912 | O37: 3320.5254 | P37: 3254.1149 | Q37: 3189.0326 | R37: 3125.2519 | S37: 3062.7469 | T37: 3001.4919 | U37: 2941.4621 | V37: 2882.6329 | W37: 2824.9802 | X37: 2768.4806 | Y37: 2713.111 | Z37: 2658.8488 | AA37: 2605.6718
B38: Long duration energy storage (12-24hr) | C38: N/A | D38: N/A | E38: N/A | F38: N/A | G38: N/A | H38: N/A | I38: N/A
B39: Flow battery storage* | C39: N/A | D39: N/A | E39: N/A | F39: N/A | G39: N/A | H39: N/A | I39: N/A
B40: Wave energy and other technologies
B42: Rapid change scenario - new entrant technology capex ($/kW)
B43: Source: CSIRO's GenCost 2025-2026 report, scenario: Global NZE by 2050
B44: Technology | C44: 2026 | D44: 2027 | E44: 2028 | F44: 2029 | G44: 2030 | H44: 2031 | I44: 2032 | J44: 2033 | K44: 2034 | L44: 2035 | M44: 2036 | N44: 2037 | O44: 2038 | P44: 2039 | Q44: 2040 | R44: 2041 | S44: 2042 | T44: 2043 | U44: 2044 | V44: 2045 | W44: 2046 | X44: 2047 | Y44: 2048 | Z44: 2049 | AA44: 2050
B45: Large scale solar PV | C45: 1419 | D45: 1237 | E45: 1083 | F45: 950 | G45: 847 | H45: 783 | I45: 757 | J45: 751 | K45: 750 | L45: 747 | M45: 725 | N45: 699 | O45: 676 | P45: 673 | Q45: 672 | R45: 669 | S45: 666 | T45: 663 | U45: 662 | V45: 661 | W45: 660 | X45: 656 | Y45: 647 | Z45: 631 | AA45: 616
B46: Concentrated solar thermal* | C46: 6345 | D46: 6228 | E46: 6148 | F46: 6084 | G46: 6037 | H46: 6002 | I46: 5981 | J46: 5943 | K46: 5892 | L46: 5824 | M46: 5770 | N46: 5728 | O46: 5700 | P46: 5678 | Q46: 5662 | R46: 5650 | S46: 5642 | T46: 5637 | U46: 5635 | V46: 5637 | W46: 5643 | X46: 5658 | Y46: 5676 | Z46: 5700 | AA46: 5723
